Workbook

Sheet Your debts
A1: Debt snowball spreadsheet
A2: Free from Zero Debt. Fill in the yellow cells and everything else updates by itself. Replace the example debts with your own.
A3: Prefer not to use a spreadsheet? Try the free online calculator at zero-debt.net
A5: # | B5: Debt name | C5: Balance (£) | D5: APR | E5: Minimum payment (£) | G5: Your results
A6: 1 | B6: Store card | C6: 400 | D6: 0.299 | E6: 25 | H6: Snowball | I6: Avalanche
A7: 2 | B7: Overdraft | C7: 900 | D7: 0.399 | E7: 40 | G7: Debt-free in | H7: =IF('Snowball workings'!$BH$2="","Over 50 years",'Snowball workings'!$BH$2&IF('Snowball workings'!$BH$2=1," month"," months")) | I7: =IF('Avalanche workings'!$BH$2="","Over 50 years",'Avalanche workings'!$BH$2&IF('Avalanche workings'!$BH$2=1," month"," months"))
A8: 3 | B8: Credit card 1 | C8: 2400 | D8: 0.249 | E8: 75 | G8: Debt-free date | H8: =IF('Snowball workings'!$BH$2="","",EDATE($D$21,'Snowball workings'!$BH$2-1)) | I8: =IF('Avalanche workings'!$BH$2="","",EDATE($D$21,'Avalanche workings'!$BH$2-1))
A9: 4 | B9: Credit card 2 | C9: 4300 | D9: 0.219 | E9: 120 | G9: Total interest | H9: ='Snowball workings'!$BH$3 | I9: ='Avalanche workings'!$BH$3
A10: 5 | G10: Total paid | H10: ='Snowball workings'!$BH$4+'Snowball workings'!$BH$3 | I10: ='Avalanche workings'!$BH$4+'Avalanche workings'!$BH$3
A11: 6 | G11: =IF(OR('Snowball workings'!$BH$5,'Avalanche workings'!$BH$5),"Your payments do not cover the interest, so the balance grows. Increase your minimums or the extra payment.",IF(OR('Snowball workings'!$BH$6,'Avalanche workings'!$BH$6),"At these payments it takes more than 50 years. Try a larger extra payment.",""))
A12: 7
A13: 8
A14: 9 | G14: ="Payoff order: "&IF($D$20="Avalanche","avalanche","snowball")
A15: 10 | G15: Order | H15: Debt | I15: Paid off | J15: Month
B16: Total | C16: =SUM(C6:C15) | E16: =SUM(E6:E15) | G16: =IF(ISERROR(IF($D$20="Avalanche",MATCH(1,'Avalanche workings'!$AP$5:$AY$5,0),MATCH(1,'Snowball workings'!$AP$5:$AY$5,0))),"",1) | H16: =IFERROR(IF(INDEX($B$6:$B$15,IF($D$20="Avalanche",MATCH(1,'Avalanche workings'!$AP$5:$AY$5,0),MATCH(1,'Snowball workings'!$AP$5:$AY$5,0)))="","Debt "&IF($D$20="Avalanche",MATCH(1,'Avalanche workings'!$AP$5:$AY$5,0),MATCH(1,'Snowball workings'!$AP$5:$AY$5,0)),INDEX($B$6:$B$15,IF($D$20="Avalanche",MATCH(1,'Avalanche workings'!$AP$5:$AY$5,0),MATCH(1,'Snowball workings'!$AP$5:$AY$5,0)))),"") | I16: =IFERROR(EDATE($D$21,IF($D$20="Avalanche",INDEX('Avalanche workings'!$AP$4:$AY$4,1,IF($D$20="Avalanche",MATCH(1,'Avalanche workings'!$AP$5:$AY$5,0),MATCH(1,'Snowball workings'!$AP$5:$AY$5,0))),INDEX('Snowball workings'!$AP$4:$AY$4,1,IF($D$20="Avalanche",MATCH(1,'Avalanche workings'!$AP$5:$AY$5,0),MATCH(1,'Snowball workings'!$AP$5:$AY$5,0))))-1),"") | J16: =IFERROR(IF($D$20="Avalanche",INDEX('Avalanche workings'!$AP$4:$AY$4,1,IF($D$20="Avalanche",MATCH(1,'Avalanche workings'!$AP$5:$AY$5,0),MATCH(1,'Snowball workings'!$AP$5:$AY$5,0))),INDEX('Snowball workings'!$AP$4:$AY$4,1,IF($D$20="Avalanche",MATCH(1,'Avalanche workings'!$AP$5:$AY$5,0),MATCH(1,'Snowball workings'!$AP$5:$AY$5,0)))),"")
G17: =IF(ISERROR(IF($D$20="Avalanche",MATCH(2,'Avalanche workings'!$AP$5:$AY$5,0),MATCH(2,'Snowball workings'!$AP$5:$AY$5,0))),"",2) | H17: =IFERROR(IF(INDEX($B$6:$B$15,IF($D$20="Avalanche",MATCH(2,'Avalanche workings'!$AP$5:$AY$5,0),MATCH(2,'Snowball workings'!$AP$5:$AY$5,0)))="","Debt "&IF($D$20="Avalanche",MATCH(2,'Avalanche workings'!$AP$5:$AY$5,0),MATCH(2,'Snowball workings'!$AP$5:$AY$5,0)),INDEX($B$6:$B$15,IF($D$20="Avalanche",MATCH(2,'Avalanche workings'!$AP$5:$AY$5,0),MATCH(2,'Snowball workings'!$AP$5:$AY$5,0)))),"") | I17: =IFERROR(EDATE($D$21,IF($D$20="Avalanche",INDEX('Avalanche workings'!$AP$4:$AY$4,1,IF($D$20="Avalanche",MATCH(2,'Avalanche workings'!$AP$5:$AY$5,0),MATCH(2,'Snowball workings'!$AP$5:$AY$5,0))),INDEX('Snowball workings'!$AP$4:$AY$4,1,IF($D$20="Avalanche",MATCH(2,'Avalanche workings'!$AP$5:$AY$5,0),MATCH(2,'Snowball workings'!$AP$5:$AY$5,0))))-1),"") | J17: =IFERROR(IF($D$20="Avalanche",INDEX('Avalanche workings'!$AP$4:$AY$4,1,IF($D$20="Avalanche",MATCH(2,'Avalanche workings'!$AP$5:$AY$5,0),MATCH(2,'Snowball workings'!$AP$5:$AY$5,0))),INDEX('Snowball workings'!$AP$4:$AY$4,1,IF($D$20="Avalanche",MATCH(2,'Avalanche workings'!$AP$5:$AY$5,0),MATCH(2,'Snowball workings'!$AP$5:$AY$5,0)))),"")
G18: =IF(ISERROR(IF($D$20="Avalanche",MATCH(3,'Avalanche workings'!$AP$5:$AY$5,0),MATCH(3,'Snowball workings'!$AP$5:$AY$5,0))),"",3) | H18: =IFERROR(IF(INDEX($B$6:$B$15,IF($D$20="Avalanche",MATCH(3,'Avalanche workings'!$AP$5:$AY$5,0),MATCH(3,'Snowball workings'!$AP$5:$AY$5,0)))="","Debt "&IF($D$20="Avalanche",MATCH(3,'Avalanche workings'!$AP$5:$AY$5,0),MATCH(3,'Snowball workings'!$AP$5:$AY$5,0)),INDEX($B$6:$B$15,IF($D$20="Avalanche",MATCH(3,'Avalanche workings'!$AP$5:$AY$5,0),MATCH(3,'Snowball workings'!$AP$5:$AY$5,0)))),"") | I18: =IFERROR(EDATE($D$21,IF($D$20="Avalanche",INDEX('Avalanche workings'!$AP$4:$AY$4,1,IF($D$20="Avalanche",MATCH(3,'Avalanche workings'!$AP$5:$AY$5,0),MATCH(3,'Snowball workings'!$AP$5:$AY$5,0))),INDEX('Snowball workings'!$AP$4:$AY$4,1,IF($D$20="Avalanche",MATCH(3,'Avalanche workings'!$AP$5:$AY$5,0),MATCH(3,'Snowball workings'!$AP$5:$AY$5,0))))-1),"") | J18: =IFERROR(IF($D$20="Avalanche",INDEX('Avalanche workings'!$AP$4:$AY$4,1,IF($D$20="Avalanche",MATCH(3,'Avalanche workings'!$AP$5:$AY$5,0),MATCH(3,'Snowball workings'!$AP$5:$AY$5,0))),INDEX('Snowball workings'!$AP$4:$AY$4,1,IF($D$20="Avalanche",MATCH(3,'Avalanche workings'!$AP$5:$AY$5,0),MATCH(3,'Snowball workings'!$AP$5:$AY$5,0)))),"")
A19: Extra you can pay each month (£) | D19: 150 | G19: =IF(ISERROR(IF($D$20="Avalanche",MATCH(4,'Avalanche workings'!$AP$5:$AY$5,0),MATCH(4,'Snowball workings'!$AP$5:$AY$5,0))),"",4) | H19: =IFERROR(IF(INDEX($B$6:$B$15,IF($D$20="Avalanche",MATCH(4,'Avalanche workings'!$AP$5:$AY$5,0),MATCH(4,'Snowball workings'!$AP$5:$AY$5,0)))="","Debt "&IF($D$20="Avalanche",MATCH(4,'Avalanche workings'!$AP$5:$AY$5,0),MATCH(4,'Snowball workings'!$AP$5:$AY$5,0)),INDEX($B$6:$B$15,IF($D$20="Avalanche",MATCH(4,'Avalanche workings'!$AP$5:$AY$5,0),MATCH(4,'Snowball workings'!$AP$5:$AY$5,0)))),"") | I19: =IFERROR(EDATE($D$21,IF($D$20="Avalanche",INDEX('Avalanche workings'!$AP$4:$AY$4,1,IF($D$20="Avalanche",MATCH(4,'Avalanche workings'!$AP$5:$AY$5,0),MATCH(4,'Snowball workings'!$AP$5:$AY$5,0))),INDEX('Snowball workings'!$AP$4:$AY$4,1,IF($D$20="Avalanche",MATCH(4,'Avalanche workings'!$AP$5:$AY$5,0),MATCH(4,'Snowball workings'!$AP$5:$AY$5,0))))-1),"") | J19: =IFERROR(IF($D$20="Avalanche",INDEX('Avalanche workings'!$AP$4:$AY$4,1,IF($D$20="Avalanche",MATCH(4,'Avalanche workings'!$AP$5:$AY$5,0),MATCH(4,'Snowball workings'!$AP$5:$AY$5,0))),INDEX('Snowball workings'!$AP$4:$AY$4,1,IF($D$20="Avalanche",MATCH(4,'Avalanche workings'!$AP$5:$AY$5,0),MATCH(4,'Snowball workings'!$AP$5:$AY$5,0)))),"")
A20: Method | D20: Snowball | G20: =IF(ISERROR(IF($D$20="Avalanche",MATCH(5,'Avalanche workings'!$AP$5:$AY$5,0),MATCH(5,'Snowball workings'!$AP$5:$AY$5,0))),"",5) | H20: =IFERROR(IF(INDEX($B$6:$B$15,IF($D$20="Avalanche",MATCH(5,'Avalanche workings'!$AP$5:$AY$5,0),MATCH(5,'Snowball workings'!$AP$5:$AY$5,0)))="","Debt "&IF($D$20="Avalanche",MATCH(5,'Avalanche workings'!$AP$5:$AY$5,0),MATCH(5,'Snowball workings'!$AP$5:$AY$5,0)),INDEX($B$6:$B$15,IF($D$20="Avalanche",MATCH(5,'Avalanche workings'!$AP$5:$AY$5,0),MATCH(5,'Snowball workings'!$AP$5:$AY$5,0)))),"") | I20: =IFERROR(EDATE($D$21,IF($D$20="Avalanche",INDEX('Avalanche workings'!$AP$4:$AY$4,1,IF($D$20="Avalanche",MATCH(5,'Avalanche workings'!$AP$5:$AY$5,0),MATCH(5,'Snowball workings'!$AP$5:$AY$5,0))),INDEX('Snowball workings'!$AP$4:$AY$4,1,IF($D$20="Avalanche",MATCH(5,'Avalanche workings'!$AP$5:$AY$5,0),MATCH(5,'Snowball workings'!$AP$5:$AY$5,0))))-1),"") | J20: =IFERROR(IF($D$20="Avalanche",INDEX('Avalanche workings'!$AP$4:$AY$4,1,IF($D$20="Avalanche",MATCH(5,'Avalanche workings'!$AP$5:$AY$5,0),MATCH(5,'Snowball workings'!$AP$5:$AY$5,0))),INDEX('Snowball workings'!$AP$4:$AY$4,1,IF($D$20="Avalanche",MATCH(5,'Avalanche workings'!$AP$5:$AY$5,0),MATCH(5,'Snowball workings'!$AP$5:$AY$5,0)))),"")
A21: First payment month | D21: =DATE(YEAR(TODAY()),MONTH(TODAY())+1,1) | G21: =IF(ISERROR(IF($D$20="Avalanche",MATCH(6,'Avalanche workings'!$AP$5:$AY$5,0),MATCH(6,'Snowball workings'!$AP$5:$AY$5,0))),"",6) | H21: =IFERROR(IF(INDEX($B$6:$B$15,IF($D$20="Avalanche",MATCH(6,'Avalanche workings'!$AP$5:$AY$5,0),MATCH(6,'Snowball workings'!$AP$5:$AY$5,0)))="","Debt "&IF($D$20="Avalanche",MATCH(6,'Avalanche workings'!$AP$5:$AY$5,0),MATCH(6,'Snowball workings'!$AP$5:$AY$5,0)),INDEX($B$6:$B$15,IF($D$20="Avalanche",MATCH(6,'Avalanche workings'!$AP$5:$AY$5,0),MATCH(6,'Snowball workings'!$AP$5:$AY$5,0)))),"") | I21: =IFERROR(EDATE($D$21,IF($D$20="Avalanche",INDEX('Avalanche workings'!$AP$4:$AY$4,1,IF($D$20="Avalanche",MATCH(6,'Avalanche workings'!$AP$5:$AY$5,0),MATCH(6,'Snowball workings'!$AP$5:$AY$5,0))),INDEX('Snowball workings'!$AP$4:$AY$4,1,IF($D$20="Avalanche",MATCH(6,'Avalanche workings'!$AP$5:$AY$5,0),MATCH(6,'Snowball workings'!$AP$5:$AY$5,0))))-1),"") | J21: =IFERROR(IF($D$20="Avalanche",INDEX('Avalanche workings'!$AP$4:$AY$4,1,IF($D$20="Avalanche",MATCH(6,'Avalanche workings'!$AP$5:$AY$5,0),MATCH(6,'Snowball workings'!$AP$5:$AY$5,0))),INDEX('Snowball workings'!$AP$4:$AY$4,1,IF($D$20="Avalanche",MATCH(6,'Avalanche workings'!$AP$5:$AY$5,0),MATCH(6,'Snowball workings'!$AP$5:$AY$5,0)))),"")
A22: Total paid to debts each month | D22: =SUMIF(C6:C15,">0",E6:E15)+N(D19) | G22: =IF(ISERROR(IF($D$20="Avalanche",MATCH(7,'Avalanche workings'!$AP$5:$AY$5,0),MATCH(7,'Snowball workings'!$AP$5:$AY$5,0))),"",7) | H22: =IFERROR(IF(INDEX($B$6:$B$15,IF($D$20="Avalanche",MATCH(7,'Avalanche workings'!$AP$5:$AY$5,0),MATCH(7,'Snowball workings'!$AP$5:$AY$5,0)))="","Debt "&IF($D$20="Avalanche",MATCH(7,'Avalanche workings'!$AP$5:$AY$5,0),MATCH(7,'Snowball workings'!$AP$5:$AY$5,0)),INDEX($B$6:$B$15,IF($D$20="Avalanche",MATCH(7,'Avalanche workings'!$AP$5:$AY$5,0),MATCH(7,'Snowball workings'!$AP$5:$AY$5,0)))),"") | I22: =IFERROR(EDATE($D$21,IF($D$20="Avalanche",INDEX('Avalanche workings'!$AP$4:$AY$4,1,IF($D$20="Avalanche",MATCH(7,'Avalanche workings'!$AP$5:$AY$5,0),MATCH(7,'Snowball workings'!$AP$5:$AY$5,0))),INDEX('Snowball workings'!$AP$4:$AY$4,1,IF($D$20="Avalanche",MATCH(7,'Avalanche workings'!$AP$5:$AY$5,0),MATCH(7,'Snowball workings'!$AP$5:$AY$5,0))))-1),"") | J22: =IFERROR(IF($D$20="Avalanche",INDEX('Avalanche workings'!$AP$4:$AY$4,1,IF($D$20="Avalanche",MATCH(7,'Avalanche workings'!$AP$5:$AY$5,0),MATCH(7,'Snowball workings'!$AP$5:$AY$5,0))),INDEX('Snowball workings'!$AP$4:$AY$4,1,IF($D$20="Avalanche",MATCH(7,'Avalanche workings'!$AP$5:$AY$5,0),MATCH(7,'Snowball workings'!$AP$5:$AY$5,0)))),"")
G23: =IF(ISERROR(IF($D$20="Avalanche",MATCH(8,'Avalanche workings'!$AP$5:$AY$5,0),MATCH(8,'Snowball workings'!$AP$5:$AY$5,0))),"",8) | H23: =IFERROR(IF(INDEX($B$6:$B$15,IF($D$20="Avalanche",MATCH(8,'Avalanche workings'!$AP$5:$AY$5,0),MATCH(8,'Snowball workings'!$AP$5:$AY$5,0)))="","Debt "&IF($D$20="Avalanche",MATCH(8,'Avalanche workings'!$AP$5:$AY$5,0),MATCH(8,'Snowball workings'!$AP$5:$AY$5,0)),INDEX($B$6:$B$15,IF($D$20="Avalanche",MATCH(8,'Avalanche workings'!$AP$5:$AY$5,0),MATCH(8,'Snowball workings'!$AP$5:$AY$5,0)))),"") | I23: =IFERROR(EDATE($D$21,IF($D$20="Avalanche",INDEX('Avalanche workings'!$AP$4:$AY$4,1,IF($D$20="Avalanche",MATCH(8,'Avalanche workings'!$AP$5:$AY$5,0),MATCH(8,'Snowball workings'!$AP$5:$AY$5,0))),INDEX('Snowball workings'!$AP$4:$AY$4,1,IF($D$20="Avalanche",MATCH(8,'Avalanche workings'!$AP$5:$AY$5,0),MATCH(8,'Snowball workings'!$AP$5:$AY$5,0))))-1),"") | J23: =IFERROR(IF($D$20="Avalanche",INDEX('Avalanche workings'!$AP$4:$AY$4,1,IF($D$20="Avalanche",MATCH(8,'Avalanche workings'!$AP$5:$AY$5,0),MATCH(8,'Snowball workings'!$AP$5:$AY$5,0))),INDEX('Snowball workings'!$AP$4:$AY$4,1,IF($D$20="Avalanche",MATCH(8,'Avalanche workings'!$AP$5:$AY$5,0),MATCH(8,'Snowball workings'!$AP$5:$AY$5,0)))),"")
A24: How to use it | G24: =IF(ISERROR(IF($D$20="Avalanche",MATCH(9,'Avalanche workings'!$AP$5:$AY$5,0),MATCH(9,'Snowball workings'!$AP$5:$AY$5,0))),"",9) | H24: =IFERROR(IF(INDEX($B$6:$B$15,IF($D$20="Avalanche",MATCH(9,'Avalanche workings'!$AP$5:$AY$5,0),MATCH(9,'Snowball workings'!$AP$5:$AY$5,0)))="","Debt "&IF($D$20="Avalanche",MATCH(9,'Avalanche workings'!$AP$5:$AY$5,0),MATCH(9,'Snowball workings'!$AP$5:$AY$5,0)),INDEX($B$6:$B$15,IF($D$20="Avalanche",MATCH(9,'Avalanche workings'!$AP$5:$AY$5,0),MATCH(9,'Snowball workings'!$AP$5:$AY$5,0)))),"") | I24: =IFERROR(EDATE($D$21,IF($D$20="Avalanche",INDEX('Avalanche workings'!$AP$4:$AY$4,1,IF($D$20="Avalanche",MATCH(9,'Avalanche workings'!$AP$5:$AY$5,0),MATCH(9,'Snowball workings'!$AP$5:$AY$5,0))),INDEX('Snowball workings'!$AP$4:$AY$4,1,IF($D$20="Avalanche",MATCH(9,'Avalanche workings'!$AP$5:$AY$5,0),MATCH(9,'Snowball workings'!$AP$5:$AY$5,0))))-1),"") | J24: =IFERROR(IF($D$20="Avalanche",INDEX('Avalanche workings'!$AP$4:$AY$4,1,IF($D$20="Avalanche",MATCH(9,'Avalanche workings'!$AP$5:$AY$5,0),MATCH(9,'Snowball workings'!$AP$5:$AY$5,0))),INDEX('Snowball workings'!$AP$4:$AY$4,1,IF($D$20="Avalanche",MATCH(9,'Avalanche workings'!$AP$5:$AY$5,0),MATCH(9,'Snowball workings'!$AP$5:$AY$5,0)))),"")
A25: • Enter each debt: credit cards, loans, overdrafts, buy now pay later. Use the balance, APR and minimum payment from your latest statement.
A26: • Add the extra you can afford each month on top of your minimums, even if it is small. The total paid to debts stays the same each month, so when a debt is cleared its payment rolls on to the next.
A27: • Choose Snowball (smallest balance first) or Avalanche (highest APR first). The results show both so you can compare.
A28: • See the Payment plan sheet for what to pay each debt every month. When a debt is cleared, its payment moves to the next one.
A29: • Estimates only. Your lender works out interest daily, so real figures can differ by a few pounds. Promotional 0% rates are not modelled; enter the rate you will pay after the offer ends.
A30: • Struggling? Free, confidential debt advice: StepChange (stepchange.org), National Debtline (nationaldebtline.org), Citizens Advice and MoneyHelper.

Sheet Payment plan
A1: ="Payment plan: "&IF('Your debts'!$D$20="Avalanche","avalanche (highest APR first)","snowball (smallest balance first)") | Z1: =IF(IF('Your debts'!$D$20="Avalanche",'Avalanche workings'!$BH$2,'Snowball workings'!$BH$2)="",600,IF('Your debts'!$D$20="Avalanche",'Avalanche workings'!$BH$2,'Snowball workings'!$BH$2))
A2: What to pay each debt every month. Change your debts or the method on the Your debts sheet.
A4: # | B4: Month | C4: Total payment | D4: Interest | E4: Total balance left | F4: =IF('Your debts'!$B$6="",IF(N('Your debts'!$C$6)>0,"Debt 1",""),'Your debts'!$B$6) | H4: =IF('Your debts'!$B$7="",IF(N('Your debts'!$C$7)>0,"Debt 2",""),'Your debts'!$B$7) | J4: =IF('Your debts'!$B$8="",IF(N('Your debts'!$C$8)>0,"Debt 3",""),'Your debts'!$B$8) | L4: =IF('Your debts'!$B$9="",IF(N('Your debts'!$C$9)>0,"Debt 4",""),'Your debts'!$B$9) | N4: =IF('Your debts'!$B$10="",IF(N('Your debts'!$C$10)>0,"Debt 5",""),'Your debts'!$B$10) | P4: =IF('Your debts'!$B$11="",IF(N('Your debts'!$C$11)>0,"Debt 6",""),'Your debts'!$B$11) | R4: =IF('Your debts'!$B$12="",IF(N('Your debts'!$C$12)>0,"Debt 7",""),'Your debts'!$B$12) | T4: =IF('Your debts'!$B$13="",IF(N('Your debts'!$C$13)>0,"Debt 8",""),'Your debts'!$B$13) | V4: =IF('Your debts'!$B$14="",IF(N('Your debts'!$C$14)>0,"Debt 9",""),'Your debts'!$B$14) | X4: =IF('Your debts'!$B$15="",IF(N('Your debts'!$C$15)>0,"Debt 10",""),'Your debts'!$B$15)
F5: Payment | G5: Balance | H5: Payment | I5: Balance | J5: Payment | K5: Balance | L5: Payment | M5: Balance | N5: Payment | O5: Balance | P5: Payment | Q5: Balance | R5: Payment | S5: Balance | T5: Payment | U5: Balance | V5: Payment | W5: Balance | X5: Payment | Y5: Balance
A6: =IF(1>$Z$1,"",1) | B6: =IF(1>$Z$1,"",EDATE('Your debts'!$D$21,0)) | C6: =IF(1>$Z$1,"",IF('Your debts'!$D$20="Avalanche",'Avalanche workings'!$BC$8,'Snowball workings'!$BC$8)) | D6: =IF(1>$Z$1,"",IF('Your debts'!$D$20="Avalanche",'Avalanche workings'!$BA$8,'Snowball workings'!$BA$8)) | E6: =IF(1>$Z$1,"",IF('Your debts'!$D$20="Avalanche",'Avalanche workings'!$BB$8,'Snowball workings'!$BB$8)) | F6: =IF(OR(1>$Z$1,NOT(OR('Your debts'!$B$6<>"",N('Your debts'!$C$6)>0))),"",IF('Your debts'!$D$20="Avalanche",'Avalanche workings'!$L$8,'Snowball workings'!$L$8)+IF('Your debts'!$D$20="Avalanche",'Avalanche workings'!$AF$8,'Snowball workings'!$AF$8)) | G6: =IF(OR(1>$Z$1,NOT(OR('Your debts'!$B$6<>"",N('Your debts'!$C$6)>0))),"",IF('Your debts'!$D$20="Avalanche",'Avalanche workings'!$AP$8,'Snowball workings'!$AP$8)) | H6: =IF(OR(1>$Z$1,NOT(OR('Your debts'!$B$7<>"",N('Your debts'!$C$7)>0))),"",IF('Your debts'!$D$20="Avalanche",'Avalanche workings'!$M$8,'Snowball workings'!$M$8)+IF('Your debts'!$D$20="Avalanche",'Avalanche workings'!$AG$8,'Snowball workings'!$AG$8)) | I6: =IF(OR(1>$Z$1,NOT(OR('Your debts'!$B$7<>"",N('Your debts'!$C$7)>0))),"",IF('Your debts'!$D$20="Avalanche",'Avalanche workings'!$AQ$8,'Snowball workings'!$AQ$8)) | J6: =IF(OR(1>$Z$1,NOT(OR('Your debts'!$B$8<>"",N('Your debts'!$C$8)>0))),"",IF('Your debts'!$D$20="Avalanche",'Avalanche workings'!$N$8,'Snowball workings'!$N$8)+IF('Your debts'!$D$20="Avalanche",'Avalanche workings'!$AH$8,'Snowball workings'!$AH$8)) | K6: =IF(OR(1>$Z$1,NOT(OR('Your debts'!$B$8<>"",N('Your debts'!$C$8)>0))),"",IF('Your debts'!$D$20="Avalanche",'Avalanche workings'!$AR$8,'Snowball workings'!$AR$8)) | L6: =IF(OR(1>$Z$1,NOT(OR('Your debts'!$B$9<>"",N('Your debts'!$C$9)>0))),"",IF('Your debts'!$D$20="Avalanche",'Avalanche workings'!$O$8,'Snowball workings'!$O$8)+IF('Your debts'!$D$20="Avalanche",'Avalanche workings'!$AI$8,'Snowball workings'!$AI$8)) | M6: =IF(OR(1>$Z$1,NOT(OR('Your debts'!$B$9<>"",N('Your debts'!$C$9)>0))),"",IF('Your debts'!$D$20="Avalanche",'Avalanche workings'!$AS$8,'Snowball workings'!$AS$8)) | N6: =IF(OR(1>$Z$1,NOT(OR('Your debts'!$B$10<>"",N('Your debts'!$C$10)>0))),"",IF('Your debts'!$D$20="Avalanche",'Avalanche workings'!$P$8,'Snowball workings'!$P$8)+IF('Your debts'!$D$20="Avalanche",'Avalanche workings'!$AJ$8,'Snowball workings'!$AJ$8)) | O6: =IF(OR(1>$Z$1,NOT(OR('Your debts'!$B$10<>"",N('Your debts'!$C$10)>0))),"",IF('Your debts'!$D$20="Avalanche",'Avalanche workings'!$AT$8,'Snowball workings'!$AT$8)) | P6: =IF(OR(1>$Z$1,NOT(OR('Your debts'!$B$11<>"",N('Your debts'!$C$11)>0))),"",IF('Your debts'!$D$20="Avalanche",'Avalanche workings'!$Q$8,'Snowball workings'!$Q$8)+IF('Your debts'!$D$20="Avalanche",'Avalanche workings'!$AK$8,'Snowball workings'!$AK$8)) | Q6: =IF(OR(1>$Z$1,NOT(OR('Your debts'!$B$11<>"",N('Your debts'!$C$11)>0))),"",IF('Your debts'!$D$20="Avalanche",'Avalanche workings'!$AU$8,'Snowball workings'!$AU$8)) | R6: =IF(OR(1>$Z$1,NOT(OR('Your debts'!$B$12<>"",N('Your debts'!$C$12)>0))),"",IF('Your debts'!$D$20="Avalanche",'Avalanche workings'!$R$8,'Snowball workings'!$R$8)+IF('Your debts'!$D$20="Avalanche",'Avalanche workings'!$AL$8,'Snowball workings'!$AL$8)) | S6: =IF(OR(1>$Z$1,NOT(OR('Your debts'!$B$12<>"",N('Your debts'!$C$12)>0))),"",IF('Your debts'!$D$20="Avalanche",'Avalanche workings'!$AV$8,'Snowball workings'!$AV$8)) | T6: =IF(OR(1>$Z$1,NOT(OR('Your debts'!$B$13<>"",N('Your debts'!$C$13)>0))),"",IF('Your debts'!$D$20="Avalanche",'Avalanche workings'!$S$8,'Snowball workings'!$S$8)+IF('Your debts'!$D$20="Avalanche",'Avalanche workings'!$AM$8,'Snowball workings'!$AM$8)) | U6: =IF(OR(1>$Z$1,NOT(OR('Your debts'!$B$13<>"",N('Your debts'!$C$13)>0))),"",IF('Your debts'!$D$20="Avalanche",'Avalanche workings'!$AW$8,'Snowball workings'!$AW$8)) | V6: =IF(OR(1>$Z$1,NOT(OR('Your debts'!$B$14<>"",N('Your debts'!$C$14)>0))),"",IF('Your debts'!$D$20="Avalanche",'Avalanche workings'!$T$8,'Snowball workings'!$T$8)+IF('Your debts'!$D$20="Avalanche",'Avalanche workings'!$AN$8,'Snowball workings'!$AN$8)) | W6: =IF(OR(1>$Z$1,NOT(OR('Your debts'!$B$14<>"",N('Your debts'!$C$14)>0))),"",IF('Your debts'!$D$20="Avalanche",'Avalanche workings'!$AX$8,'Snowball workings'!$AX$8)) | X6: =IF(OR(1>$Z$1,NOT(OR('Your debts'!$B$15<>"",N('Your debts'!$C$15)>0))),"",IF('Your debts'!$D$20="Avalanche",'Avalanche workings'!$U$8,'Snowball workings'!$U$8)+IF('Your debts'!$D$20="Avalanche",'Avalanche workings'!$AO$8,'Snowball workings'!$AO$8)) | Y6: =IF(OR(1>$Z$1,NOT(OR('Your debts'!$B$15<>"",N('Your debts'!$C$15)>0))),"",IF('Your debts'!$D$20="Avalanche",'Avalanche workings'!$AY$8,'Snowball workings'!$AY$8))
A7: =IF(2>$Z$1,"",2) | B7: =IF(2>$Z$1,"",EDATE('Your debts'!$D$21,1)) | C7: =IF(2>$Z$1,"",IF('Your debts'!$D$20="Avalanche",'Avalanche workings'!$BC$9,'Snowball workings'!$BC$9)) | D7: =IF(2>$Z$1,"",IF('Your debts'!$D$20="Avalanche",'Avalanche workings'!$BA$9,'Snowball workings'!$BA$9)) | E7: =IF(2>$Z$1,"",IF('Your debts'!$D$20="Avalanche",'Avalanche workings'!$BB$9,'Snowball workings'!$BB$9)) | F7: =IF(OR(2>$Z$1,NOT(OR('Your debts'!$B$6<>"",N('Your debts'!$C$6)>0))),"",IF('Your debts'!$D$20="Avalanche",'Avalanche workings'!$L$9,'Snowball workings'!$L$9)+IF('Your debts'!$D$20="Avalanche",'Avalanche workings'!$AF$9,'Snowball workings'!$AF$9)) | G7: =IF(OR(2>$Z$1,NOT(OR('Your debts'!$B$6<>"",N('Your debts'!$C$6)>0))),"",IF('Your debts'!$D$20="Avalanche",'Avalanche workings'!$AP$9,'Snowball workings'!$AP$9)) | H7: =IF(OR(2>$Z$1,NOT(OR('Your debts'!$B$7<>"",N('Your debts'!$C$7)>0))),"",IF('Your debts'!$D$20="Avalanche",'Avalanche workings'!$M$9,'Snowball workings'!$M$9)+IF('Your debts'!$D$20="Avalanche",'Avalanche workings'!$AG$9,'Snowball workings'!$AG$9)) | I7: =IF(OR(2>$Z$1,NOT(OR('Your debts'!$B$7<>"",N('Your debts'!$C$7)>0))),"",IF('Your debts'!$D$20="Avalanche",'Avalanche workings'!$AQ$9,'Snowball workings'!$AQ$9)) | J7: =IF(OR(2>$Z$1,NOT(OR('Your debts'!$B$8<>"",N('Your debts'!$C$8)>0))),"",IF('Your debts'!$D$20="Avalanche",'Avalanche workings'!$N$9,'Snowball workings'!$N$9)+IF('Your debts'!$D$20="Avalanche",'Avalanche workings'!$AH$9,'Snowball workings'!$AH$9)) | K7: =IF(OR(2>$Z$1,NOT(OR('Your debts'!$B$8<>"",N('Your debts'!$C$8)>0))),"",IF('Your debts'!$D$20="Avalanche",'Avalanche workings'!$AR$9,'Snowball workings'!$AR$9)) | L7: =IF(OR(2>$Z$1,NOT(OR('Your debts'!$B$9<>"",N('Your debts'!$C$9)>0))),"",IF('Your debts'!$D$20="Avalanche",'Avalanche workings'!$O$9,'Snowball workings'!$O$9)+IF('Your debts'!$D$20="Avalanche",'Avalanche workings'!$AI$9,'Snowball workings'!$AI$9)) | M7: =IF(OR(2>$Z$1,NOT(OR('Your debts'!$B$9<>"",N('Your debts'!$C$9)>0))),"",IF('Your debts'!$D$20="Avalanche",'Avalanche workings'!$AS$9,'Snowball workings'!$AS$9)) | N7: =IF(OR(2>$Z$1,NOT(OR('Your debts'!$B$10<>"",N('Your debts'!$C$10)>0))),"",IF('Your debts'!$D$20="Avalanche",'Avalanche workings'!$P$9,'Snowball workings'!$P$9)+IF('Your debts'!$D$20="Avalanche",'Avalanche workings'!$AJ$9,'Snowball workings'!$AJ$9)) | O7: =IF(OR(2>$Z$1,NOT(OR('Your debts'!$B$10<>"",N('Your debts'!$C$10)>0))),"",IF('Your debts'!$D$20="Avalanche",'Avalanche workings'!$AT$9,'Snowball workings'!$AT$9)) | P7: =IF(OR(2>$Z$1,NOT(OR('Your debts'!$B$11<>"",N('Your debts'!$C$11)>0))),"",IF('Your debts'!$D$20="Avalanche",'Avalanche workings'!$Q$9,'Snowball workings'!$Q$9)+IF('Your debts'!$D$20="Avalanche",'Avalanche workings'!$AK$9,'Snowball workings'!$AK$9)) | Q7: =IF(OR(2>$Z$1,NOT(OR('Your debts'!$B$11<>"",N('Your debts'!$C$11)>0))),"",IF('Your debts'!$D$20="Avalanche",'Avalanche workings'!$AU$9,'Snowball workings'!$AU$9)) | R7: =IF(OR(2>$Z$1,NOT(OR('Your debts'!$B$12<>"",N('Your debts'!$C$12)>0))),"",IF('Your debts'!$D$20="Avalanche",'Avalanche workings'!$R$9,'Snowball workings'!$R$9)+IF('Your debts'!$D$20="Avalanche",'Avalanche workings'!$AL$9,'Snowball workings'!$AL$9)) | S7: =IF(OR(2>$Z$1,NOT(OR('Your debts'!$B$12<>"",N('Your debts'!$C$12)>0))),"",IF('Your debts'!$D$20="Avalanche",'Avalanche workings'!$AV$9,'Snowball workings'!$AV$9)) | T7: =IF(OR(2>$Z$1,NOT(OR('Your debts'!$B$13<>"",N('Your debts'!$C$13)>0))),"",IF('Your debts'!$D$20="Avalanche",'Avalanche workings'!$S$9,'Snowball workings'!$S$9)+IF('Your debts'!$D$20="Avalanche",'Avalanche workings'!$AM$9,'Snowball workings'!$AM$9)) | U7: =IF(OR(2>$Z$1,NOT(OR('Your debts'!$B$13<>"",N('Your debts'!$C$13)>0))),"",IF('Your debts'!$D$20="Avalanche",'Avalanche workings'!$AW$9,'Snowball workings'!$AW$9)) | V7: =IF(OR(2>$Z$1,NOT(OR('Your debts'!$B$14<>"",N('Your debts'!$C$14)>0))),"",IF('Your debts'!$D$20="Avalanche",'Avalanche workings'!$T$9,'Snowball workings'!$T$9)+IF('Your debts'!$D$20="Avalanche",'Avalanche workings'!$AN$9,'Snowball workings'!$AN$9)) | W7: =IF(OR(2>$Z$1,NOT(OR('Your debts'!$B$14<>"",N('Your debts'!$C$14)>0))),"",IF('Your debts'!$D$20="Avalanche",'Avalanche workings'!$AX$9,'Snowball workings'!$AX$9)) | X7: =IF(OR(2>$Z$1,NOT(OR('Your debts'!$B$15<>"",N('Your debts'!$C$15)>0))),"",IF('Your debts'!$D$20="Avalanche",'Avalanche workings'!$U$9,'Snowball workings'!$U$9)+IF('Your debts'!$D$20="Avalanche",'Avalanche workings'!$AO$9,'Snowball workings'!$AO$9)) | Y7: =IF(OR(2>$Z$1,NOT(OR('Your debts'!$B$15<>"",N('Your debts'!$C$15)>0))),"",IF('Your debts'!$D$20="Avalanche",'Avalanche workings'!$AY$9,'Snowball workings'!$AY$9))
A8: =IF(3>$Z$1,"",3) | B8: =IF(3>$Z$1,"",EDATE('Your debts'!$D$21,2)) | C8: =IF(3>$Z$1,"",IF('Your debts'!$D$20="Avalanche",'Avalanche workings'!$BC$10,'Snowball workings'!$BC$10)) | D8: =IF(3>$Z$1,"",IF('Your debts'!$D$20="Avalanche",'Avalanche workings'!$BA$10,'Snowball workings'!$BA$10)) | E8: =IF(3>$Z$1,"",IF('Your debts'!$D$20="Avalanche",'Avalanche workings'!$BB$10,'Snowball workings'!$BB$10)) | F8: =IF(OR(3>$Z$1,NOT(OR('Your debts'!$B$6<>"",N('Your debts'!$C$6)>0))),"",IF('Your debts'!$D$20="Avalanche",'Avalanche workings'!$L$10,'Snowball workings'!$L$10)+IF('Your debts'!$D$20="Avalanche",'Avalanche workings'!$AF$10,'Snowball workings'!$AF$10)) | G8: =IF(OR(3>$Z$1,NOT(OR('Your debts'!$B$6<>"",N('Your debts'!$C$6)>0))),"",IF('Your debts'!$D$20="Avalanche",'Avalanche workings'!$AP$10,'Snowball workings'!$AP$10)) | H8: =IF(OR(3>$Z$1,NOT(OR('Your debts'!$B$7<>"",N('Your debts'!$C$7)>0))),"",IF('Your debts'!$D$20="Avalanche",'Avalanche workings'!$M$10,'Snowball workings'!$M$10)+IF('Your debts'!$D$20="Avalanche",'Avalanche workings'!$AG$10,'Snowball workings'!$AG$10)) | I8: =IF(OR(3>$Z$1,NOT(OR('Your debts'!$B$7<>"",N('Your debts'!$C$7)>0))),"",IF('Your debts'!$D$20="Avalanche",'Avalanche workings'!$AQ$10,'Snowball workings'!$AQ$10)) | J8: =IF(OR(3>$Z$1,NOT(OR('Your debts'!$B$8<>"",N('Your debts'!$C$8)>0))),"",IF('Your debts'!$D$20="Avalanche",'Avalanche workings'!$N$10,'Snowball workings'!$N$10)+IF('Your debts'!$D$20="Avalanche",'Avalanche workings'!$AH$10,'Snowball workings'!$AH$10)) | K8: =IF(OR(3>$Z$1,NOT(OR('Your debts'!$B$8<>"",N('Your debts'!$C$8)>0))),"",IF('Your debts'!$D$20="Avalanche",'Avalanche workings'!$AR$10,'Snowball workings'!$AR$10)) | L8: =IF(OR(3>$Z$1,NOT(OR('Your debts'!$B$9<>"",N('Your debts'!$C$9)>0))),"",IF('Your debts'!$D$20="Avalanche",'Avalanche workings'!$O$10,'Snowball workings'!$O$10)+IF('Your debts'!$D$20="Avalanche",'Avalanche workings'!$AI$10,'Snowball workings'!$AI$10)) | M8: =IF(OR(3>$Z$1,NOT(OR('Your debts'!$B$9<>"",N('Your debts'!$C$9)>0))),"",IF('Your debts'!$D$20="Avalanche",'Avalanche workings'!$AS$10,'Snowball workings'!$AS$10)) | N8: =IF(OR(3>$Z$1,NOT(OR('Your debts'!$B$10<>"",N('Your debts'!$C$10)>0))),"",IF('Your debts'!$D$20="Avalanche",'Avalanche workings'!$P$10,'Snowball workings'!$P$10)+IF('Your debts'!$D$20="Avalanche",'Avalanche workings'!$AJ$10,'Snowball workings'!$AJ$10)) | O8: =IF(OR(3>$Z$1,NOT(OR('Your debts'!$B$10<>"",N('Your debts'!$C$10)>0))),"",IF('Your debts'!$D$20="Avalanche",'Avalanche workings'!$AT$10,'Snowball workings'!$AT$10)) | P8: =IF(OR(3>$Z$1,NOT(OR('Your debts'!$B$11<>"",N('Your debts'!$C$11)>0))),"",IF('Your debts'!$D$20="Avalanche",'Avalanche workings'!$Q$10,'Snowball workings'!$Q$10)+IF('Your debts'!$D$20="Avalanche",'Avalanche workings'!$AK$10,'Snowball workings'!$AK$10)) | Q8: =IF(OR(3>$Z$1,NOT(OR('Your debts'!$B$11<>"",N('Your debts'!$C$11)>0))),"",IF('Your debts'!$D$20="Avalanche",'Avalanche workings'!$AU$10,'Snowball workings'!$AU$10)) | R8: =IF(OR(3>$Z$1,NOT(OR('Your debts'!$B$12<>"",N('Your debts'!$C$12)>0))),"",IF('Your debts'!$D$20="Avalanche",'Avalanche workings'!$R$10,'Snowball workings'!$R$10)+IF('Your debts'!$D$20="Avalanche",'Avalanche workings'!$AL$10,'Snowball workings'!$AL$10)) | S8: =IF(OR(3>$Z$1,NOT(OR('Your debts'!$B$12<>"",N('Your debts'!$C$12)>0))),"",IF('Your debts'!$D$20="Avalanche",'Avalanche workings'!$AV$10,'Snowball workings'!$AV$10)) | T8: =IF(OR(3>$Z$1,NOT(OR('Your debts'!$B$13<>"",N('Your debts'!$C$13)>0))),"",IF('Your debts'!$D$20="Avalanche",'Avalanche workings'!$S$10,'Snowball workings'!$S$10)+IF('Your debts'!$D$20="Avalanche",'Avalanche workings'!$AM$10,'Snowball workings'!$AM$10)) | U8: =IF(OR(3>$Z$1,NOT(OR('Your debts'!$B$13<>"",N('Your debts'!$C$13)>0))),"",IF('Your debts'!$D$20="Avalanche",'Avalanche workings'!$AW$10,'Snowball workings'!$AW$10)) | V8: =IF(OR(3>$Z$1,NOT(OR('Your debts'!$B$14<>"",N('Your debts'!$C$14)>0))),"",IF('Your debts'!$D$20="Avalanche",'Avalanche workings'!$T$10,'Snowball workings'!$T$10)+IF('Your debts'!$D$20="Avalanche",'Avalanche workings'!$AN$10,'Snowball workings'!$AN$10)) | W8: =IF(OR(3>$Z$1,NOT(OR('Your debts'!$B$14<>"",N('Your debts'!$C$14)>0))),"",IF('Your debts'!$D$20="Avalanche",'Avalanche workings'!$AX$10,'Snowball workings'!$AX$10)) | X8: =IF(OR(3>$Z$1,NOT(OR('Your debts'!$B$15<>"",N('Your debts'!$C$15)>0))),"",IF('Your debts'!$D$20="Avalanche",'Avalanche workings'!$U$10,'Snowball workings'!$U$10)+IF('Your debts'!$D$20="Avalanche",'Avalanche workings'!$AO$10,'Snowball workings'!$AO$10)) | Y8: =IF(OR(3>$Z$1,NOT(OR('Your debts'!$B$15<>"",N('Your debts'!$C$15)>0))),"",IF('Your debts'!$D$20="Avalanche",'Avalanche workings'!$AY$10,'Snowball workings'!$AY$10))
A9: =IF(4>$Z$1,"",4) | B9: =IF(4>$Z$1,"",EDATE('Your debts'!$D$21,3)) | C9: =IF(4>$Z$1,"",IF('Your debts'!$D$20="Avalanche",'Avalanche workings'!$BC$11,'Snowball workings'!$BC$11)) | D9: =IF(4>$Z$1,"",IF('Your debts'!$D$20="Avalanche",'Avalanche workings'!$BA$11,'Snowball workings'!$BA$11)) | E9: =IF(4>$Z$1,"",IF('Your debts'!$D$20="Avalanche",'Avalanche workings'!$BB$11,'Snowball workings'!$BB$11)) | F9: =IF(OR(4>$Z$1,NOT(OR('Your debts'!$B$6<>"",N('Your debts'!$C$6)>0))),"",IF('Your debts'!$D$20="Avalanche",'Avalanche workings'!$L$11,'Snowball workings'!$L$11)+IF('Your debts'!$D$20="Avalanche",'Avalanche workings'!$AF$11,'Snowball workings'!$AF$11)) | G9: =IF(OR(4>$Z$1,NOT(OR('Your debts'!$B$6<>"",N('Your debts'!$C$6)>0))),"",IF('Your debts'!$D$20="Avalanche",'Avalanche workings'!$AP$11,'Snowball workings'!$AP$11)) | H9: =IF(OR(4>$Z$1,NOT(OR('Your debts'!$B$7<>"",N('Your debts'!$C$7)>0))),"",IF('Your debts'!$D$20="Avalanche",'Avalanche workings'!$M$11,'Snowball workings'!$M$11)+IF('Your debts'!$D$20="Avalanche",'Avalanche workings'!$AG$11,'Snowball workings'!$AG$11)) | I9: =IF(OR(4>$Z$1,NOT(OR('Your debts'!$B$7<>"",N('Your debts'!$C$7)>0))),"",IF('Your debts'!$D$20="Avalanche",'Avalanche workings'!$AQ$11,'Snowball workings'!$AQ$11)) | J9: =IF(OR(4>$Z$1,NOT(OR('Your debts'!$B$8<>"",N('Your debts'!$C$8)>0))),"",IF('Your debts'!$D$20="Avalanche",'Avalanche workings'!$N$11,'Snowball workings'!$N$11)+IF('Your debts'!$D$20="Avalanche",'Avalanche workings'!$AH$11,'Snowball workings'!$AH$11)) | K9: =IF(OR(4>$Z$1,NOT(OR('Your debts'!$B$8<>"",N('Your debts'!$C$8)>0))),"",IF('Your debts'!$D$20="Avalanche",'Avalanche workings'!$AR$11,'Snowball workings'!$AR$11)) | L9: =IF(OR(4>$Z$1,NOT(OR('Your debts'!$B$9<>"",N('Your debts'!$C$9)>0))),"",IF('Your debts'!$D$20="Avalanche",'Avalanche workings'!$O$11,'Snowball workings'!$O$11)+IF('Your debts'!$D$20="Avalanche",'Avalanche workings'!$AI$11,'Snowball workings'!$AI$11)) | M9: =IF(OR(4>$Z$1,NOT(OR('Your debts'!$B$9<>"",N('Your debts'!$C$9)>0))),"",IF('Your debts'!$D$20="Avalanche",'Avalanche workings'!$AS$11,'Snowball workings'!$AS$11)) | N9: =IF(OR(4>$Z$1,NOT(OR('Your debts'!$B$10<>"",N('Your debts'!$C$10)>0))),"",IF('Your debts'!$D$20="Avalanche",'Avalanche workings'!$P$11,'Snowball workings'!$P$11)+IF('Your debts'!$D$20="Avalanche",'Avalanche workings'!$AJ$11,'Snowball workings'!$AJ$11)) | O9: =IF(OR(4>$Z$1,NOT(OR('Your debts'!$B$10<>"",N('Your debts'!$C$10)>0))),"",IF('Your debts'!$D$20="Avalanche",'Avalanche workings'!$AT$11,'Snowball workings'!$AT$11)) | P9: =IF(OR(4>$Z$1,NOT(OR('Your debts'!$B$11<>"",N('Your debts'!$C$11)>0))),"",IF('Your debts'!$D$20="Avalanche",'Avalanche workings'!$Q$11,'Snowball workings'!$Q$11)+IF('Your debts'!$D$20="Avalanche",'Avalanche workings'!$AK$11,'Snowball workings'!$AK$11)) | Q9: =IF(OR(4>$Z$1,NOT(OR('Your debts'!$B$11<>"",N('Your debts'!$C$11)>0))),"",IF('Your debts'!$D$20="Avalanche",'Avalanche workings'!$AU$11,'Snowball workings'!$AU$11)) | R9: =IF(OR(4>$Z$1,NOT(OR('Your debts'!$B$12<>"",N('Your debts'!$C$12)>0))),"",IF('Your debts'!$D$20="Avalanche",'Avalanche workings'!$R$11,'Snowball workings'!$R$11)+IF('Your debts'!$D$20="Avalanche",'Avalanche workings'!$AL$11,'Snowball workings'!$AL$11)) | S9: =IF(OR(4>$Z$1,NOT(OR('Your debts'!$B$12<>"",N('Your debts'!$C$12)>0))),"",IF('Your debts'!$D$20="Avalanche",'Avalanche workings'!$AV$11,'Snowball workings'!$AV$11)) | T9: =IF(OR(4>$Z$1,NOT(OR('Your debts'!$B$13<>"",N('Your debts'!$C$13)>0))),"",IF('Your debts'!$D$20="Avalanche",'Avalanche workings'!$S$11,'Snowball workings'!$S$11)+IF('Your debts'!$D$20="Avalanche",'Avalanche workings'!$AM$11,'Snowball workings'!$AM$11)) | U9: =IF(OR(4>$Z$1,NOT(OR('Your debts'!$B$13<>"",N('Your debts'!$C$13)>0))),"",IF('Your debts'!$D$20="Avalanche",'Avalanche workings'!$AW$11,'Snowball workings'!$AW$11)) | V9: =IF(OR(4>$Z$1,NOT(OR('Your debts'!$B$14<>"",N('Your debts'!$C$14)>0))),"",IF('Your debts'!$D$20="Avalanche",'Avalanche workings'!$T$11,'Snowball workings'!$T$11)+IF('Your debts'!$D$20="Avalanche",'Avalanche workings'!$AN$11,'Snowball workings'!$AN$11)) | W9: =IF(OR(4>$Z$1,NOT(OR('Your debts'!$B$14<>"",N('Your debts'!$C$14)>0))),"",IF('Your debts'!$D$20="Avalanche",'Avalanche workings'!$AX$11,'Snowball workings'!$AX$11)) | X9: =IF(OR(4>$Z$1,NOT(OR('Your debts'!$B$15<>"",N('Your debts'!$C$15)>0))),"",IF('Your debts'!$D$20="Avalanche",'Avalanche workings'!$U$11,'Snowball workings'!$U$11)+IF('Your debts'!$D$20="Avalanche",'Avalanche workings'!$AO$11,'Snowball workings'!$AO$11)) | Y9: =IF(OR(4>$Z$1,NOT(OR('Your debts'!$B$15<>"",N('Your debts'!$C$15)>0))),"",IF('Your debts'!$D$20="Avalanche",'Avalanche workings'!$AY$11,'Snowball workings'!$AY$11))
A10: =IF(5>$Z$1,"",5) | B10: =IF(5>$Z$1,"",EDATE('Your debts'!$D$21,4)) | C10: =IF(5>$Z$1,"",IF('Your debts'!$D$20="Avalanche",'Avalanche workings'!$BC$12,'Snowball workings'!$BC$12)) | D10: =IF(5>$Z$1,"",IF('Your debts'!$D$20="Avalanche",'Avalanche workings'!$BA$12,'Snowball workings'!$BA$12)) | E10: =IF(5>$Z$1,"",IF('Your debts'!$D$20="Avalanche",'Avalanche workings'!$BB$12,'Snowball workings'!$BB$12)) | F10: =IF(OR(5>$Z$1,NOT(OR('Your debts'!$B$6<>"",N('Your debts'!$C$6)>0))),"",IF('Your debts'!$D$20="Avalanche",'Avalanche workings'!$L$12,'Snowball workings'!$L$12)+IF('Your debts'!$D$20="Avalanche",'Avalanche workings'!$AF$12,'Snowball workings'!$AF$12)) | G10: =IF(OR(5>$Z$1,NOT(OR('Your debts'!$B$6<>"",N('Your debts'!$C$6)>0))),"",IF('Your debts'!$D$20="Avalanche",'Avalanche workings'!$AP$12,'Snowball workings'!$AP$12)) | H10: =IF(OR(5>$Z$1,NOT(OR('Your debts'!$B$7<>"",N('Your debts'!$C$7)>0))),"",IF('Your debts'!$D$20="Avalanche",'Avalanche workings'!$M$12,'Snowball workings'!$M$12)+IF('Your debts'!$D$20="Avalanche",'Avalanche workings'!$AG$12,'Snowball workings'!$AG$12)) | I10: =IF(OR(5>$Z$1,NOT(OR('Your debts'!$B$7<>"",N('Your debts'!$C$7)>0))),"",IF('Your debts'!$D$20="Avalanche",'Avalanche workings'!$AQ$12,'Snowball workings'!$AQ$12)) | J10: =IF(OR(5>$Z$1,NOT(OR('Your debts'!$B$8<>"",N('Your debts'!$C$8)>0))),"",IF('Your debts'!$D$20="Avalanche",'Avalanche workings'!$N$12,'Snowball workings'!$N$12)+IF('Your debts'!$D$20="Avalanche",'Avalanche workings'!$AH$12,'Snowball workings'!$AH$12)) | K10: =IF(OR(5>$Z$1,NOT(OR('Your debts'!$B$8<>"",N('Your debts'!$C$8)>0))),"",IF('Your debts'!$D$20="Avalanche",'Avalanche workings'!$AR$12,'Snowball workings'!$AR$12)) | L10: =IF(OR(5>$Z$1,NOT(OR('Your debts'!$B$9<>"",N('Your debts'!$C$9)>0))),"",IF('Your debts'!$D$20="Avalanche",'Avalanche workings'!$O$12,'Snowball workings'!$O$12)+IF('Your debts'!$D$20="Avalanche",'Avalanche workings'!$AI$12,'Snowball workings'!$AI$12)) | M10: =IF(OR(5>$Z$1,NOT(OR('Your debts'!$B$9<>"",N('Your debts'!$C$9)>0))),"",IF('Your debts'!$D$20="Avalanche",'Avalanche workings'!$AS$12,'Snowball workings'!$AS$12)) | N10: =IF(OR(5>$Z$1,NOT(OR('Your debts'!$B$10<>"",N('Your debts'!$C$10)>0))),"",IF('Your debts'!$D$20="Avalanche",'Avalanche workings'!$P$12,'Snowball workings'!$P$12)+IF('Your debts'!$D$20="Avalanche",'Avalanche workings'!$AJ$12,'Snowball workings'!$AJ$12)) | O10: =IF(OR(5>$Z$1,NOT(OR('Your debts'!$B$10<>"",N('Your debts'!$C$10)>0))),"",IF('Your debts'!$D$20="Avalanche",'Avalanche workings'!$AT$12,'Snowball workings'!$AT$12)) | P10: =IF(OR(5>$Z$1,NOT(OR('Your debts'!$B$11<>"",N('Your debts'!$C$11)>0))),"",IF('Your debts'!$D$20="Avalanche",'Avalanche workings'!$Q$12,'Snowball workings'!$Q$12)+IF('Your debts'!$D$20="Avalanche",'Avalanche workings'!$AK$12,'Snowball workings'!$AK$12)) | Q10: =IF(OR(5>$Z$1,NOT(OR('Your debts'!$B$11<>"",N('Your debts'!$C$11)>0))),"",IF('Your debts'!$D$20="Avalanche",'Avalanche workings'!$AU$12,'Snowball workings'!$AU$12)) | R10: =IF(OR(5>$Z$1,NOT(OR('Your debts'!$B$12<>"",N('Your debts'!$C$12)>0))),"",IF('Your debts'!$D$20="Avalanche",'Avalanche workings'!$R$12,'Snowball workings'!$R$12)+IF('Your debts'!$D$20="Avalanche",'Avalanche workings'!$AL$12,'Snowball workings'!$AL$12)) | S10: =IF(OR(5>$Z$1,NOT(OR('Your debts'!$B$12<>"",N('Your debts'!$C$12)>0))),"",IF('Your debts'!$D$20="Avalanche",'Avalanche workings'!$AV$12,'Snowball workings'!$AV$12)) | T10: =IF(OR(5>$Z$1,NOT(OR('Your debts'!$B$13<>"",N('Your debts'!$C$13)>0))),"",IF('Your debts'!$D$20="Avalanche",'Avalanche workings'!$S$12,'Snowball workings'!$S$12)+IF('Your debts'!$D$20="Avalanche",'Avalanche workings'!$AM$12,'Snowball workings'!$AM$12)) | U10: =IF(OR(5>$Z$1,NOT(OR('Your debts'!$B$13<>"",N('Your debts'!$C$13)>0))),"",IF('Your debts'!$D$20="Avalanche",'Avalanche workings'!$AW$12,'Snowball workings'!$AW$12)) | V10: =IF(OR(5>$Z$1,NOT(OR('Your debts'!$B$14<>"",N('Your debts'!$C$14)>0))),"",IF('Your debts'!$D$20="Avalanche",'Avalanche workings'!$T$12,'Snowball workings'!$T$12)+IF('Your debts'!$D$20="Avalanche",'Avalanche workings'!$AN$12,'Snowball workings'!$AN$12)) | W10: =IF(OR(5>$Z$1,NOT(OR('Your debts'!$B$14<>"",N('Your debts'!$C$14)>0))),"",IF('Your debts'!$D$20="Avalanche",'Avalanche workings'!$AX$12,'Snowball workings'!$AX$12)) | X10: =IF(OR(5>$Z$1,NOT(OR('Your debts'!$B$15<>"",N('Your debts'!$C$15)>0))),"",IF('Your debts'!$D$20="Avalanche",'Avalanche workings'!$U$12,'Snowball workings'!$U$12)+IF('Your debts'!$D$20="Avalanche",'Avalanche workings'!$AO$12,'Snowball workings'!$AO$12)) | Y10: =IF(OR(5>$Z$1,NOT(OR('Your debts'!$B$15<>"",N('Your debts'!$C$15)>0))),"",IF('Your debts'!$D$20="Avalanche",'Avalanche workings'!$AY$12,'Snowball workings'!$AY$12))
A11: =IF(6>$Z$1,"",6) | B11: =IF(6>$Z$1,"",EDATE('Your debts'!$D$21,5)) | C11: =IF(6>$Z$1,"",IF('Your debts'!$D$20="Avalanche",'Avalanche workings'!$BC$13,'Snowball workings'!$BC$13)) | D11: =IF(6>$Z$1,"",IF('Your debts'!$D$20="Avalanche",'Avalanche workings'!$BA$13,'Snowball workings'!$BA$13)) | E11: =IF(6>$Z$1,"",IF('Your debts'!$D$20="Avalanche",'Avalanche workings'!$BB$13,'Snowball workings'!$BB$13)) | F11: =IF(OR(6>$Z$1,NOT(OR('Your debts'!$B$6<>"",N('Your debts'!$C$6)>0))),"",IF('Your debts'!$D$20="Avalanche",'Avalanche workings'!$L$13,'Snowball workings'!$L$13)+IF('Your debts'!$D$20="Avalanche",'Avalanche workings'!$AF$13,'Snowball workings'!$AF$13)) | G11: =IF(OR(6>$Z$1,NOT(OR('Your debts'!$B$6<>"",N('Your debts'!$C$6)>0))),"",IF('Your debts'!$D$20="Avalanche",'Avalanche workings'!$AP$13,'Snowball workings'!$AP$13)) | H11: =IF(OR(6>$Z$1,NOT(OR('Your debts'!$B$7<>"",N('Your debts'!$C$7)>0))),"",IF('Your debts'!$D$20="Avalanche",'Avalanche workings'!$M$13,'Snowball workings'!$M$13)+IF('Your debts'!$D$20="Avalanche",'Avalanche workings'!$AG$13,'Snowball workings'!$AG$13)) | I11: =IF(OR(6>$Z$1,NOT(OR('Your debts'!$B$7<>"",N('Your debts'!$C$7)>0))),"",IF('Your debts'!$D$20="Avalanche",'Avalanche workings'!$AQ$13,'Snowball workings'!$AQ$13)) | J11: =IF(OR(6>$Z$1,NOT(OR('Your debts'!$B$8<>"",N('Your debts'!$C$8)>0))),"",IF('Your debts'!$D$20="Avalanche",'Avalanche workings'!$N$13,'Snowball workings'!$N$13)+IF('Your debts'!$D$20="Avalanche",'Avalanche workings'!$AH$13,'Snowball workings'!$AH$13)) | K11: =IF(OR(6>$Z$1,NOT(OR('Your debts'!$B$8<>"",N('Your debts'!$C$8)>0))),"",IF('Your debts'!$D$20="Avalanche",'Avalanche workings'!$AR$13,'Snowball workings'!$AR$13)) | L11: =IF(OR(6>$Z$1,NOT(OR('Your debts'!$B$9<>"",N('Your debts'!$C$9)>0))),"",IF('Your debts'!$D$20="Avalanche",'Avalanche workings'!$O$13,'Snowball workings'!$O$13)+IF('Your debts'!$D$20="Avalanche",'Avalanche workings'!$AI$13,'Snowball workings'!$AI$13)) | M11: =IF(OR(6>$Z$1,NOT(OR('Your debts'!$B$9<>"",N('Your debts'!$C$9)>0))),"",IF('Your debts'!$D$20="Avalanche",'Avalanche workings'!$AS$13,'Snowball workings'!$AS$13)) | N11: =IF(OR(6>$Z$1,NOT(OR('Your debts'!$B$10<>"",N('Your debts'!$C$10)>0))),"",IF('Your debts'!$D$20="Avalanche",'Avalanche workings'!$P$13,'Snowball workings'!$P$13)+IF('Your debts'!$D$20="Avalanche",'Avalanche workings'!$AJ$13,'Snowball workings'!$AJ$13)) | O11: =IF(OR(6>$Z$1,NOT(OR('Your debts'!$B$10<>"",N('Your debts'!$C$10)>0))),"",IF('Your debts'!$D$20="Avalanche",'Avalanche workings'!$AT$13,'Snowball workings'!$AT$13)) | P11: =IF(OR(6>$Z$1,NOT(OR('Your debts'!$B$11<>"",N('Your debts'!$C$11)>0))),"",IF('Your debts'!$D$20="Avalanche",'Avalanche workings'!$Q$13,'Snowball workings'!$Q$13)+IF('Your debts'!$D$20="Avalanche",'Avalanche workings'!$AK$13,'Snowball workings'!$AK$13)) | Q11: =IF(OR(6>$Z$1,NOT(OR('Your debts'!$B$11<>"",N('Your debts'!$C$11)>0))),"",IF('Your debts'!$D$20="Avalanche",'Avalanche workings'!$AU$13,'Snowball workings'!$AU$13)) | R11: =IF(OR(6>$Z$1,NOT(OR('Your debts'!$B$12<>"",N('Your debts'!$C$12)>0))),"",IF('Your debts'!$D$20="Avalanche",'Avalanche workings'!$R$13,'Snowball workings'!$R$13)+IF('Your debts'!$D$20="Avalanche",'Avalanche workings'!$AL$13,'Snowball workings'!$AL$13)) | S11: =IF(OR(6>$Z$1,NOT(OR('Your debts'!$B$12<>"",N('Your debts'!$C$12)>0))),"",IF('Your debts'!$D$20="Avalanche",'Avalanche workings'!$AV$13,'Snowball workings'!$AV$13)) | T11: =IF(OR(6>$Z$1,NOT(OR('Your debts'!$B$13<>"",N('Your debts'!$C$13)>0))),"",IF('Your debts'!$D$20="Avalanche",'Avalanche workings'!$S$13,'Snowball workings'!$S$13)+IF('Your debts'!$D$20="Avalanche",'Avalanche workings'!$AM$13,'Snowball workings'!$AM$13)) | U11: =IF(OR(6>$Z$1,NOT(OR('Your debts'!$B$13<>"",N('Your debts'!$C$13)>0))),"",IF('Your debts'!$D$20="Avalanche",'Avalanche workings'!$AW$13,'Snowball workings'!$AW$13)) | V11: =IF(OR(6>$Z$1,NOT(OR('Your debts'!$B$14<>"",N('Your debts'!$C$14)>0))),"",IF('Your debts'!$D$20="Avalanche",'Avalanche workings'!$T$13,'Snowball workings'!$T$13)+IF('Your debts'!$D$20="Avalanche",'Avalanche workings'!$AN$13,'Snowball workings'!$AN$13)) | W11: =IF(OR(6>$Z$1,NOT(OR('Your debts'!$B$14<>"",N('Your debts'!$C$14)>0))),"",IF('Your debts'!$D$20="Avalanche",'Avalanche workings'!$AX$13,'Snowball workings'!$AX$13)) | X11: =IF(OR(6>$Z$1,NOT(OR('Your debts'!$B$15<>"",N('Your debts'!$C$15)>0))),"",IF('Your debts'!$D$20="Avalanche",'Avalanche workings'!$U$13,'Snowball workings'!$U$13)+IF('Your debts'!$D$20="Avalanche",'Avalanche workings'!$AO$13,'Snowball workings'!$AO$13)) | Y11: =IF(OR(6>$Z$1,NOT(OR('Your debts'!$B$15<>"",N('Your debts'!$C$15)>0))),"",IF('Your debts'!$D$20="Avalanche",'Avalanche workings'!$AY$13,'Snowball workings'!$AY$13))
A12: =IF(7>$Z$1,"",7) | B12: =IF(7>$Z$1,"",EDATE('Your debts'!$D$21,6)) | C12: =IF(7>$Z$1,"",IF('Your debts'!$D$20="Avalanche",'Avalanche workings'!$BC$14,'Snowball workings'!$BC$14)) | D12: =IF(7>$Z$1,"",IF('Your debts'!$D$20="Avalanche",'Avalanche workings'!$BA$14,'Snowball workings'!$BA$14)) | E12: =IF(7>$Z$1,"",IF('Your debts'!$D$20="Avalanche",'Avalanche workings'!$BB$14,'Snowball workings'!$BB$14)) | F12: =IF(OR(7>$Z$1,NOT(OR('Your debts'!$B$6<>"",N('Your debts'!$C$6)>0))),"",IF('Your debts'!$D$20="Avalanche",'Avalanche workings'!$L$14,'Snowball workings'!$L$14)+IF('Your debts'!$D$20="Avalanche",'Avalanche workings'!$AF$14,'Snowball workings'!$AF$14)) | G12: =IF(OR(7>$Z$1,NOT(OR('Your debts'!$B$6<>"",N('Your debts'!$C$6)>0))),"",IF('Your debts'!$D$20="Avalanche",'Avalanche workings'!$AP$14,'Snowball workings'!$AP$14)) | H12: =IF(OR(7>$Z$1,NOT(OR('Your debts'!$B$7<>"",N('Your debts'!$C$7)>0))),"",IF('Your debts'!$D$20="Avalanche",'Avalanche workings'!$M$14,'Snowball workings'!$M$14)+IF('Your debts'!$D$20="Avalanche",'Avalanche workings'!$AG$14,'Snowball workings'!$AG$14)) | I12: =IF(OR(7>$Z$1,NOT(OR('Your debts'!$B$7<>"",N('Your debts'!$C$7)>0))),"",IF('Your debts'!$D$20="Avalanche",'Avalanche workings'!$AQ$14,'Snowball workings'!$AQ$14)) | J12: =IF(OR(7>$Z$1,NOT(OR('Your debts'!$B$8<>"",N('Your debts'!$C$8)>0))),"",IF('Your debts'!$D$20="Avalanche",'Avalanche workings'!$N$14,'Snowball workings'!$N$14)+IF('Your debts'!$D$20="Avalanche",'Avalanche workings'!$AH$14,'Snowball workings'!$AH$14)) | K12: =IF(OR(7>$Z$1,NOT(OR('Your debts'!$B$8<>"",N('Your debts'!$C$8)>0))),"",IF('Your debts'!$D$20="Avalanche",'Avalanche workings'!$AR$14,'Snowball workings'!$AR$14)) | L12: =IF(OR(7>$Z$1,NOT(OR('Your debts'!$B$9<>"",N('Your debts'!$C$9)>0))),"",IF('Your debts'!$D$20="Avalanche",'Avalanche workings'!$O$14,'Snowball workings'!$O$14)+IF('Your debts'!$D$20="Avalanche",'Avalanche workings'!$AI$14,'Snowball workings'!$AI$14)) | M12: =IF(OR(7>$Z$1,NOT(OR('Your debts'!$B$9<>"",N('Your debts'!$C$9)>0))),"",IF('Your debts'!$D$20="Avalanche",'Avalanche workings'!$AS$14,'Snowball workings'!$AS$14)) | N12: =IF(OR(7>$Z$1,NOT(OR('Your debts'!$B$10<>"",N('Your debts'!$C$10)>0))),"",IF('Your debts'!$D$20="Avalanche",'Avalanche workings'!$P$14,'Snowball workings'!$P$14)+IF('Your debts'!$D$20="Avalanche",'Avalanche workings'!$AJ$14,'Snowball workings'!$AJ$14)) | O12: =IF(OR(7>$Z$1,NOT(OR('Your debts'!$B$10<>"",N('Your debts'!$C$10)>0))),"",IF('Your debts'!$D$20="Avalanche",'Avalanche workings'!$AT$14,'Snowball workings'!$AT$14)) | P12: =IF(OR(7>$Z$1,NOT(OR('Your debts'!$B$11<>"",N('Your debts'!$C$11)>0))),"",IF('Your debts'!$D$20="Avalanche",'Avalanche workings'!$Q$14,'Snowball workings'!$Q$14)+IF('Your debts'!$D$20="Avalanche",'Avalanche workings'!$AK$14,'Snowball workings'!$AK$14)) | Q12: =IF(OR(7>$Z$1,NOT(OR('Your debts'!$B$11<>"",N('Your debts'!$C$11)>0))),"",IF('Your debts'!$D$20="Avalanche",'Avalanche workings'!$AU$14,'Snowball workings'!$AU$14)) | R12: =IF(OR(7>$Z$1,NOT(OR('Your debts'!$B$12<>"",N('Your debts'!$C$12)>0))),"",IF('Your debts'!$D$20="Avalanche",'Avalanche workings'!$R$14,'Snowball workings'!$R$14)+IF('Your debts'!$D$20="Avalanche",'Avalanche workings'!$AL$14,'Snowball workings'!$AL$14)) | S12: =IF(OR(7>$Z$1,NOT(OR('Your debts'!$B$12<>"",N('Your debts'!$C$12)>0))),"",IF('Your debts'!$D$20="Avalanche",'Avalanche workings'!$AV$14,'Snowball workings'!$AV$14)) | T12: =IF(OR(7>$Z$1,NOT(OR('Your debts'!$B$13<>"",N('Your debts'!$C$13)>0))),"",IF('Your debts'!$D$20="Avalanche",'Avalanche workings'!$S$14,'Snowball workings'!$S$14)+IF('Your debts'!$D$20="Avalanche",'Avalanche workings'!$AM$14,'Snowball workings'!$AM$14)) | U12: =IF(OR(7>$Z$1,NOT(OR('Your debts'!$B$13<>"",N('Your debts'!$C$13)>0))),"",IF('Your debts'!$D$20="Avalanche",'Avalanche workings'!$AW$14,'Snowball workings'!$AW$14)) | V12: =IF(OR(7>$Z$1,NOT(OR('Your debts'!$B$14<>"",N('Your debts'!$C$14)>0))),"",IF('Your debts'!$D$20="Avalanche",'Avalanche workings'!$T$14,'Snowball workings'!$T$14)+IF('Your debts'!$D$20="Avalanche",'Avalanche workings'!$AN$14,'Snowball workings'!$AN$14)) | W12: =IF(OR(7>$Z$1,NOT(OR('Your debts'!$B$14<>"",N('Your debts'!$C$14)>0))),"",IF('Your debts'!$D$20="Avalanche",'Avalanche workings'!$AX$14,'Snowball workings'!$AX$14)) | X12: =IF(OR(7>$Z$1,NOT(OR('Your debts'!$B$15<>"",N('Your debts'!$C$15)>0))),"",IF('Your debts'!$D$20="Avalanche",'Avalanche workings'!$U$14,'Snowball workings'!$U$14)+IF('Your debts'!$D$20="Avalanche",'Avalanche workings'!$AO$14,'Snowball workings'!$AO$14)) | Y12: =IF(OR(7>$Z$1,NOT(OR('Your debts'!$B$15<>"",N('Your debts'!$C$15)>0))),"",IF('Your debts'!$D$20="Avalanche",'Avalanche workings'!$AY$14,'Snowball workings'!$AY$14))
A13: =IF(8>$Z$1,"",8) | B13: =IF(8>$Z$1,"",EDATE('Your debts'!$D$21,7)) | C13: =IF(8>$Z$1,"",IF('Your debts'!$D$20="Avalanche",'Avalanche workings'!$BC$15,'Snowball workings'!$BC$15)) | D13: =IF(8>$Z$1,"",IF('Your debts'!$D$20="Avalanche",'Avalanche workings'!$BA$15,'Snowball workings'!$BA$15)) | E13: =IF(8>$Z$1,"",IF('Your debts'!$D$20="Avalanche",'Avalanche workings'!$BB$15,'Snowball workings'!$BB$15)) | F13: =IF(OR(8>$Z$1,NOT(OR('Your debts'!$B$6<>"",N('Your debts'!$C$6)>0))),"",IF('Your debts'!$D$20="Avalanche",'Avalanche workings'!$L$15,'Snowball workings'!$L$15)+IF('Your debts'!$D$20="Avalanche",'Avalanche workings'!$AF$15,'Snowball workings'!$AF$15)) | G13: =IF(OR(8>$Z$1,NOT(OR('Your debts'!$B$6<>"",N('Your debts'!$C$6)>0))),"",IF('Your debts'!$D$20="Avalanche",'Avalanche workings'!$AP$15,'Snowball workings'!$AP$15)) | H13: =IF(OR(8>$Z$1,NOT(OR('Your debts'!$B$7<>"",N('Your debts'!$C$7)>0))),"",IF('Your debts'!$D$20="Avalanche",'Avalanche workings'!$M$15,'Snowball workings'!$M$15)+IF('Your debts'!$D$20="Avalanche",'Avalanche workings'!$AG$15,'Snowball workings'!$AG$15)) | I13: =IF(OR(8>$Z$1,NOT(OR('Your debts'!$B$7<>"",N('Your debts'!$C$7)>0))),"",IF('Your debts'!$D$20="Avalanche",'Avalanche workings'!$AQ$15,'Snowball workings'!$AQ$15)) | J13: =IF(OR(8>$Z$1,NOT(OR('Your debts'!$B$8<>"",N('Your debts'!$C$8)>0))),"",IF('Your debts'!$D$20="Avalanche",'Avalanche workings'!$N$15,'Snowball workings'!$N$15)+IF('Your debts'!$D$20="Avalanche",'Avalanche workings'!$AH$15,'Snowball workings'!$AH$15)) | K13: =IF(OR(8>$Z$1,NOT(OR('Your debts'!$B$8<>"",N('Your debts'!$C$8)>0))),"",IF('Your debts'!$D$20="Avalanche",'Avalanche workings'!$AR$15,'Snowball workings'!$AR$15)) | L13: =IF(OR(8>$Z$1,NOT(OR('Your debts'!$B$9<>"",N('Your debts'!$C$9)>0))),"",IF('Your debts'!$D$20="Avalanche",'Avalanche workings'!$O$15,'Snowball workings'!$O$15)+IF('Your debts'!$D$20="Avalanche",'Avalanche workings'!$AI$15,'Snowball workings'!$AI$15)) | M13: =IF(OR(8>$Z$1,NOT(OR('Your debts'!$B$9<>"",N('Your debts'!$C$9)>0))),"",IF('Your debts'!$D$20="Avalanche",'Avalanche workings'!$AS$15,'Snowball workings'!$AS$15)) | N13: =IF(OR(8>$Z$1,NOT(OR('Your debts'!$B$10<>"",N('Your debts'!$C$10)>0))),"",IF('Your debts'!$D$20="Avalanche",'Avalanche workings'!$P$15,'Snowball workings'!$P$15)+IF('Your debts'!$D$20="Avalanche",'Avalanche workings'!$AJ$15,'Snowball workings'!$AJ$15)) | O13: =IF(OR(8>$Z$1,NOT(OR('Your debts'!$B$10<>"",N('Your debts'!$C$10)>0))),"",IF('Your debts'!$D$20="Avalanche",'Avalanche workings'!$AT$15,'Snowball workings'!$AT$15)) | P13: =IF(OR(8>$Z$1,NOT(OR('Your debts'!$B$11<>"",N('Your debts'!$C$11)>0))),"",IF('Your debts'!$D$20="Avalanche",'Avalanche workings'!$Q$15,'Snowball workings'!$Q$15)+IF('Your debts'!$D$20="Avalanche",'Avalanche workings'!$AK$15,'Snowball workings'!$AK$15)) | Q13: =IF(OR(8>$Z$1,NOT(OR('Your debts'!$B$11<>"",N('Your debts'!$C$11)>0))),"",IF('Your debts'!$D$20="Avalanche",'Avalanche workings'!$AU$15,'Snowball workings'!$AU$15)) | R13: =IF(OR(8>$Z$1,NOT(OR('Your debts'!$B$12<>"",N('Your debts'!$C$12)>0))),"",IF('Your debts'!$D$20="Avalanche",'Avalanche workings'!$R$15,'Snowball workings'!$R$15)+IF('Your debts'!$D$20="Avalanche",'Avalanche workings'!$AL$15,'Snowball workings'!$AL$15)) | S13: =IF(OR(8>$Z$1,NOT(OR('Your debts'!$B$12<>"",N('Your debts'!$C$12)>0))),"",IF('Your debts'!$D$20="Avalanche",'Avalanche workings'!$AV$15,'Snowball workings'!$AV$15)) | T13: =IF(OR(8>$Z$1,NOT(OR('Your debts'!$B$13<>"",N('Your debts'!$C$13)>0))),"",IF('Your debts'!$D$20="Avalanche",'Avalanche workings'!$S$15,'Snowball workings'!$S$15)+IF('Your debts'!$D$20="Avalanche",'Avalanche workings'!$AM$15,'Snowball workings'!$AM$15)) | U13: =IF(OR(8>$Z$1,NOT(OR('Your debts'!$B$13<>"",N('Your debts'!$C$13)>0))),"",IF('Your debts'!$D$20="Avalanche",'Avalanche workings'!$AW$15,'Snowball workings'!$AW$15)) | V13: =IF(OR(8>$Z$1,NOT(OR('Your debts'!$B$14<>"",N('Your debts'!$C$14)>0))),"",IF('Your debts'!$D$20="Avalanche",'Avalanche workings'!$T$15,'Snowball workings'!$T$15)+IF('Your debts'!$D$20="Avalanche",'Avalanche workings'!$AN$15,'Snowball workings'!$AN$15)) | W13: =IF(OR(8>$Z$1,NOT(OR('Your debts'!$B$14<>"",N('Your debts'!$C$14)>0))),"",IF('Your debts'!$D$20="Avalanche",'Avalanche workings'!$AX$15,'Snowball workings'!$AX$15)) | X13: =IF(OR(8>$Z$1,NOT(OR('Your debts'!$B$15<>"",N('Your debts'!$C$15)>0))),"",IF('Your debts'!$D$20="Avalanche",'Avalanche workings'!$U$15,'Snowball workings'!$U$15)+IF('Your debts'!$D$20="Avalanche",'Avalanche workings'!$AO$15,'Snowball workings'!$AO$15)) | Y13: =IF(OR(8>$Z$1,NOT(OR('Your debts'!$B$15<>"",N('Your debts'!$C$15)>0))),"",IF('Your debts'!$D$20="Avalanche",'Avalanche workings'!$AY$15,'Snowball workings'!$AY$15))
A14: =IF(9>$Z$1,"",9) | B14: =IF(9>$Z$1,"",EDATE('Your debts'!$D$21,8)) | C14: =IF(9>$Z$1,"",IF('Your debts'!$D$20="Avalanche",'Avalanche workings'!$BC$16,'Snowball workings'!$BC$16)) | D14: =IF(9>$Z$1,"",IF('Your debts'!$D$20="Avalanche",'Avalanche workings'!$BA$16,'Snowball workings'!$BA$16)) | E14: =IF(9>$Z$1,"",IF('Your debts'!$D$20="Avalanche",'Avalanche workings'!$BB$16,'Snowball workings'!$BB$16)) | F14: =IF(OR(9>$Z$1,NOT(OR('Your debts'!$B$6<>"",N('Your debts'!$C$6)>0))),"",IF('Your debts'!$D$20="Avalanche",'Avalanche workings'!$L$16,'Snowball workings'!$L$16)+IF('Your debts'!$D$20="Avalanche",'Avalanche workings'!$AF$16,'Snowball workings'!$AF$16)) | G14: =IF(OR(9>$Z$1,NOT(OR('Your debts'!$B$6<>"",N('Your debts'!$C$6)>0))),"",IF('Your debts'!$D$20="Avalanche",'Avalanche workings'!$AP$16,'Snowball workings'!$AP$16)) | H14: =IF(OR(9>$Z$1,NOT(OR('Your debts'!$B$7<>"",N('Your debts'!$C$7)>0))),"",IF('Your debts'!$D$20="Avalanche",'Avalanche workings'!$M$16,'Snowball workings'!$M$16)+IF('Your debts'!$D$20="Avalanche",'Avalanche workings'!$AG$16,'Snowball workings'!$AG$16)) | I14: =IF(OR(9>$Z$1,NOT(OR('Your debts'!$B$7<>"",N('Your debts'!$C$7)>0))),"",IF('Your debts'!$D$20="Avalanche",'Avalanche workings'!$AQ$16,'Snowball workings'!$AQ$16)) | J14: =IF(OR(9>$Z$1,NOT(OR('Your debts'!$B$8<>"",N('Your debts'!$C$8)>0))),"",IF('Your debts'!$D$20="Avalanche",'Avalanche workings'!$N$16,'Snowball workings'!$N$16)+IF('Your debts'!$D$20="Avalanche",'Avalanche workings'!$AH$16,'Snowball workings'!$AH$16)) | K14: =IF(OR(9>$Z$1,NOT(OR('Your debts'!$B$8<>"",N('Your debts'!$C$8)>0))),"",IF('Your debts'!$D$20="Avalanche",'Avalanche workings'!$AR$16,'Snowball workings'!$AR$16)) | L14: =IF(OR(9>$Z$1,NOT(OR('Your debts'!$B$9<>"",N('Your debts'!$C$9)>0))),"",IF('Your debts'!$D$20="Avalanche",'Avalanche workings'!$O$16,'Snowball workings'!$O$16)+IF('Your debts'!$D$20="Avalanche",'Avalanche workings'!$AI$16,'Snowball workings'!$AI$16)) | M14: =IF(OR(9>$Z$1,NOT(OR('Your debts'!$B$9<>"",N('Your debts'!$C$9)>0))),"",IF('Your debts'!$D$20="Avalanche",'Avalanche workings'!$AS$16,'Snowball workings'!$AS$16)) | N14: =IF(OR(9>$Z$1,NOT(OR('Your debts'!$B$10<>"",N('Your debts'!$C$10)>0))),"",IF('Your debts'!$D$20="Avalanche",'Avalanche workings'!$P$16,'Snowball workings'!$P$16)+IF('Your debts'!$D$20="Avalanche",'Avalanche workings'!$AJ$16,'Snowball workings'!$AJ$16)) | O14: =IF(OR(9>$Z$1,NOT(OR('Your debts'!$B$10<>"",N('Your debts'!$C$10)>0))),"",IF('Your debts'!$D$20="Avalanche",'Avalanche workings'!$AT$16,'Snowball workings'!$AT$16)) | P14: =IF(OR(9>$Z$1,NOT(OR('Your debts'!$B$11<>"",N('Your debts'!$C$11)>0))),"",IF('Your debts'!$D$20="Avalanche",'Avalanche workings'!$Q$16,'Snowball workings'!$Q$16)+IF('Your debts'!$D$20="Avalanche",'Avalanche workings'!$AK$16,'Snowball workings'!$AK$16)) | Q14: =IF(OR(9>$Z$1,NOT(OR('Your debts'!$B$11<>"",N('Your debts'!$C$11)>0))),"",IF('Your debts'!$D$20="Avalanche",'Avalanche workings'!$AU$16,'Snowball workings'!$AU$16)) | R14: =IF(OR(9>$Z$1,NOT(OR('Your debts'!$B$12<>"",N('Your debts'!$C$12)>0))),"",IF('Your debts'!$D$20="Avalanche",'Avalanche workings'!$R$16,'Snowball workings'!$R$16)+IF('Your debts'!$D$20="Avalanche",'Avalanche workings'!$AL$16,'Snowball workings'!$AL$16)) | S14: =IF(OR(9>$Z$1,NOT(OR('Your debts'!$B$12<>"",N('Your debts'!$C$12)>0))),"",IF('Your debts'!$D$20="Avalanche",'Avalanche workings'!$AV$16,'Snowball workings'!$AV$16)) | T14: =IF(OR(9>$Z$1,NOT(OR('Your debts'!$B$13<>"",N('Your debts'!$C$13)>0))),"",IF('Your debts'!$D$20="Avalanche",'Avalanche workings'!$S$16,'Snowball workings'!$S$16)+IF('Your debts'!$D$20="Avalanche",'Avalanche workings'!$AM$16,'Snowball workings'!$AM$16)) | U14: =IF(OR(9>$Z$1,NOT(OR('Your debts'!$B$13<>"",N('Your debts'!$C$13)>0))),"",IF('Your debts'!$D$20="Avalanche",'Avalanche workings'!$AW$16,'Snowball workings'!$AW$16)) | V14: =IF(OR(9>$Z$1,NOT(OR('Your debts'!$B$14<>"",N('Your debts'!$C$14)>0))),"",IF('Your debts'!$D$20="Avalanche",'Avalanche workings'!$T$16,'Snowball workings'!$T$16)+IF('Your debts'!$D$20="Avalanche",'Avalanche workings'!$AN$16,'Snowball workings'!$AN$16)) | W14: =IF(OR(9>$Z$1,NOT(OR('Your debts'!$B$14<>"",N('Your debts'!$C$14)>0))),"",IF('Your debts'!$D$20="Avalanche",'Avalanche workings'!$AX$16,'Snowball workings'!$AX$16)) | X14: =IF(OR(9>$Z$1,NOT(OR('Your debts'!$B$15<>"",N('Your debts'!$C$15)>0))),"",IF('Your debts'!$D$20="Avalanche",'Avalanche workings'!$U$16,'Snowball workings'!$U$16)+IF('Your debts'!$D$20="Avalanche",'Avalanche workings'!$AO$16,'Snowball workings'!$AO$16)) | Y14: =IF(OR(9>$Z$1,NOT(OR('Your debts'!$B$15<>"",N('Your debts'!$C$15)>0))),"",IF('Your debts'!$D$20="Avalanche",'Avalanche workings'!$AY$16,'Snowball workings'!$AY$16))
A15: =IF(10>$Z$1,"",10) | B15: =IF(10>$Z$1,"",EDATE('Your debts'!$D$21,9)) | C15: =IF(10>$Z$1,"",IF('Your debts'!$D$20="Avalanche",'Avalanche workings'!$BC$17,'Snowball workings'!$BC$17)) | D15: =IF(10>$Z$1,"",IF('Your debts'!$D$20="Avalanche",'Avalanche workings'!$BA$17,'Snowball workings'!$BA$17)) | E15: =IF(10>$Z$1,"",IF('Your debts'!$D$20="Avalanche",'Avalanche workings'!$BB$17,'Snowball workings'!$BB$17)) | F15: =IF(OR(10>$Z$1,NOT(OR('Your debts'!$B$6<>"",N('Your debts'!$C$6)>0))),"",IF('Your debts'!$D$20="Avalanche",'Avalanche workings'!$L$17,'Snowball workings'!$L$17)+IF('Your debts'!$D$20="Avalanche",'Avalanche workings'!$AF$17,'Snowball workings'!$AF$17)) | G15: =IF(OR(10>$Z$1,NOT(OR('Your debts'!$B$6<>"",N('Your debts'!$C$6)>0))),"",IF('Your debts'!$D$20="Avalanche",'Avalanche workings'!$AP$17,'Snowball workings'!$AP$17)) | H15: =IF(OR(10>$Z$1,NOT(OR('Your debts'!$B$7<>"",N('Your debts'!$C$7)>0))),"",IF('Your debts'!$D$20="Avalanche",'Avalanche workings'!$M$17,'Snowball workings'!$M$17)+IF('Your debts'!$D$20="Avalanche",'Avalanche workings'!$AG$17,'Snowball workings'!$AG$17)) | I15: =IF(OR(10>$Z$1,NOT(OR('Your debts'!$B$7<>"",N('Your debts'!$C$7)>0))),"",IF('Your debts'!$D$20="Avalanche",'Avalanche workings'!$AQ$17,'Snowball workings'!$AQ$17)) | J15: =IF(OR(10>$Z$1,NOT(OR('Your debts'!$B$8<>"",N('Your debts'!$C$8)>0))),"",IF('Your debts'!$D$20="Avalanche",'Avalanche workings'!$N$17,'Snowball workings'!$N$17)+IF('Your debts'!$D$20="Avalanche",'Avalanche workings'!$AH$17,'Snowball workings'!$AH$17)) | K15: =IF(OR(10>$Z$1,NOT(OR('Your debts'!$B$8<>"",N('Your debts'!$C$8)>0))),"",IF('Your debts'!$D$20="Avalanche",'Avalanche workings'!$AR$17,'Snowball workings'!$AR$17)) | L15: =IF(OR(10>$Z$1,NOT(OR('Your debts'!$B$9<>"",N('Your debts'!$C$9)>0))),"",IF('Your debts'!$D$20="Avalanche",'Avalanche workings'!$O$17,'Snowball workings'!$O$17)+IF('Your debts'!$D$20="Avalanche",'Avalanche workings'!$AI$17,'Snowball workings'!$AI$17)) | M15: =IF(OR(10>$Z$1,NOT(OR('Your debts'!$B$9<>"",N('Your debts'!$C$9)>0))),"",IF('Your debts'!$D$20="Avalanche",'Avalanche workings'!$AS$17,'Snowball workings'!$AS$17)) | N15: =IF(OR(10>$Z$1,NOT(OR('Your debts'!$B$10<>"",N('Your debts'!$C$10)>0))),"",IF('Your debts'!$D$20="Avalanche",'Avalanche workings'!$P$17,'Snowball workings'!$P$17)+IF('Your debts'!$D$20="Avalanche",'Avalanche workings'!$AJ$17,'Snowball workings'!$AJ$17)) | O15: =IF(OR(10>$Z$1,NOT(OR('Your debts'!$B$10<>"",N('Your debts'!$C$10)>0))),"",IF('Your debts'!$D$20="Avalanche",'Avalanche workings'!$AT$17,'Snowball workings'!$AT$17)) | P15: =IF(OR(10>$Z$1,NOT(OR('Your debts'!$B$11<>"",N('Your debts'!$C$11)>0))),"",IF('Your debts'!$D$20="Avalanche",'Avalanche workings'!$Q$17,'Snowball workings'!$Q$17)+IF('Your debts'!$D$20="Avalanche",'Avalanche workings'!$AK$17,'Snowball workings'!$AK$17)) | Q15: =IF(OR(10>$Z$1,NOT(OR('Your debts'!$B$11<>"",N('Your debts'!$C$11)>0))),"",IF('Your debts'!$D$20="Avalanche",'Avalanche workings'!$AU$17,'Snowball workings'!$AU$17)) | R15: =IF(OR(10>$Z$1,NOT(OR('Your debts'!$B$12<>"",N('Your debts'!$C$12)>0))),"",IF('Your debts'!$D$20="Avalanche",'Avalanche workings'!$R$17,'Snowball workings'!$R$17)+IF('Your debts'!$D$20="Avalanche",'Avalanche workings'!$AL$17,'Snowball workings'!$AL$17)) | S15: =IF(OR(10>$Z$1,NOT(OR('Your debts'!$B$12<>"",N('Your debts'!$C$12)>0))),"",IF('Your debts'!$D$20="Avalanche",'Avalanche workings'!$AV$17,'Snowball workings'!$AV$17)) | T15: =IF(OR(10>$Z$1,NOT(OR('Your debts'!$B$13<>"",N('Your debts'!$C$13)>0))),"",IF('Your debts'!$D$20="Avalanche",'Avalanche workings'!$S$17,'Snowball workings'!$S$17)+IF('Your debts'!$D$20="Avalanche",'Avalanche workings'!$AM$17,'Snowball workings'!$AM$17)) | U15: =IF(OR(10>$Z$1,NOT(OR('Your debts'!$B$13<>"",N('Your debts'!$C$13)>0))),"",IF('Your debts'!$D$20="Avalanche",'Avalanche workings'!$AW$17,'Snowball workings'!$AW$17)) | V15: =IF(OR(10>$Z$1,NOT(OR('Your debts'!$B$14<>"",N('Your debts'!$C$14)>0))),"",IF('Your debts'!$D$20="Avalanche",'Avalanche workings'!$T$17,'Snowball workings'!$T$17)+IF('Your debts'!$D$20="Avalanche",'Avalanche workings'!$AN$17,'Snowball workings'!$AN$17)) | W15: =IF(OR(10>$Z$1,NOT(OR('Your debts'!$B$14<>"",N('Your debts'!$C$14)>0))),"",IF('Your debts'!$D$20="Avalanche",'Avalanche workings'!$AX$17,'Snowball workings'!$AX$17)) | X15: =IF(OR(10>$Z$1,NOT(OR('Your debts'!$B$15<>"",N('Your debts'!$C$15)>0))),"",IF('Your debts'!$D$20="Avalanche",'Avalanche workings'!$U$17,'Snowball workings'!$U$17)+IF('Your debts'!$D$20="Avalanche",'Avalanche workings'!$AO$17,'Snowball workings'!$AO$17)) | Y15: =IF(OR(10>$Z$1,NOT(OR('Your debts'!$B$15<>"",N('Your debts'!$C$15)>0))),"",IF('Your debts'!$D$20="Avalanche",'Avalanche workings'!$AY$17,'Snowball workings'!$AY$17))
A16: =IF(11>$Z$1,"",11) | B16: =IF(11>$Z$1,"",EDATE('Your debts'!$D$21,10)) | C16: =IF(11>$Z$1,"",IF('Your debts'!$D$20="Avalanche",'Avalanche workings'!$BC$18,'Snowball workings'!$BC$18)) | D16: =IF(11>$Z$1,"",IF('Your debts'!$D$20="Avalanche",'Avalanche workings'!$BA$18,'Snowball workings'!$BA$18)) | E16: =IF(11>$Z$1,"",IF('Your debts'!$D$20="Avalanche",'Avalanche workings'!$BB$18,'Snowball workings'!$BB$18)) | F16: =IF(OR(11>$Z$1,NOT(OR('Your debts'!$B$6<>"",N('Your debts'!$C$6)>0))),"",IF('Your debts'!$D$20="Avalanche",'Avalanche workings'!$L$18,'Snowball workings'!$L$18)+IF('Your debts'!$D$20="Avalanche",'Avalanche workings'!$AF$18,'Snowball workings'!$AF$18)) | G16: =IF(OR(11>$Z$1,NOT(OR('Your debts'!$B$6<>"",N('Your debts'!$C$6)>0))),"",IF('Your debts'!$D$20="Avalanche",'Avalanche workings'!$AP$18,'Snowball workings'!$AP$18)) | H16: =IF(OR(11>$Z$1,NOT(OR('Your debts'!$B$7<>"",N('Your debts'!$C$7)>0))),"",IF('Your debts'!$D$20="Avalanche",'Avalanche workings'!$M$18,'Snowball workings'!$M$18)+IF('Your debts'!$D$20="Avalanche",'Avalanche workings'!$AG$18,'Snowball workings'!$AG$18)) | I16: =IF(OR(11>$Z$1,NOT(OR('Your debts'!$B$7<>"",N('Your debts'!$C$7)>0))),"",IF('Your debts'!$D$20="Avalanche",'Avalanche workings'!$AQ$18,'Snowball workings'!$AQ$18)) | J16: =IF(OR(11>$Z$1,NOT(OR('Your debts'!$B$8<>"",N('Your debts'!$C$8)>0))),"",IF('Your debts'!$D$20="Avalanche",'Avalanche workings'!$N$18,'Snowball workings'!$N$18)+IF('Your debts'!$D$20="Avalanche",'Avalanche workings'!$AH$18,'Snowball workings'!$AH$18)) | K16: =IF(OR(11>$Z$1,NOT(OR('Your debts'!$B$8<>"",N('Your debts'!$C$8)>0))),"",IF('Your debts'!$D$20="Avalanche",'Avalanche workings'!$AR$18,'Snowball workings'!$AR$18)) | L16: =IF(OR(11>$Z$1,NOT(OR('Your debts'!$B$9<>"",N('Your debts'!$C$9)>0))),"",IF('Your debts'!$D$20="Avalanche",'Avalanche workings'!$O$18,'Snowball workings'!$O$18)+IF('Your debts'!$D$20="Avalanche",'Avalanche workings'!$AI$18,'Snowball workings'!$AI$18)) | M16: =IF(OR(11>$Z$1,NOT(OR('Your debts'!$B$9<>"",N('Your debts'!$C$9)>0))),"",IF('Your debts'!$D$20="Avalanche",'Avalanche workings'!$AS$18,'Snowball workings'!$AS$18)) | N16: =IF(OR(11>$Z$1,NOT(OR('Your debts'!$B$10<>"",N('Your debts'!$C$10)>0))),"",IF('Your debts'!$D$20="Avalanche",'Avalanche workings'!$P$18,'Snowball workings'!$P$18)+IF('Your debts'!$D$20="Avalanche",'Avalanche workings'!$AJ$18,'Snowball workings'!$AJ$18)) | O16: =IF(OR(11>$Z$1,NOT(OR('Your debts'!$B$10<>"",N('Your debts'!$C$10)>0))),"",IF('Your debts'!$D$20="Avalanche",'Avalanche workings'!$AT$18,'Snowball workings'!$AT$18)) | P16: =IF(OR(11>$Z$1,NOT(OR('Your debts'!$B$11<>"",N('Your debts'!$C$11)>0))),"",IF('Your debts'!$D$20="Avalanche",'Avalanche workings'!$Q$18,'Snowball workings'!$Q$18)+IF('Your debts'!$D$20="Avalanche",'Avalanche workings'!$AK$18,'Snowball workings'!$AK$18)) | Q16: =IF(OR(11>$Z$1,NOT(OR('Your debts'!$B$11<>"",N('Your debts'!$C$11)>0))),"",IF('Your debts'!$D$20="Avalanche",'Avalanche workings'!$AU$18,'Snowball workings'!$AU$18)) | R16: =IF(OR(11>$Z$1,NOT(OR('Your debts'!$B$12<>"",N('Your debts'!$C$12)>0))),"",IF('Your debts'!$D$20="Avalanche",'Avalanche workings'!$R$18,'Snowball workings'!$R$18)+IF('Your debts'!$D$20="Avalanche",'Avalanche workings'!$AL$18,'Snowball workings'!$AL$18)) | S16: =IF(OR(11>$Z$1,NOT(OR('Your debts'!$B$12<>"",N('Your debts'!$C$12)>0))),"",IF('Your debts'!$D$20="Avalanche",'Avalanche workings'!$AV$18,'Snowball workings'!$AV$18)) | T16: =IF(OR(11>$Z$1,NOT(OR('Your debts'!$B$13<>"",N('Your debts'!$C$13)>0))),"",IF('Your debts'!$D$20="Avalanche",'Avalanche workings'!$S$18,'Snowball workings'!$S$18)+IF('Your debts'!$D$20="Avalanche",'Avalanche workings'!$AM$18,'Snowball workings'!$AM$18)) | U16: =IF(OR(11>$Z$1,NOT(OR('Your debts'!$B$13<>"",N('Your debts'!$C$13)>0))),"",IF('Your debts'!$D$20="Avalanche",'Avalanche workings'!$AW$18,'Snowball workings'!$AW$18)) | V16: =IF(OR(11>$Z$1,NOT(OR('Your debts'!$B$14<>"",N('Your debts'!$C$14)>0))),"",IF('Your debts'!$D$20="Avalanche",'Avalanche workings'!$T$18,'Snowball workings'!$T$18)+IF('Your debts'!$D$20="Avalanche",'Avalanche workings'!$AN$18,'Snowball workings'!$AN$18)) | W16: =IF(OR(11>$Z$1,NOT(OR('Your debts'!$B$14<>"",N('Your debts'!$C$14)>0))),"",IF('Your debts'!$D$20="Avalanche",'Avalanche workings'!$AX$18,'Snowball workings'!$AX$18)) | X16: =IF(OR(11>$Z$1,NOT(OR('Your debts'!$B$15<>"",N('Your debts'!$C$15)>0))),"",IF('Your debts'!$D$20="Avalanche",'Avalanche workings'!$U$18,'Snowball workings'!$U$18)+IF('Your debts'!$D$20="Avalanche",'Avalanche workings'!$AO$18,'Snowball workings'!$AO$18)) | Y16: =IF(OR(11>$Z$1,NOT(OR('Your debts'!$B$15<>"",N('Your debts'!$C$15)>0))),"",IF('Your debts'!$D$20="Avalanche",'Avalanche workings'!$AY$18,'Snowball workings'!$AY$18))
A17: =IF(12>$Z$1,"",12) | B17: =IF(12>$Z$1,"",EDATE('Your debts'!$D$21,11)) | C17: =IF(12>$Z$1,"",IF('Your debts'!$D$20="Avalanche",'Avalanche workings'!$BC$19,'Snowball workings'!$BC$19)) | D17: =IF(12>$Z$1,"",IF('Your debts'!$D$20="Avalanche",'Avalanche workings'!$BA$19,'Snowball workings'!$BA$19)) | E17: =IF(12>$Z$1,"",IF('Your debts'!$D$20="Avalanche",'Avalanche workings'!$BB$19,'Snowball workings'!$BB$19)) | F17: =IF(OR(12>$Z$1,NOT(OR('Your debts'!$B$6<>"",N('Your debts'!$C$6)>0))),"",IF('Your debts'!$D$20="Avalanche",'Avalanche workings'!$L$19,'Snowball workings'!$L$19)+IF('Your debts'!$D$20="Avalanche",'Avalanche workings'!$AF$19,'Snowball workings'!$AF$19)) | G17: =IF(OR(12>$Z$1,NOT(OR('Your debts'!$B$6<>"",N('Your debts'!$C$6)>0))),"",IF('Your debts'!$D$20="Avalanche",'Avalanche workings'!$AP$19,'Snowball workings'!$AP$19)) | H17: =IF(OR(12>$Z$1,NOT(OR('Your debts'!$B$7<>"",N('Your debts'!$C$7)>0))),"",IF('Your debts'!$D$20="Avalanche",'Avalanche workings'!$M$19,'Snowball workings'!$M$19)+IF('Your debts'!$D$20="Avalanche",'Avalanche workings'!$AG$19,'Snowball workings'!$AG$19)) | I17: =IF(OR(12>$Z$1,NOT(OR('Your debts'!$B$7<>"",N('Your debts'!$C$7)>0))),"",IF('Your debts'!$D$20="Avalanche",'Avalanche workings'!$AQ$19,'Snowball workings'!$AQ$19)) | J17: =IF(OR(12>$Z$1,NOT(OR('Your debts'!$B$8<>"",N('Your debts'!$C$8)>0))),"",IF('Your debts'!$D$20="Avalanche",'Avalanche workings'!$N$19,'Snowball workings'!$N$19)+IF('Your debts'!$D$20="Avalanche",'Avalanche workings'!$AH$19,'Snowball workings'!$AH$19)) | K17: =IF(OR(12>$Z$1,NOT(OR('Your debts'!$B$8<>"",N('Your debts'!$C$8)>0))),"",IF('Your debts'!$D$20="Avalanche",'Avalanche workings'!$AR$19,'Snowball workings'!$AR$19)) | L17: =IF(OR(12>$Z$1,NOT(OR('Your debts'!$B$9<>"",N('Your debts'!$C$9)>0))),"",IF('Your debts'!$D$20="Avalanche",'Avalanche workings'!$O$19,'Snowball workings'!$O$19)+IF('Your debts'!$D$20="Avalanche",'Avalanche workings'!$AI$19,'Snowball workings'!$AI$19)) | M17: =IF(OR(12>$Z$1,NOT(OR('Your debts'!$B$9<>"",N('Your debts'!$C$9)>0))),"",IF('Your debts'!$D$20="Avalanche",'Avalanche workings'!$AS$19,'Snowball workings'!$AS$19)) | N17: =IF(OR(12>$Z$1,NOT(OR('Your debts'!$B$10<>"",N('Your debts'!$C$10)>0))),"",IF('Your debts'!$D$20="Avalanche",'Avalanche workings'!$P$19,'Snowball workings'!$P$19)+IF('Your debts'!$D$20="Avalanche",'Avalanche workings'!$AJ$19,'Snowball workings'!$AJ$19)) | O17: =IF(OR(12>$Z$1,NOT(OR('Your debts'!$B$10<>"",N('Your debts'!$C$10)>0))),"",IF('Your debts'!$D$20="Avalanche",'Avalanche workings'!$AT$19,'Snowball workings'!$AT$19)) | P17: =IF(OR(12>$Z$1,NOT(OR('Your debts'!$B$11<>"",N('Your debts'!$C$11)>0))),"",IF('Your debts'!$D$20="Avalanche",'Avalanche workings'!$Q$19,'Snowball workings'!$Q$19)+IF('Your debts'!$D$20="Avalanche",'Avalanche workings'!$AK$19,'Snowball workings'!$AK$19)) | Q17: =IF(OR(12>$Z$1,NOT(OR('Your debts'!$B$11<>"",N('Your debts'!$C$11)>0))),"",IF('Your debts'!$D$20="Avalanche",'Avalanche workings'!$AU$19,'Snowball workings'!$AU$19)) | R17: =IF(OR(12>$Z$1,NOT(OR('Your debts'!$B$12<>"",N('Your debts'!$C$12)>0))),"",IF('Your debts'!$D$20="Avalanche",'Avalanche workings'!$R$19,'Snowball workings'!$R$19)+IF('Your debts'!$D$20="Avalanche",'Avalanche workings'!$AL$19,'Snowball workings'!$AL$19)) | S17: =IF(OR(12>$Z$1,NOT(OR('Your debts'!$B$12<>"",N('Your debts'!$C$12)>0))),"",IF('Your debts'!$D$20="Avalanche",'Avalanche workings'!$AV$19,'Snowball workings'!$AV$19)) | T17: =IF(OR(12>$Z$1,NOT(OR('Your debts'!$B$13<>"",N('Your debts'!$C$13)>0))),"",IF('Your debts'!$D$20="Avalanche",'Avalanche workings'!$S$19,'Snowball workings'!$S$19)+IF('Your debts'!$D$20="Avalanche",'Avalanche workings'!$AM$19,'Snowball workings'!$AM$19)) | U17: =IF(OR(12>$Z$1,NOT(OR('Your debts'!$B$13<>"",N('Your debts'!$C$13)>0))),"",IF('Your debts'!$D$20="Avalanche",'Avalanche workings'!$AW$19,'Snowball workings'!$AW$19)) | V17: =IF(OR(12>$Z$1,NOT(OR('Your debts'!$B$14<>"",N('Your debts'!$C$14)>0))),"",IF('Your debts'!$D$20="Avalanche",'Avalanche workings'!$T$19,'Snowball workings'!$T$19)+IF('Your debts'!$D$20="Avalanche",'Avalanche workings'!$AN$19,'Snowball workings'!$AN$19)) | W17: =IF(OR(12>$Z$1,NOT(OR('Your debts'!$B$14<>"",N('Your debts'!$C$14)>0))),"",IF('Your debts'!$D$20="Avalanche",'Avalanche workings'!$AX$19,'Snowball workings'!$AX$19)) | X17: =IF(OR(12>$Z$1,NOT(OR('Your debts'!$B$15<>"",N('Your debts'!$C$15)>0))),"",IF('Your debts'!$D$20="Avalanche",'Avalanche workings'!$U$19,'Snowball workings'!$U$19)+IF('Your debts'!$D$20="Avalanche",'Avalanche workings'!$AO$19,'Snowball workings'!$AO$19)) | Y17: =IF(OR(12>$Z$1,NOT(OR('Your debts'!$B$15<>"",N('Your debts'!$C$15)>0))),"",IF('Your debts'!$D$20="Avalanche",'Avalanche workings'!$AY$19,'Snowball workings'!$AY$19))
A18: =IF(13>$Z$1,"",13) | B18: =IF(13>$Z$1,"",EDATE('Your debts'!$D$21,12)) | C18: =IF(13>$Z$1,"",IF('Your debts'!$D$20="Avalanche",'Avalanche workings'!$BC$20,'Snowball workings'!$BC$20)) | D18: =IF(13>$Z$1,"",IF('Your debts'!$D$20="Avalanche",'Avalanche workings'!$BA$20,'Snowball workings'!$BA$20)) | E18: =IF(13>$Z$1,"",IF('Your debts'!$D$20="Avalanche",'Avalanche workings'!$BB$20,'Snowball workings'!$BB$20)) | F18: =IF(OR(13>$Z$1,NOT(OR('Your debts'!$B$6<>"",N('Your debts'!$C$6)>0))),"",IF('Your debts'!$D$20="Avalanche",'Avalanche workings'!$L$20,'Snowball workings'!$L$20)+IF('Your debts'!$D$20="Avalanche",'Avalanche workings'!$AF$20,'Snowball workings'!$AF$20)) | G18: =IF(OR(13>$Z$1,NOT(OR('Your debts'!$B$6<>"",N('Your debts'!$C$6)>0))),"",IF('Your debts'!$D$20="Avalanche",'Avalanche workings'!$AP$20,'Snowball workings'!$AP$20)) | H18: =IF(OR(13>$Z$1,NOT(OR('Your debts'!$B$7<>"",N('Your debts'!$C$7)>0))),"",IF('Your debts'!$D$20="Avalanche",'Avalanche workings'!$M$20,'Snowball workings'!$M$20)+IF('Your debts'!$D$20="Avalanche",'Avalanche workings'!$AG$20,'Snowball workings'!$AG$20)) | I18: =IF(OR(13>$Z$1,NOT(OR('Your debts'!$B$7<>"",N('Your debts'!$C$7)>0))),"",IF('Your debts'!$D$20="Avalanche",'Avalanche workings'!$AQ$20,'Snowball workings'!$AQ$20)) | J18: =IF(OR(13>$Z$1,NOT(OR('Your debts'!$B$8<>"",N('Your debts'!$C$8)>0))),"",IF('Your debts'!$D$20="Avalanche",'Avalanche workings'!$N$20,'Snowball workings'!$N$20)+IF('Your debts'!$D$20="Avalanche",'Avalanche workings'!$AH$20,'Snowball workings'!$AH$20)) | K18: =IF(OR(13>$Z$1,NOT(OR('Your debts'!$B$8<>"",N('Your debts'!$C$8)>0))),"",IF('Your debts'!$D$20="Avalanche",'Avalanche workings'!$AR$20,'Snowball workings'!$AR$20)) | L18: =IF(OR(13>$Z$1,NOT(OR('Your debts'!$B$9<>"",N('Your debts'!$C$9)>0))),"",IF('Your debts'!$D$20="Avalanche",'Avalanche workings'!$O$20,'Snowball workings'!$O$20)+IF('Your debts'!$D$20="Avalanche",'Avalanche workings'!$AI$20,'Snowball workings'!$AI$20)) | M18: =IF(OR(13>$Z$1,NOT(OR('Your debts'!$B$9<>"",N('Your debts'!$C$9)>0))),"",IF('Your debts'!$D$20="Avalanche",'Avalanche workings'!$AS$20,'Snowball workings'!$AS$20)) | N18: =IF(OR(13>$Z$1,NOT(OR('Your debts'!$B$10<>"",N('Your debts'!$C$10)>0))),"",IF('Your debts'!$D$20="Avalanche",'Avalanche workings'!$P$20,'Snowball workings'!$P$20)+IF('Your debts'!$D$20="Avalanche",'Avalanche workings'!$AJ$20,'Snowball workings'!$AJ$20)) | O18: =IF(OR(13>$Z$1,NOT(OR('Your debts'!$B$10<>"",N('Your debts'!$C$10)>0))),"",IF('Your debts'!$D$20="Avalanche",'Avalanche workings'!$AT$20,'Snowball workings'!$AT$20)) | P18: =IF(OR(13>$Z$1,NOT(OR('Your debts'!$B$11<>"",N('Your debts'!$C$11)>0))),"",IF('Your debts'!$D$20="Avalanche",'Avalanche workings'!$Q$20,'Snowball workings'!$Q$20)+IF('Your debts'!$D$20="Avalanche",'Avalanche workings'!$AK$20,'Snowball workings'!$AK$20)) | Q18: =IF(OR(13>$Z$1,NOT(OR('Your debts'!$B$11<>"",N('Your debts'!$C$11)>0))),"",IF('Your debts'!$D$20="Avalanche",'Avalanche workings'!$AU$20,'Snowball workings'!$AU$20)) | R18: =IF(OR(13>$Z$1,NOT(OR('Your debts'!$B$12<>"",N('Your debts'!$C$12)>0))),"",IF('Your debts'!$D$20="Avalanche",'Avalanche workings'!$R$20,'Snowball workings'!$R$20)+IF('Your debts'!$D$20="Avalanche",'Avalanche workings'!$AL$20,'Snowball workings'!$AL$20)) | S18: =IF(OR(13>$Z$1,NOT(OR('Your debts'!$B$12<>"",N('Your debts'!$C$12)>0))),"",IF('Your debts'!$D$20="Avalanche",'Avalanche workings'!$AV$20,'Snowball workings'!$AV$20)) | T18: =IF(OR(13>$Z$1,NOT(OR('Your debts'!$B$13<>"",N('Your debts'!$C$13)>0))),"",IF('Your debts'!$D$20="Avalanche",'Avalanche workings'!$S$20,'Snowball workings'!$S$20)+IF('Your debts'!$D$20="Avalanche",'Avalanche workings'!$AM$20,'Snowball workings'!$AM$20)) | U18: =IF(OR(13>$Z$1,NOT(OR('Your debts'!$B$13<>"",N('Your debts'!$C$13)>0))),"",IF('Your debts'!$D$20="Avalanche",'Avalanche workings'!$AW$20,'Snowball workings'!$AW$20)) | V18: =IF(OR(13>$Z$1,NOT(OR('Your debts'!$B$14<>"",N('Your debts'!$C$14)>0))),"",IF('Your debts'!$D$20="Avalanche",'Avalanche workings'!$T$20,'Snowball workings'!$T$20)+IF('Your debts'!$D$20="Avalanche",'Avalanche workings'!$AN$20,'Snowball workings'!$AN$20)) | W18: =IF(OR(13>$Z$1,NOT(OR('Your debts'!$B$14<>"",N('Your debts'!$C$14)>0))),"",IF('Your debts'!$D$20="Avalanche",'Avalanche workings'!$AX$20,'Snowball workings'!$AX$20)) | X18: =IF(OR(13>$Z$1,NOT(OR('Your debts'!$B$15<>"",N('Your debts'!$C$15)>0))),"",IF('Your debts'!$D$20="Avalanche",'Avalanche workings'!$U$20,'Snowball workings'!$U$20)+IF('Your debts'!$D$20="Avalanche",'Avalanche workings'!$AO$20,'Snowball workings'!$AO$20)) | Y18: =IF(OR(13>$Z$1,NOT(OR('Your debts'!$B$15<>"",N('Your debts'!$C$15)>0))),"",IF('Your debts'!$D$20="Avalanche",'Avalanche workings'!$AY$20,'Snowball workings'!$AY$20))
A19: =IF(14>$Z$1,"",14) | B19: =IF(14>$Z$1,"",EDATE('Your debts'!$D$21,13)) | C19: =IF(14>$Z$1,"",IF('Your debts'!$D$20="Avalanche",'Avalanche workings'!$BC$21,'Snowball workings'!$BC$21)) | D19: =IF(14>$Z$1,"",IF('Your debts'!$D$20="Avalanche",'Avalanche workings'!$BA$21,'Snowball workings'!$BA$21)) | E19: =IF(14>$Z$1,"",IF('Your debts'!$D$20="Avalanche",'Avalanche workings'!$BB$21,'Snowball workings'!$BB$21)) | F19: =IF(OR(14>$Z$1,NOT(OR('Your debts'!$B$6<>"",N('Your debts'!$C$6)>0))),"",IF('Your debts'!$D$20="Avalanche",'Avalanche workings'!$L$21,'Snowball workings'!$L$21)+IF('Your debts'!$D$20="Avalanche",'Avalanche workings'!$AF$21,'Snowball workings'!$AF$21)) | G19: =IF(OR(14>$Z$1,NOT(OR('Your debts'!$B$6<>"",N('Your debts'!$C$6)>0))),"",IF('Your debts'!$D$20="Avalanche",'Avalanche workings'!$AP$21,'Snowball workings'!$AP$21)) | H19: =IF(OR(14>$Z$1,NOT(OR('Your debts'!$B$7<>"",N('Your debts'!$C$7)>0))),"",IF('Your debts'!$D$20="Avalanche",'Avalanche workings'!$M$21,'Snowball workings'!$M$21)+IF('Your debts'!$D$20="Avalanche",'Avalanche workings'!$AG$21,'Snowball workings'!$AG$21)) | I19: =IF(OR(14>$Z$1,NOT(OR('Your debts'!$B$7<>"",N('Your debts'!$C$7)>0))),"",IF('Your debts'!$D$20="Avalanche",'Avalanche workings'!$AQ$21,'Snowball workings'!$AQ$21)) | J19: =IF(OR(14>$Z$1,NOT(OR('Your debts'!$B$8<>"",N('Your debts'!$C$8)>0))),"",IF('Your debts'!$D$20="Avalanche",'Avalanche workings'!$N$21,'Snowball workings'!$N$21)+IF('Your debts'!$D$20="Avalanche",'Avalanche workings'!$AH$21,'Snowball workings'!$AH$21)) | K19: =IF(OR(14>$Z$1,NOT(OR('Your debts'!$B$8<>"",N('Your debts'!$C$8)>0))),"",IF('Your debts'!$D$20="Avalanche",'Avalanche workings'!$AR$21,'Snowball workings'!$AR$21)) | L19: =IF(OR(14>$Z$1,NOT(OR('Your debts'!$B$9<>"",N('Your debts'!$C$9)>0))),"",IF('Your debts'!$D$20="Avalanche",'Avalanche workings'!$O$21,'Snowball workings'!$O$21)+IF('Your debts'!$D$20="Avalanche",'Avalanche workings'!$AI$21,'Snowball workings'!$AI$21)) | M19: =IF(OR(14>$Z$1,NOT(OR('Your debts'!$B$9<>"",N('Your debts'!$C$9)>0))),"",IF('Your debts'!$D$20="Avalanche",'Avalanche workings'!$AS$21,'Snowball workings'!$AS$21)) | N19: =IF(OR(14>$Z$1,NOT(OR('Your debts'!$B$10<>"",N('Your debts'!$C$10)>0))),"",IF('Your debts'!$D$20="Avalanche",'Avalanche workings'!$P$21,'Snowball workings'!$P$21)+IF('Your debts'!$D$20="Avalanche",'Avalanche workings'!$AJ$21,'Snowball workings'!$AJ$21)) | O19: =IF(OR(14>$Z$1,NOT(OR('Your debts'!$B$10<>"",N('Your debts'!$C$10)>0))),"",IF('Your debts'!$D$20="Avalanche",'Avalanche workings'!$AT$21,'Snowball workings'!$AT$21)) | P19: =IF(OR(14>$Z$1,NOT(OR('Your debts'!$B$11<>"",N('Your debts'!$C$11)>0))),"",IF('Your debts'!$D$20="Avalanche",'Avalanche workings'!$Q$21,'Snowball workings'!$Q$21)+IF('Your debts'!$D$20="Avalanche",'Avalanche workings'!$AK$21,'Snowball workings'!$AK$21)) | Q19: =IF(OR(14>$Z$1,NOT(OR('Your debts'!$B$11<>"",N('Your debts'!$C$11)>0))),"",IF('Your debts'!$D$20="Avalanche",'Avalanche workings'!$AU$21,'Snowball workings'!$AU$21)) | R19: =IF(OR(14>$Z$1,NOT(OR('Your debts'!$B$12<>"",N('Your debts'!$C$12)>0))),"",IF('Your debts'!$D$20="Avalanche",'Avalanche workings'!$R$21,'Snowball workings'!$R$21)+IF('Your debts'!$D$20="Avalanche",'Avalanche workings'!$AL$21,'Snowball workings'!$AL$21)) | S19: =IF(OR(14>$Z$1,NOT(OR('Your debts'!$B$12<>"",N('Your debts'!$C$12)>0))),"",IF('Your debts'!$D$20="Avalanche",'Avalanche workings'!$AV$21,'Snowball workings'!$AV$21)) | T19: =IF(OR(14>$Z$1,NOT(OR('Your debts'!$B$13<>"",N('Your debts'!$C$13)>0))),"",IF('Your debts'!$D$20="Avalanche",'Avalanche workings'!$S$21,'Snowball workings'!$S$21)+IF('Your debts'!$D$20="Avalanche",'Avalanche workings'!$AM$21,'Snowball workings'!$AM$21)) | U19: =IF(OR(14>$Z$1,NOT(OR('Your debts'!$B$13<>"",N('Your debts'!$C$13)>0))),"",IF('Your debts'!$D$20="Avalanche",'Avalanche workings'!$AW$21,'Snowball workings'!$AW$21)) | V19: =IF(OR(14>$Z$1,NOT(OR('Your debts'!$B$14<>"",N('Your debts'!$C$14)>0))),"",IF('Your debts'!$D$20="Avalanche",'Avalanche workings'!$T$21,'Snowball workings'!$T$21)+IF('Your debts'!$D$20="Avalanche",'Avalanche workings'!$AN$21,'Snowball workings'!$AN$21)) | W19: =IF(OR(14>$Z$1,NOT(OR('Your debts'!$B$14<>"",N('Your debts'!$C$14)>0))),"",IF('Your debts'!$D$20="Avalanche",'Avalanche workings'!$AX$21,'Snowball workings'!$AX$21)) | X19: =IF(OR(14>$Z$1,NOT(OR('Your debts'!$B$15<>"",N('Your debts'!$C$15)>0))),"",IF('Your debts'!$D$20="Avalanche",'Avalanche workings'!$U$21,'Snowball workings'!$U$21)+IF('Your debts'!$D$20="Avalanche",'Avalanche workings'!$AO$21,'Snowball workings'!$AO$21)) | Y19: =IF(OR(14>$Z$1,NOT(OR('Your debts'!$B$15<>"",N('Your debts'!$C$15)>0))),"",IF('Your debts'!$D$20="Avalanche",'Avalanche workings'!$AY$21,'Snowball workings'!$AY$21))
A20: =IF(15>$Z$1,"",15) | B20: =IF(15>$Z$1,"",EDATE('Your debts'!$D$21,14)) | C20: =IF(15>$Z$1,"",IF('Your debts'!$D$20="Avalanche",'Avalanche workings'!$BC$22,'Snowball workings'!$BC$22)) | D20: =IF(15>$Z$1,"",IF('Your debts'!$D$20="Avalanche",'Avalanche workings'!$BA$22,'Snowball workings'!$BA$22)) | E20: =IF(15>$Z$1,"",IF('Your debts'!$D$20="Avalanche",'Avalanche workings'!$BB$22,'Snowball workings'!$BB$22)) | F20: =IF(OR(15>$Z$1,NOT(OR('Your debts'!$B$6<>"",N('Your debts'!$C$6)>0))),"",IF('Your debts'!$D$20="Avalanche",'Avalanche workings'!$L$22,'Snowball workings'!$L$22)+IF('Your debts'!$D$20="Avalanche",'Avalanche workings'!$AF$22,'Snowball workings'!$AF$22)) | G20: =IF(OR(15>$Z$1,NOT(OR('Your debts'!$B$6<>"",N('Your debts'!$C$6)>0))),"",IF('Your debts'!$D$20="Avalanche",'Avalanche workings'!$AP$22,'Snowball workings'!$AP$22)) | H20: =IF(OR(15>$Z$1,NOT(OR('Your debts'!$B$7<>"",N('Your debts'!$C$7)>0))),"",IF('Your debts'!$D$20="Avalanche",'Avalanche workings'!$M$22,'Snowball workings'!$M$22)+IF('Your debts'!$D$20="Avalanche",'Avalanche workings'!$AG$22,'Snowball workings'!$AG$22)) | I20: =IF(OR(15>$Z$1,NOT(OR('Your debts'!$B$7<>"",N('Your debts'!$C$7)>0))),"",IF('Your debts'!$D$20="Avalanche",'Avalanche workings'!$AQ$22,'Snowball workings'!$AQ$22)) | J20: =IF(OR(15>$Z$1,NOT(OR('Your debts'!$B$8<>"",N('Your debts'!$C$8)>0))),"",IF('Your debts'!$D$20="Avalanche",'Avalanche workings'!$N$22,'Snowball workings'!$N$22)+IF('Your debts'!$D$20="Avalanche",'Avalanche workings'!$AH$22,'Snowball workings'!$AH$22)) | K20: =IF(OR(15>$Z$1,NOT(OR('Your debts'!$B$8<>"",N('Your debts'!$C$8)>0))),"",IF('Your debts'!$D$20="Avalanche",'Avalanche workings'!$AR$22,'Snowball workings'!$AR$22)) | L20: =IF(OR(15>$Z$1,NOT(OR('Your debts'!$B$9<>"",N('Your debts'!$C$9)>0))),"",IF('Your debts'!$D$20="Avalanche",'Avalanche workings'!$O$22,'Snowball workings'!$O$22)+IF('Your debts'!$D$20="Avalanche",'Avalanche workings'!$AI$22,'Snowball workings'!$AI$22)) | M20: =IF(OR(15>$Z$1,NOT(OR('Your debts'!$B$9<>"",N('Your debts'!$C$9)>0))),"",IF('Your debts'!$D$20="Avalanche",'Avalanche workings'!$AS$22,'Snowball workings'!$AS$22)) | N20: =IF(OR(15>$Z$1,NOT(OR('Your debts'!$B$10<>"",N('Your debts'!$C$10)>0))),"",IF('Your debts'!$D$20="Avalanche",'Avalanche workings'!$P$22,'Snowball workings'!$P$22)+IF('Your debts'!$D$20="Avalanche",'Avalanche workings'!$AJ$22,'Snowball workings'!$AJ$22)) | O20: =IF(OR(15>$Z$1,NOT(OR('Your debts'!$B$10<>"",N('Your debts'!$C$10)>0))),"",IF('Your debts'!$D$20="Avalanche",'Avalanche workings'!$AT$22,'Snowball workings'!$AT$22)) | P20: =IF(OR(15>$Z$1,NOT(OR('Your debts'!$B$11<>"",N('Your debts'!$C$11)>0))),"",IF('Your debts'!$D$20="Avalanche",'Avalanche workings'!$Q$22,'Snowball workings'!$Q$22)+IF('Your debts'!$D$20="Avalanche",'Avalanche workings'!$AK$22,'Snowball workings'!$AK$22)) | Q20: =IF(OR(15>$Z$1,NOT(OR('Your debts'!$B$11<>"",N('Your debts'!$C$11)>0))),"",IF('Your debts'!$D$20="Avalanche",'Avalanche workings'!$AU$22,'Snowball workings'!$AU$22)) | R20: =IF(OR(15>$Z$1,NOT(OR('Your debts'!$B$12<>"",N('Your debts'!$C$12)>0))),"",IF('Your debts'!$D$20="Avalanche",'Avalanche workings'!$R$22,'Snowball workings'!$R$22)+IF('Your debts'!$D$20="Avalanche",'Avalanche workings'!$AL$22,'Snowball workings'!$AL$22)) | S20: =IF(OR(15>$Z$1,NOT(OR('Your debts'!$B$12<>"",N('Your debts'!$C$12)>0))),"",IF('Your debts'!$D$20="Avalanche",'Avalanche workings'!$AV$22,'Snowball workings'!$AV$22)) | T20: =IF(OR(15>$Z$1,NOT(OR('Your debts'!$B$13<>"",N('Your debts'!$C$13)>0))),"",IF('Your debts'!$D$20="Avalanche",'Avalanche workings'!$S$22,'Snowball workings'!$S$22)+IF('Your debts'!$D$20="Avalanche",'Avalanche workings'!$AM$22,'Snowball workings'!$AM$22)) | U20: =IF(OR(15>$Z$1,NOT(OR('Your debts'!$B$13<>"",N('Your debts'!$C$13)>0))),"",IF('Your debts'!$D$20="Avalanche",'Avalanche workings'!$AW$22,'Snowball workings'!$AW$22)) | V20: =IF(OR(15>$Z$1,NOT(OR('Your debts'!$B$14<>"",N('Your debts'!$C$14)>0))),"",IF('Your debts'!$D$20="Avalanche",'Avalanche workings'!$T$22,'Snowball workings'!$T$22)+IF('Your debts'!$D$20="Avalanche",'Avalanche workings'!$AN$22,'Snowball workings'!$AN$22)) | W20: =IF(OR(15>$Z$1,NOT(OR('Your debts'!$B$14<>"",N('Your debts'!$C$14)>0))),"",IF('Your debts'!$D$20="Avalanche",'Avalanche workings'!$AX$22,'Snowball workings'!$AX$22)) | X20: =IF(OR(15>$Z$1,NOT(OR('Your debts'!$B$15<>"",N('Your debts'!$C$15)>0))),"",IF('Your debts'!$D$20="Avalanche",'Avalanche workings'!$U$22,'Snowball workings'!$U$22)+IF('Your debts'!$D$20="Avalanche",'Avalanche workings'!$AO$22,'Snowball workings'!$AO$22)) | Y20: =IF(OR(15>$Z$1,NOT(OR('Your debts'!$B$15<>"",N('Your debts'!$C$15)>0))),"",IF('Your debts'!$D$20="Avalanche",'Avalanche workings'!$AY$22,'Snowball workings'!$AY$22))
A21: =IF(16>$Z$1,"",16) | B21: =IF(16>$Z$1,"",EDATE('Your debts'!$D$21,15)) | C21: =IF(16>$Z$1,"",IF('Your debts'!$D$20="Avalanche",'Avalanche workings'!$BC$23,'Snowball workings'!$BC$23)) | D21: =IF(16>$Z$1,"",IF('Your debts'!$D$20="Avalanche",'Avalanche workings'!$BA$23,'Snowball workings'!$BA$23)) | E21: =IF(16>$Z$1,"",IF('Your debts'!$D$20="Avalanche",'Avalanche workings'!$BB$23,'Snowball workings'!$BB$23)) | F21: =IF(OR(16>$Z$1,NOT(OR('Your debts'!$B$6<>"",N('Your debts'!$C$6)>0))),"",IF('Your debts'!$D$20="Avalanche",'Avalanche workings'!$L$23,'Snowball workings'!$L$23)+IF('Your debts'!$D$20="Avalanche",'Avalanche workings'!$AF$23,'Snowball workings'!$AF$23)) | G21: =IF(OR(16>$Z$1,NOT(OR('Your debts'!$B$6<>"",N('Your debts'!$C$6)>0))),"",IF('Your debts'!$D$20="Avalanche",'Avalanche workings'!$AP$23,'Snowball workings'!$AP$23)) | H21: =IF(OR(16>$Z$1,NOT(OR('Your debts'!$B$7<>"",N('Your debts'!$C$7)>0))),"",IF('Your debts'!$D$20="Avalanche",'Avalanche workings'!$M$23,'Snowball workings'!$M$23)+IF('Your debts'!$D$20="Avalanche",'Avalanche workings'!$AG$23,'Snowball workings'!$AG$23)) | I21: =IF(OR(16>$Z$1,NOT(OR('Your debts'!$B$7<>"",N('Your debts'!$C$7)>0))),"",IF('Your debts'!$D$20="Avalanche",'Avalanche workings'!$AQ$23,'Snowball workings'!$AQ$23)) | J21: =IF(OR(16>$Z$1,NOT(OR('Your debts'!$B$8<>"",N('Your debts'!$C$8)>0))),"",IF('Your debts'!$D$20="Avalanche",'Avalanche workings'!$N$23,'Snowball workings'!$N$23)+IF('Your debts'!$D$20="Avalanche",'Avalanche workings'!$AH$23,'Snowball workings'!$AH$23)) | K21: =IF(OR(16>$Z$1,NOT(OR('Your debts'!$B$8<>"",N('Your debts'!$C$8)>0))),"",IF('Your debts'!$D$20="Avalanche",'Avalanche workings'!$AR$23,'Snowball workings'!$AR$23)) | L21: =IF(OR(16>$Z$1,NOT(OR('Your debts'!$B$9<>"",N('Your debts'!$C$9)>0))),"",IF('Your debts'!$D$20="Avalanche",'Avalanche workings'!$O$23,'Snowball workings'!$O$23)+IF('Your debts'!$D$20="Avalanche",'Avalanche workings'!$AI$23,'Snowball workings'!$AI$23)) | M21: =IF(OR(16>$Z$1,NOT(OR('Your debts'!$B$9<>"",N('Your debts'!$C$9)>0))),"",IF('Your debts'!$D$20="Avalanche",'Avalanche workings'!$AS$23,'Snowball workings'!$AS$23)) | N21: =IF(OR(16>$Z$1,NOT(OR('Your debts'!$B$10<>"",N('Your debts'!$C$10)>0))),"",IF('Your debts'!$D$20="Avalanche",'Avalanche workings'!$P$23,'Snowball workings'!$P$23)+IF('Your debts'!$D$20="Avalanche",'Avalanche workings'!$AJ$23,'Snowball workings'!$AJ$23)) | O21: =IF(OR(16>$Z$1,NOT(OR('Your debts'!$B$10<>"",N('Your debts'!$C$10)>0))),"",IF('Your debts'!$D$20="Avalanche",'Avalanche workings'!$AT$23,'Snowball workings'!$AT$23)) | P21: =IF(OR(16>$Z$1,NOT(OR('Your debts'!$B$11<>"",N('Your debts'!$C$11)>0))),"",IF('Your debts'!$D$20="Avalanche",'Avalanche workings'!$Q$23,'Snowball workings'!$Q$23)+IF('Your debts'!$D$20="Avalanche",'Avalanche workings'!$AK$23,'Snowball workings'!$AK$23)) | Q21: =IF(OR(16>$Z$1,NOT(OR('Your debts'!$B$11<>"",N('Your debts'!$C$11)>0))),"",IF('Your debts'!$D$20="Avalanche",'Avalanche workings'!$AU$23,'Snowball workings'!$AU$23)) | R21: =IF(OR(16>$Z$1,NOT(OR('Your debts'!$B$12<>"",N('Your debts'!$C$12)>0))),"",IF('Your debts'!$D$20="Avalanche",'Avalanche workings'!$R$23,'Snowball workings'!$R$23)+IF('Your debts'!$D$20="Avalanche",'Avalanche workings'!$AL$23,'Snowball workings'!$AL$23)) | S21: =IF(OR(16>$Z$1,NOT(OR('Your debts'!$B$12<>"",N('Your debts'!$C$12)>0))),"",IF('Your debts'!$D$20="Avalanche",'Avalanche workings'!$AV$23,'Snowball workings'!$AV$23)) | T21: =IF(OR(16>$Z$1,NOT(OR('Your debts'!$B$13<>"",N('Your debts'!$C$13)>0))),"",IF('Your debts'!$D$20="Avalanche",'Avalanche workings'!$S$23,'Snowball workings'!$S$23)+IF('Your debts'!$D$20="Avalanche",'Avalanche workings'!$AM$23,'Snowball workings'!$AM$23)) | U21: =IF(OR(16>$Z$1,NOT(OR('Your debts'!$B$13<>"",N('Your debts'!$C$13)>0))),"",IF('Your debts'!$D$20="Avalanche",'Avalanche workings'!$AW$23,'Snowball workings'!$AW$23)) | V21: =IF(OR(16>$Z$1,NOT(OR('Your debts'!$B$14<>"",N('Your debts'!$C$14)>0))),"",IF('Your debts'!$D$20="Avalanche",'Avalanche workings'!$T$23,'Snowball workings'!$T$23)+IF('Your debts'!$D$20="Avalanche",'Avalanche workings'!$AN$23,'Snowball workings'!$AN$23)) | W21: =IF(OR(16>$Z$1,NOT(OR('Your debts'!$B$14<>"",N('Your debts'!$C$14)>0))),"",IF('Your debts'!$D$20="Avalanche",'Avalanche workings'!$AX$23,'Snowball workings'!$AX$23)) | X21: =IF(OR(16>$Z$1,NOT(OR('Your debts'!$B$15<>"",N('Your debts'!$C$15)>0))),"",IF('Your debts'!$D$20="Avalanche",'Avalanche workings'!$U$23,'Snowball workings'!$U$23)+IF('Your debts'!$D$20="Avalanche",'Avalanche workings'!$AO$23,'Snowball workings'!$AO$23)) | Y21: =IF(OR(16>$Z$1,NOT(OR('Your debts'!$B$15<>"",N('Your debts'!$C$15)>0))),"",IF('Your debts'!$D$20="Avalanche",'Avalanche workings'!$AY$23,'Snowball workings'!$AY$23))
A22: =IF(17>$Z$1,"",17) | B22: =IF(17>$Z$1,"",EDATE('Your debts'!$D$21,16)) | C22: =IF(17>$Z$1,"",IF('Your debts'!$D$20="Avalanche",'Avalanche workings'!$BC$24,'Snowball workings'!$BC$24)) | D22: =IF(17>$Z$1,"",IF('Your debts'!$D$20="Avalanche",'Avalanche workings'!$BA$24,'Snowball workings'!$BA$24)) | E22: =IF(17>$Z$1,"",IF('Your debts'!$D$20="Avalanche",'Avalanche workings'!$BB$24,'Snowball workings'!$BB$24)) | F22: =IF(OR(17>$Z$1,NOT(OR('Your debts'!$B$6<>"",N('Your debts'!$C$6)>0))),"",IF('Your debts'!$D$20="Avalanche",'Avalanche workings'!$L$24,'Snowball workings'!$L$24)+IF('Your debts'!$D$20="Avalanche",'Avalanche workings'!$AF$24,'Snowball workings'!$AF$24)) | G22: =IF(OR(17>$Z$1,NOT(OR('Your debts'!$B$6<>"",N('Your debts'!$C$6)>0))),"",IF('Your debts'!$D$20="Avalanche",'Avalanche workings'!$AP$24,'Snowball workings'!$AP$24)) | H22: =IF(OR(17>$Z$1,NOT(OR('Your debts'!$B$7<>"",N('Your debts'!$C$7)>0))),"",IF('Your debts'!$D$20="Avalanche",'Avalanche workings'!$M$24,'Snowball workings'!$M$24)+IF('Your debts'!$D$20="Avalanche",'Avalanche workings'!$AG$24,'Snowball workings'!$AG$24)) | I22: =IF(OR(17>$Z$1,NOT(OR('Your debts'!$B$7<>"",N('Your debts'!$C$7)>0))),"",IF('Your debts'!$D$20="Avalanche",'Avalanche workings'!$AQ$24,'Snowball workings'!$AQ$24)) | J22: =IF(OR(17>$Z$1,NOT(OR('Your debts'!$B$8<>"",N('Your debts'!$C$8)>0))),"",IF('Your debts'!$D$20="Avalanche",'Avalanche workings'!$N$24,'Snowball workings'!$N$24)+IF('Your debts'!$D$20="Avalanche",'Avalanche workings'!$AH$24,'Snowball workings'!$AH$24)) | K22: =IF(OR(17>$Z$1,NOT(OR('Your debts'!$B$8<>"",N('Your debts'!$C$8)>0))),"",IF('Your debts'!$D$20="Avalanche",'Avalanche workings'!$AR$24,'Snowball workings'!$AR$24)) | L22: =IF(OR(17>$Z$1,NOT(OR('Your debts'!$B$9<>"",N('Your debts'!$C$9)>0))),"",IF('Your debts'!$D$20="Avalanche",'Avalanche workings'!$O$24,'Snowball workings'!$O$24)+IF('Your debts'!$D$20="Avalanche",'Avalanche workings'!$AI$24,'Snowball workings'!$AI$24)) | M22: =IF(OR(17>$Z$1,NOT(OR('Your debts'!$B$9<>"",N('Your debts'!$C$9)>0))),"",IF('Your debts'!$D$20="Avalanche",'Avalanche workings'!$AS$24,'Snowball workings'!$AS$24)) | N22: =IF(OR(17>$Z$1,NOT(OR('Your debts'!$B$10<>"",N('Your debts'!$C$10)>0))),"",IF('Your debts'!$D$20="Avalanche",'Avalanche workings'!$P$24,'Snowball workings'!$P$24)+IF('Your debts'!$D$20="Avalanche",'Avalanche workings'!$AJ$24,'Snowball workings'!$AJ$24)) | O22: =IF(OR(17>$Z$1,NOT(OR('Your debts'!$B$10<>"",N('Your debts'!$C$10)>0))),"",IF('Your debts'!$D$20="Avalanche",'Avalanche workings'!$AT$24,'Snowball workings'!$AT$24)) | P22: =IF(OR(17>$Z$1,NOT(OR('Your debts'!$B$11<>"",N('Your debts'!$C$11)>0))),"",IF('Your debts'!$D$20="Avalanche",'Avalanche workings'!$Q$24,'Snowball workings'!$Q$24)+IF('Your debts'!$D$20="Avalanche",'Avalanche workings'!$AK$24,'Snowball workings'!$AK$24)) | Q22: =IF(OR(17>$Z$1,NOT(OR('Your debts'!$B$11<>"",N('Your debts'!$C$11)>0))),"",IF('Your debts'!$D$20="Avalanche",'Avalanche workings'!$AU$24,'Snowball workings'!$AU$24)) | R22: =IF(OR(17>$Z$1,NOT(OR('Your debts'!$B$12<>"",N('Your debts'!$C$12)>0))),"",IF('Your debts'!$D$20="Avalanche",'Avalanche workings'!$R$24,'Snowball workings'!$R$24)+IF('Your debts'!$D$20="Avalanche",'Avalanche workings'!$AL$24,'Snowball workings'!$AL$24)) | S22: =IF(OR(17>$Z$1,NOT(OR('Your debts'!$B$12<>"",N('Your debts'!$C$12)>0))),"",IF('Your debts'!$D$20="Avalanche",'Avalanche workings'!$AV$24,'Snowball workings'!$AV$24)) | T22: =IF(OR(17>$Z$1,NOT(OR('Your debts'!$B$13<>"",N('Your debts'!$C$13)>0))),"",IF('Your debts'!$D$20="Avalanche",'Avalanche workings'!$S$24,'Snowball workings'!$S$24)+IF('Your debts'!$D$20="Avalanche",'Avalanche workings'!$AM$24,'Snowball workings'!$AM$24)) | U22: =IF(OR(17>$Z$1,NOT(OR('Your debts'!$B$13<>"",N('Your debts'!$C$13)>0))),"",IF('Your debts'!$D$20="Avalanche",'Avalanche workings'!$AW$24,'Snowball workings'!$AW$24)) | V22: =IF(OR(17>$Z$1,NOT(OR('Your debts'!$B$14<>"",N('Your debts'!$C$14)>0))),"",IF('Your debts'!$D$20="Avalanche",'Avalanche workings'!$T$24,'Snowball workings'!$T$24)+IF('Your debts'!$D$20="Avalanche",'Avalanche workings'!$AN$24,'Snowball workings'!$AN$24)) | W22: =IF(OR(17>$Z$1,NOT(OR('Your debts'!$B$14<>"",N('Your debts'!$C$14)>0))),"",IF('Your debts'!$D$20="Avalanche",'Avalanche workings'!$AX$24,'Snowball workings'!$AX$24)) | X22: =IF(OR(17>$Z$1,NOT(OR('Your debts'!$B$15<>"",N('Your debts'!$C$15)>0))),"",IF('Your debts'!$D$20="Avalanche",'Avalanche workings'!$U$24,'Snowball workings'!$U$24)+IF('Your debts'!$D$20="Avalanche",'Avalanche workings'!$AO$24,'Snowball workings'!$AO$24)) | Y22: =IF(OR(17>$Z$1,NOT(OR('Your debts'!$B$15<>"",N('Your debts'!$C$15)>0))),"",IF('Your debts'!$D$20="Avalanche",'Avalanche workings'!$AY$24,'Snowball workings'!$AY$24))
A23: =IF(18>$Z$1,"",18) | B23: =IF(18>$Z$1,"",EDATE('Your debts'!$D$21,17)) | C23: =IF(18>$Z$1,"",IF('Your debts'!$D$20="Avalanche",'Avalanche workings'!$BC$25,'Snowball workings'!$BC$25)) | D23: =IF(18>$Z$1,"",IF('Your debts'!$D$20="Avalanche",'Avalanche workings'!$BA$25,'Snowball workings'!$BA$25)) | E23: =IF(18>$Z$1,"",IF('Your debts'!$D$20="Avalanche",'Avalanche workings'!$BB$25,'Snowball workings'!$BB$25)) | F23: =IF(OR(18>$Z$1,NOT(OR('Your debts'!$B$6<>"",N('Your debts'!$C$6)>0))),"",IF('Your debts'!$D$20="Avalanche",'Avalanche workings'!$L$25,'Snowball workings'!$L$25)+IF('Your debts'!$D$20="Avalanche",'Avalanche workings'!$AF$25,'Snowball workings'!$AF$25)) | G23: =IF(OR(18>$Z$1,NOT(OR('Your debts'!$B$6<>"",N('Your debts'!$C$6)>0))),"",IF('Your debts'!$D$20="Avalanche",'Avalanche workings'!$AP$25,'Snowball workings'!$AP$25)) | H23: =IF(OR(18>$Z$1,NOT(OR('Your debts'!$B$7<>"",N('Your debts'!$C$7)>0))),"",IF('Your debts'!$D$20="Avalanche",'Avalanche workings'!$M$25,'Snowball workings'!$M$25)+IF('Your debts'!$D$20="Avalanche",'Avalanche workings'!$AG$25,'Snowball workings'!$AG$25)) | I23: =IF(OR(18>$Z$1,NOT(OR('Your debts'!$B$7<>"",N('Your debts'!$C$7)>0))),"",IF('Your debts'!$D$20="Avalanche",'Avalanche workings'!$AQ$25,'Snowball workings'!$AQ$25)) | J23: =IF(OR(18>$Z$1,NOT(OR('Your debts'!$B$8<>"",N('Your debts'!$C$8)>0))),"",IF('Your debts'!$D$20="Avalanche",'Avalanche workings'!$N$25,'Snowball workings'!$N$25)+IF('Your debts'!$D$20="Avalanche",'Avalanche workings'!$AH$25,'Snowball workings'!$AH$25)) | K23: =IF(OR(18>$Z$1,NOT(OR('Your debts'!$B$8<>"",N('Your debts'!$C$8)>0))),"",IF('Your debts'!$D$20="Avalanche",'Avalanche workings'!$AR$25,'Snowball workings'!$AR$25)) | L23: =IF(OR(18>$Z$1,NOT(OR('Your debts'!$B$9<>"",N('Your debts'!$C$9)>0))),"",IF('Your debts'!$D$20="Avalanche",'Avalanche workings'!$O$25,'Snowball workings'!$O$25)+IF('Your debts'!$D$20="Avalanche",'Avalanche workings'!$AI$25,'Snowball workings'!$AI$25)) | M23: =IF(OR(18>$Z$1,NOT(OR('Your debts'!$B$9<>"",N('Your debts'!$C$9)>0))),"",IF('Your debts'!$D$20="Avalanche",'Avalanche workings'!$AS$25,'Snowball workings'!$AS$25)) | N23: =IF(OR(18>$Z$1,NOT(OR('Your debts'!$B$10<>"",N('Your debts'!$C$10)>0))),"",IF('Your debts'!$D$20="Avalanche",'Avalanche workings'!$P$25,'Snowball workings'!$P$25)+IF('Your debts'!$D$20="Avalanche",'Avalanche workings'!$AJ$25,'Snowball workings'!$AJ$25)) | O23: =IF(OR(18>$Z$1,NOT(OR('Your debts'!$B$10<>"",N('Your debts'!$C$10)>0))),"",IF('Your debts'!$D$20="Avalanche",'Avalanche workings'!$AT$25,'Snowball workings'!$AT$25)) | P23: =IF(OR(18>$Z$1,NOT(OR('Your debts'!$B$11<>"",N('Your debts'!$C$11)>0))),"",IF('Your debts'!$D$20="Avalanche",'Avalanche workings'!$Q$25,'Snowball workings'!$Q$25)+IF('Your debts'!$D$20="Avalanche",'Avalanche workings'!$AK$25,'Snowball workings'!$AK$25)) | Q23: =IF(OR(18>$Z$1,NOT(OR('Your debts'!$B$11<>"",N('Your debts'!$C$11)>0))),"",IF('Your debts'!$D$20="Avalanche",'Avalanche workings'!$AU$25,'Snowball workings'!$AU$25)) | R23: =IF(OR(18>$Z$1,NOT(OR('Your debts'!$B$12<>"",N('Your debts'!$C$12)>0))),"",IF('Your debts'!$D$20="Avalanche",'Avalanche workings'!$R$25,'Snowball workings'!$R$25)+IF('Your debts'!$D$20="Avalanche",'Avalanche workings'!$AL$25,'Snowball workings'!$AL$25)) | S23: =IF(OR(18>$Z$1,NOT(OR('Your debts'!$B$12<>"",N('Your debts'!$C$12)>0))),"",IF('Your debts'!$D$20="Avalanche",'Avalanche workings'!$AV$25,'Snowball workings'!$AV$25)) | T23: =IF(OR(18>$Z$1,NOT(OR('Your debts'!$B$13<>"",N('Your debts'!$C$13)>0))),"",IF('Your debts'!$D$20="Avalanche",'Avalanche workings'!$S$25,'Snowball workings'!$S$25)+IF('Your debts'!$D$20="Avalanche",'Avalanche workings'!$AM$25,'Snowball workings'!$AM$25)) | U23: =IF(OR(18>$Z$1,NOT(OR('Your debts'!$B$13<>"",N('Your debts'!$C$13)>0))),"",IF('Your debts'!$D$20="Avalanche",'Avalanche workings'!$AW$25,'Snowball workings'!$AW$25)) | V23: =IF(OR(18>$Z$1,NOT(OR('Your debts'!$B$14<>"",N('Your debts'!$C$14)>0))),"",IF('Your debts'!$D$20="Avalanche",'Avalanche workings'!$T$25,'Snowball workings'!$T$25)+IF('Your debts'!$D$20="Avalanche",'Avalanche workings'!$AN$25,'Snowball workings'!$AN$25)) | W23: =IF(OR(18>$Z$1,NOT(OR('Your debts'!$B$14<>"",N('Your debts'!$C$14)>0))),"",IF('Your debts'!$D$20="Avalanche",'Avalanche workings'!$AX$25,'Snowball workings'!$AX$25)) | X23: =IF(OR(18>$Z$1,NOT(OR('Your debts'!$B$15<>"",N('Your debts'!$C$15)>0))),"",IF('Your debts'!$D$20="Avalanche",'Avalanche workings'!$U$25,'Snowball workings'!$U$25)+IF('Your debts'!$D$20="Avalanche",'Avalanche workings'!$AO$25,'Snowball workings'!$AO$25)) | Y23: =IF(OR(18>$Z$1,NOT(OR('Your debts'!$B$15<>"",N('Your debts'!$C$15)>0))),"",IF('Your debts'!$D$20="Avalanche",'Avalanche workings'!$AY$25,'Snowball workings'!$AY$25))
A24: =IF(19>$Z$1,"",19) | B24: =IF(19>$Z$1,"",EDATE('Your debts'!$D$21,18)) | C24: =IF(19>$Z$1,"",IF('Your debts'!$D$20="Avalanche",'Avalanche workings'!$BC$26,'Snowball workings'!$BC$26)) | D24: =IF(19>$Z$1,"",IF('Your debts'!$D$20="Avalanche",'Avalanche workings'!$BA$26,'Snowball workings'!$BA$26)) | E24: =IF(19>$Z$1,"",IF('Your debts'!$D$20="Avalanche",'Avalanche workings'!$BB$26,'Snowball workings'!$BB$26)) | F24: =IF(OR(19>$Z$1,NOT(OR('Your debts'!$B$6<>"",N('Your debts'!$C$6)>0))),"",IF('Your debts'!$D$20="Avalanche",'Avalanche workings'!$L$26,'Snowball workings'!$L$26)+IF('Your debts'!$D$20="Avalanche",'Avalanche workings'!$AF$26,'Snowball workings'!$AF$26)) | G24: =IF(OR(19>$Z$1,NOT(OR('Your debts'!$B$6<>"",N('Your debts'!$C$6)>0))),"",IF('Your debts'!$D$20="Avalanche",'Avalanche workings'!$AP$26,'Snowball workings'!$AP$26)) | H24: =IF(OR(19>$Z$1,NOT(OR('Your debts'!$B$7<>"",N('Your debts'!$C$7)>0))),"",IF('Your debts'!$D$20="Avalanche",'Avalanche workings'!$M$26,'Snowball workings'!$M$26)+IF('Your debts'!$D$20="Avalanche",'Avalanche workings'!$AG$26,'Snowball workings'!$AG$26)) | I24: =IF(OR(19>$Z$1,NOT(OR('Your debts'!$B$7<>"",N('Your debts'!$C$7)>0))),"",IF('Your debts'!$D$20="Avalanche",'Avalanche workings'!$AQ$26,'Snowball workings'!$AQ$26)) | J24: =IF(OR(19>$Z$1,NOT(OR('Your debts'!$B$8<>"",N('Your debts'!$C$8)>0))),"",IF('Your debts'!$D$20="Avalanche",'Avalanche workings'!$N$26,'Snowball workings'!$N$26)+IF('Your debts'!$D$20="Avalanche",'Avalanche workings'!$AH$26,'Snowball workings'!$AH$26)) | K24: =IF(OR(19>$Z$1,NOT(OR('Your debts'!$B$8<>"",N('Your debts'!$C$8)>0))),"",IF('Your debts'!$D$20="Avalanche",'Avalanche workings'!$AR$26,'Snowball workings'!$AR$26)) | L24: =IF(OR(19>$Z$1,NOT(OR('Your debts'!$B$9<>"",N('Your debts'!$C$9)>0))),"",IF('Your debts'!$D$20="Avalanche",'Avalanche workings'!$O$26,'Snowball workings'!$O$26)+IF('Your debts'!$D$20="Avalanche",'Avalanche workings'!$AI$26,'Snowball workings'!$AI$26)) | M24: =IF(OR(19>$Z$1,NOT(OR('Your debts'!$B$9<>"",N('Your debts'!$C$9)>0))),"",IF('Your debts'!$D$20="Avalanche",'Avalanche workings'!$AS$26,'Snowball workings'!$AS$26)) | N24: =IF(OR(19>$Z$1,NOT(OR('Your debts'!$B$10<>"",N('Your debts'!$C$10)>0))),"",IF('Your debts'!$D$20="Avalanche",'Avalanche workings'!$P$26,'Snowball workings'!$P$26)+IF('Your debts'!$D$20="Avalanche",'Avalanche workings'!$AJ$26,'Snowball workings'!$AJ$26)) | O24: =IF(OR(19>$Z$1,NOT(OR('Your debts'!$B$10<>"",N('Your debts'!$C$10)>0))),"",IF('Your debts'!$D$20="Avalanche",'Avalanche workings'!$AT$26,'Snowball workings'!$AT$26)) | P24: =IF(OR(19>$Z$1,NOT(OR('Your debts'!$B$11<>"",N('Your debts'!$C$11)>0))),"",IF('Your debts'!$D$20="Avalanche",'Avalanche workings'!$Q$26,'Snowball workings'!$Q$26)+IF('Your debts'!$D$20="Avalanche",'Avalanche workings'!$AK$26,'Snowball workings'!$AK$26)) | Q24: =IF(OR(19>$Z$1,NOT(OR('Your debts'!$B$11<>"",N('Your debts'!$C$11)>0))),"",IF('Your debts'!$D$20="Avalanche",'Avalanche workings'!$AU$26,'Snowball workings'!$AU$26)) | R24: =IF(OR(19>$Z$1,NOT(OR('Your debts'!$B$12<>"",N('Your debts'!$C$12)>0))),"",IF('Your debts'!$D$20="Avalanche",'Avalanche workings'!$R$26,'Snowball workings'!$R$26)+IF('Your debts'!$D$20="Avalanche",'Avalanche workings'!$AL$26,'Snowball workings'!$AL$26)) | S24: =IF(OR(19>$Z$1,NOT(OR('Your debts'!$B$12<>"",N('Your debts'!$C$12)>0))),"",IF('Your debts'!$D$20="Avalanche",'Avalanche workings'!$AV$26,'Snowball workings'!$AV$26)) | T24: =IF(OR(19>$Z$1,NOT(OR('Your debts'!$B$13<>"",N('Your debts'!$C$13)>0))),"",IF('Your debts'!$D$20="Avalanche",'Avalanche workings'!$S$26,'Snowball workings'!$S$26)+IF('Your debts'!$D$20="Avalanche",'Avalanche workings'!$AM$26,'Snowball workings'!$AM$26)) | U24: =IF(OR(19>$Z$1,NOT(OR('Your debts'!$B$13<>"",N('Your debts'!$C$13)>0))),"",IF('Your debts'!$D$20="Avalanche",'Avalanche workings'!$AW$26,'Snowball workings'!$AW$26)) | V24: =IF(OR(19>$Z$1,NOT(OR('Your debts'!$B$14<>"",N('Your debts'!$C$14)>0))),"",IF('Your debts'!$D$20="Avalanche",'Avalanche workings'!$T$26,'Snowball workings'!$T$26)+IF('Your debts'!$D$20="Avalanche",'Avalanche workings'!$AN$26,'Snowball workings'!$AN$26)) | W24: =IF(OR(19>$Z$1,NOT(OR('Your debts'!$B$14<>"",N('Your debts'!$C$14)>0))),"",IF('Your debts'!$D$20="Avalanche",'Avalanche workings'!$AX$26,'Snowball workings'!$AX$26)) | X24: =IF(OR(19>$Z$1,NOT(OR('Your debts'!$B$15<>"",N('Your debts'!$C$15)>0))),"",IF('Your debts'!$D$20="Avalanche",'Avalanche workings'!$U$26,'Snowball workings'!$U$26)+IF('Your debts'!$D$20="Avalanche",'Avalanche workings'!$AO$26,'Snowball workings'!$AO$26)) | Y24: =IF(OR(19>$Z$1,NOT(OR('Your debts'!$B$15<>"",N('Your debts'!$C$15)>0))),"",IF('Your debts'!$D$20="Avalanche",'Avalanche workings'!$AY$26,'Snowball workings'!$AY$26))
A25: =IF(20>$Z$1,"",20) | B25: =IF(20>$Z$1,"",EDATE('Your debts'!$D$21,19)) | C25: =IF(20>$Z$1,"",IF('Your debts'!$D$20="Avalanche",'Avalanche workings'!$BC$27,'Snowball workings'!$BC$27)) | D25: =IF(20>$Z$1,"",IF('Your debts'!$D$20="Avalanche",'Avalanche workings'!$BA$27,'Snowball workings'!$BA$27)) | E25: =IF(20>$Z$1,"",IF('Your debts'!$D$20="Avalanche",'Avalanche workings'!$BB$27,'Snowball workings'!$BB$27)) | F25: =IF(OR(20>$Z$1,NOT(OR('Your debts'!$B$6<>"",N('Your debts'!$C$6)>0))),"",IF('Your debts'!$D$20="Avalanche",'Avalanche workings'!$L$27,'Snowball workings'!$L$27)+IF('Your debts'!$D$20="Avalanche",'Avalanche workings'!$AF$27,'Snowball workings'!$AF$27)) | G25: =IF(OR(20>$Z$1,NOT(OR('Your debts'!$B$6<>"",N('Your debts'!$C$6)>0))),"",IF('Your debts'!$D$20="Avalanche",'Avalanche workings'!$AP$27,'Snowball workings'!$AP$27)) | H25: =IF(OR(20>$Z$1,NOT(OR('Your debts'!$B$7<>"",N('Your debts'!$C$7)>0))),"",IF('Your debts'!$D$20="Avalanche",'Avalanche workings'!$M$27,'Snowball workings'!$M$27)+IF('Your debts'!$D$20="Avalanche",'Avalanche workings'!$AG$27,'Snowball workings'!$AG$27)) | I25: =IF(OR(20>$Z$1,NOT(OR('Your debts'!$B$7<>"",N('Your debts'!$C$7)>0))),"",IF('Your debts'!$D$20="Avalanche",'Avalanche workings'!$AQ$27,'Snowball workings'!$AQ$27)) | J25: =IF(OR(20>$Z$1,NOT(OR('Your debts'!$B$8<>"",N('Your debts'!$C$8)>0))),"",IF('Your debts'!$D$20="Avalanche",'Avalanche workings'!$N$27,'Snowball workings'!$N$27)+IF('Your debts'!$D$20="Avalanche",'Avalanche workings'!$AH$27,'Snowball workings'!$AH$27)) | K25: =IF(OR(20>$Z$1,NOT(OR('Your debts'!$B$8<>"",N('Your debts'!$C$8)>0))),"",IF('Your debts'!$D$20="Avalanche",'Avalanche workings'!$AR$27,'Snowball workings'!$AR$27)) | L25: =IF(OR(20>$Z$1,NOT(OR('Your debts'!$B$9<>"",N('Your debts'!$C$9)>0))),"",IF('Your debts'!$D$20="Avalanche",'Avalanche workings'!$O$27,'Snowball workings'!$O$27)+IF('Your debts'!$D$20="Avalanche",'Avalanche workings'!$AI$27,'Snowball workings'!$AI$27)) | M25: =IF(OR(20>$Z$1,NOT(OR('Your debts'!$B$9<>"",N('Your debts'!$C$9)>0))),"",IF('Your debts'!$D$20="Avalanche",'Avalanche workings'!$AS$27,'Snowball workings'!$AS$27)) | N25: =IF(OR(20>$Z$1,NOT(OR('Your debts'!$B$10<>"",N('Your debts'!$C$10)>0))),"",IF('Your debts'!$D$20="Avalanche",'Avalanche workings'!$P$27,'Snowball workings'!$P$27)+IF('Your debts'!$D$20="Avalanche",'Avalanche workings'!$AJ$27,'Snowball workings'!$AJ$27)) | O25: =IF(OR(20>$Z$1,NOT(OR('Your debts'!$B$10<>"",N('Your debts'!$C$10)>0))),"",IF('Your debts'!$D$20="Avalanche",'Avalanche workings'!$AT$27,'Snowball workings'!$AT$27)) | P25: =IF(OR(20>$Z$1,NOT(OR('Your debts'!$B$11<>"",N('Your debts'!$C$11)>0))),"",IF('Your debts'!$D$20="Avalanche",'Avalanche workings'!$Q$27,'Snowball workings'!$Q$27)+IF('Your debts'!$D$20="Avalanche",'Avalanche workings'!$AK$27,'Snowball workings'!$AK$27)) | Q25: =IF(OR(20>$Z$1,NOT(OR('Your debts'!$B$11<>"",N('Your debts'!$C$11)>0))),"",IF('Your debts'!$D$20="Avalanche",'Avalanche workings'!$AU$27,'Snowball workings'!$AU$27)) | R25: =IF(OR(20>$Z$1,NOT(OR('Your debts'!$B$12<>"",N('Your debts'!$C$12)>0))),"",IF('Your debts'!$D$20="Avalanche",'Avalanche workings'!$R$27,'Snowball workings'!$R$27)+IF('Your debts'!$D$20="Avalanche",'Avalanche workings'!$AL$27,'Snowball workings'!$AL$27)) | S25: =IF(OR(20>$Z$1,NOT(OR('Your debts'!$B$12<>"",N('Your debts'!$C$12)>0))),"",IF('Your debts'!$D$20="Avalanche",'Avalanche workings'!$AV$27,'Snowball workings'!$AV$27)) | T25: =IF(OR(20>$Z$1,NOT(OR('Your debts'!$B$13<>"",N('Your debts'!$C$13)>0))),"",IF('Your debts'!$D$20="Avalanche",'Avalanche workings'!$S$27,'Snowball workings'!$S$27)+IF('Your debts'!$D$20="Avalanche",'Avalanche workings'!$AM$27,'Snowball workings'!$AM$27)) | U25: =IF(OR(20>$Z$1,NOT(OR('Your debts'!$B$13<>"",N('Your debts'!$C$13)>0))),"",IF('Your debts'!$D$20="Avalanche",'Avalanche workings'!$AW$27,'Snowball workings'!$AW$27)) | V25: =IF(OR(20>$Z$1,NOT(OR('Your debts'!$B$14<>"",N('Your debts'!$C$14)>0))),"",IF('Your debts'!$D$20="Avalanche",'Avalanche workings'!$T$27,'Snowball workings'!$T$27)+IF('Your debts'!$D$20="Avalanche",'Avalanche workings'!$AN$27,'Snowball workings'!$AN$27)) | W25: =IF(OR(20>$Z$1,NOT(OR('Your debts'!$B$14<>"",N('Your debts'!$C$14)>0))),"",IF('Your debts'!$D$20="Avalanche",'Avalanche workings'!$AX$27,'Snowball workings'!$AX$27)) | X25: =IF(OR(20>$Z$1,NOT(OR('Your debts'!$B$15<>"",N('Your debts'!$C$15)>0))),"",IF('Your debts'!$D$20="Avalanche",'Avalanche workings'!$U$27,'Snowball workings'!$U$27)+IF('Your debts'!$D$20="Avalanche",'Avalanche workings'!$AO$27,'Snowball workings'!$AO$27)) | Y25: =IF(OR(20>$Z$1,NOT(OR('Your debts'!$B$15<>"",N('Your debts'!$C$15)>0))),"",IF('Your debts'!$D$20="Avalanche",'Avalanche workings'!$AY$27,'Snowball workings'!$AY$27))
A26: =IF(21>$Z$1,"",21) | B26: =IF(21>$Z$1,"",EDATE('Your debts'!$D$21,20)) | C26: =IF(21>$Z$1,"",IF('Your debts'!$D$20="Avalanche",'Avalanche workings'!$BC$28,'Snowball workings'!$BC$28)) | D26: =IF(21>$Z$1,"",IF('Your debts'!$D$20="Avalanche",'Avalanche workings'!$BA$28,'Snowball workings'!$BA$28)) | E26: =IF(21>$Z$1,"",IF('Your debts'!$D$20="Avalanche",'Avalanche workings'!$BB$28,'Snowball workings'!$BB$28)) | F26: =IF(OR(21>$Z$1,NOT(OR('Your debts'!$B$6<>"",N('Your debts'!$C$6)>0))),"",IF('Your debts'!$D$20="Avalanche",'Avalanche workings'!$L$28,'Snowball workings'!$L$28)+IF('Your debts'!$D$20="Avalanche",'Avalanche workings'!$AF$28,'Snowball workings'!$AF$28)) | G26: =IF(OR(21>$Z$1,NOT(OR('Your debts'!$B$6<>"",N('Your debts'!$C$6)>0))),"",IF('Your debts'!$D$20="Avalanche",'Avalanche workings'!$AP$28,'Snowball workings'!$AP$28)) | H26: =IF(OR(21>$Z$1,NOT(OR('Your debts'!$B$7<>"",N('Your debts'!$C$7)>0))),"",IF('Your debts'!$D$20="Avalanche",'Avalanche workings'!$M$28,'Snowball workings'!$M$28)+IF('Your debts'!$D$20="Avalanche",'Avalanche workings'!$AG$28,'Snowball workings'!$AG$28)) | I26: =IF(OR(21>$Z$1,NOT(OR('Your debts'!$B$7<>"",N('Your debts'!$C$7)>0))),"",IF('Your debts'!$D$20="Avalanche",'Avalanche workings'!$AQ$28,'Snowball workings'!$AQ$28)) | J26: =IF(OR(21>$Z$1,NOT(OR('Your debts'!$B$8<>"",N('Your debts'!$C$8)>0))),"",IF('Your debts'!$D$20="Avalanche",'Avalanche workings'!$N$28,'Snowball workings'!$N$28)+IF('Your debts'!$D$20="Avalanche",'Avalanche workings'!$AH$28,'Snowball workings'!$AH$28)) | K26: =IF(OR(21>$Z$1,NOT(OR('Your debts'!$B$8<>"",N('Your debts'!$C$8)>0))),"",IF('Your debts'!$D$20="Avalanche",'Avalanche workings'!$AR$28,'Snowball workings'!$AR$28)) | L26: =IF(OR(21>$Z$1,NOT(OR('Your debts'!$B$9<>"",N('Your debts'!$C$9)>0))),"",IF('Your debts'!$D$20="Avalanche",'Avalanche workings'!$O$28,'Snowball workings'!$O$28)+IF('Your debts'!$D$20="Avalanche",'Avalanche workings'!$AI$28,'Snowball workings'!$AI$28)) | M26: =IF(OR(21>$Z$1,NOT(OR('Your debts'!$B$9<>"",N('Your debts'!$C$9)>0))),"",IF('Your debts'!$D$20="Avalanche",'Avalanche workings'!$AS$28,'Snowball workings'!$AS$28)) | N26: =IF(OR(21>$Z$1,NOT(OR('Your debts'!$B$10<>"",N('Your debts'!$C$10)>0))),"",IF('Your debts'!$D$20="Avalanche",'Avalanche workings'!$P$28,'Snowball workings'!$P$28)+IF('Your debts'!$D$20="Avalanche",'Avalanche workings'!$AJ$28,'Snowball workings'!$AJ$28)) | O26: =IF(OR(21>$Z$1,NOT(OR('Your debts'!$B$10<>"",N('Your debts'!$C$10)>0))),"",IF('Your debts'!$D$20="Avalanche",'Avalanche workings'!$AT$28,'Snowball workings'!$AT$28)) | P26: =IF(OR(21>$Z$1,NOT(OR('Your debts'!$B$11<>"",N('Your debts'!$C$11)>0))),"",IF('Your debts'!$D$20="Avalanche",'Avalanche workings'!$Q$28,'Snowball workings'!$Q$28)+IF('Your debts'!$D$20="Avalanche",'Avalanche workings'!$AK$28,'Snowball workings'!$AK$28)) | Q26: =IF(OR(21>$Z$1,NOT(OR('Your debts'!$B$11<>"",N('Your debts'!$C$11)>0))),"",IF('Your debts'!$D$20="Avalanche",'Avalanche workings'!$AU$28,'Snowball workings'!$AU$28)) | R26: =IF(OR(21>$Z$1,NOT(OR('Your debts'!$B$12<>"",N('Your debts'!$C$12)>0))),"",IF('Your debts'!$D$20="Avalanche",'Avalanche workings'!$R$28,'Snowball workings'!$R$28)+IF('Your debts'!$D$20="Avalanche",'Avalanche workings'!$AL$28,'Snowball workings'!$AL$28)) | S26: =IF(OR(21>$Z$1,NOT(OR('Your debts'!$B$12<>"",N('Your debts'!$C$12)>0))),"",IF('Your debts'!$D$20="Avalanche",'Avalanche workings'!$AV$28,'Snowball workings'!$AV$28)) | T26: =IF(OR(21>$Z$1,NOT(OR('Your debts'!$B$13<>"",N('Your debts'!$C$13)>0))),"",IF('Your debts'!$D$20="Avalanche",'Avalanche workings'!$S$28,'Snowball workings'!$S$28)+IF('Your debts'!$D$20="Avalanche",'Avalanche workings'!$AM$28,'Snowball workings'!$AM$28)) | U26: =IF(OR(21>$Z$1,NOT(OR('Your debts'!$B$13<>"",N('Your debts'!$C$13)>0))),"",IF('Your debts'!$D$20="Avalanche",'Avalanche workings'!$AW$28,'Snowball workings'!$AW$28)) | V26: =IF(OR(21>$Z$1,NOT(OR('Your debts'!$B$14<>"",N('Your debts'!$C$14)>0))),"",IF('Your debts'!$D$20="Avalanche",'Avalanche workings'!$T$28,'Snowball workings'!$T$28)+IF('Your debts'!$D$20="Avalanche",'Avalanche workings'!$AN$28,'Snowball workings'!$AN$28)) | W26: =IF(OR(21>$Z$1,NOT(OR('Your debts'!$B$14<>"",N('Your debts'!$C$14)>0))),"",IF('Your debts'!$D$20="Avalanche",'Avalanche workings'!$AX$28,'Snowball workings'!$AX$28)) | X26: =IF(OR(21>$Z$1,NOT(OR('Your debts'!$B$15<>"",N('Your debts'!$C$15)>0))),"",IF('Your debts'!$D$20="Avalanche",'Avalanche workings'!$U$28,'Snowball workings'!$U$28)+IF('Your debts'!$D$20="Avalanche",'Avalanche workings'!$AO$28,'Snowball workings'!$AO$28)) | Y26: =IF(OR(21>$Z$1,NOT(OR('Your debts'!$B$15<>"",N('Your debts'!$C$15)>0))),"",IF('Your debts'!$D$20="Avalanche",'Avalanche workings'!$AY$28,'Snowball workings'!$AY$28))
A27: =IF(22>$Z$1,"",22) | B27: =IF(22>$Z$1,"",EDATE('Your debts'!$D$21,21)) | C27: =IF(22>$Z$1,"",IF('Your debts'!$D$20="Avalanche",'Avalanche workings'!$BC$29,'Snowball workings'!$BC$29)) | D27: =IF(22>$Z$1,"",IF('Your debts'!$D$20="Avalanche",'Avalanche workings'!$BA$29,'Snowball workings'!$BA$29)) | E27: =IF(22>$Z$1,"",IF('Your debts'!$D$20="Avalanche",'Avalanche workings'!$BB$29,'Snowball workings'!$BB$29)) | F27: =IF(OR(22>$Z$1,NOT(OR('Your debts'!$B$6<>"",N('Your debts'!$C$6)>0))),"",IF('Your debts'!$D$20="Avalanche",'Avalanche workings'!$L$29,'Snowball workings'!$L$29)+IF('Your debts'!$D$20="Avalanche",'Avalanche workings'!$AF$29,'Snowball workings'!$AF$29)) | G27: =IF(OR(22>$Z$1,NOT(OR('Your debts'!$B$6<>"",N('Your debts'!$C$6)>0))),"",IF('Your debts'!$D$20="Avalanche",'Avalanche workings'!$AP$29,'Snowball workings'!$AP$29)) | H27: =IF(OR(22>$Z$1,NOT(OR('Your debts'!$B$7<>"",N('Your debts'!$C$7)>0))),"",IF('Your debts'!$D$20="Avalanche",'Avalanche workings'!$M$29,'Snowball workings'!$M$29)+IF('Your debts'!$D$20="Avalanche",'Avalanche workings'!$AG$29,'Snowball workings'!$AG$29)) | I27: =IF(OR(22>$Z$1,NOT(OR('Your debts'!$B$7<>"",N('Your debts'!$C$7)>0))),"",IF('Your debts'!$D$20="Avalanche",'Avalanche workings'!$AQ$29,'Snowball workings'!$AQ$29)) | J27: =IF(OR(22>$Z$1,NOT(OR('Your debts'!$B$8<>"",N('Your debts'!$C$8)>0))),"",IF('Your debts'!$D$20="Avalanche",'Avalanche workings'!$N$29,'Snowball workings'!$N$29)+IF('Your debts'!$D$20="Avalanche",'Avalanche workings'!$AH$29,'Snowball workings'!$AH$29)) | K27: =IF(OR(22>$Z$1,NOT(OR('Your debts'!$B$8<>"",N('Your debts'!$C$8)>0))),"",IF('Your debts'!$D$20="Avalanche",'Avalanche workings'!$AR$29,'Snowball workings'!$AR$29)) | L27: =IF(OR(22>$Z$1,NOT(OR('Your debts'!$B$9<>"",N('Your debts'!$C$9)>0))),"",IF('Your debts'!$D$20="Avalanche",'Avalanche workings'!$O$29,'Snowball workings'!$O$29)+IF('Your debts'!$D$20="Avalanche",'Avalanche workings'!$AI$29,'Snowball workings'!$AI$29)) | M27: =IF(OR(22>$Z$1,NOT(OR('Your debts'!$B$9<>"",N('Your debts'!$C$9)>0))),"",IF('Your debts'!$D$20="Avalanche",'Avalanche workings'!$AS$29,'Snowball workings'!$AS$29)) | N27: =IF(OR(22>$Z$1,NOT(OR('Your debts'!$B$10<>"",N('Your debts'!$C$10)>0))),"",IF('Your debts'!$D$20="Avalanche",'Avalanche workings'!$P$29,'Snowball workings'!$P$29)+IF('Your debts'!$D$20="Avalanche",'Avalanche workings'!$AJ$29,'Snowball workings'!$AJ$29)) | O27: =IF(OR(22>$Z$1,NOT(OR('Your debts'!$B$10<>"",N('Your debts'!$C$10)>0))),"",IF('Your debts'!$D$20="Avalanche",'Avalanche workings'!$AT$29,'Snowball workings'!$AT$29)) | P27: =IF(OR(22>$Z$1,NOT(OR('Your debts'!$B$11<>"",N('Your debts'!$C$11)>0))),"",IF('Your debts'!$D$20="Avalanche",'Avalanche workings'!$Q$29,'Snowball workings'!$Q$29)+IF('Your debts'!$D$20="Avalanche",'Avalanche workings'!$AK$29,'Snowball workings'!$AK$29)) | Q27: =IF(OR(22>$Z$1,NOT(OR('Your debts'!$B$11<>"",N('Your debts'!$C$11)>0))),"",IF('Your debts'!$D$20="Avalanche",'Avalanche workings'!$AU$29,'Snowball workings'!$AU$29)) | R27: =IF(OR(22>$Z$1,NOT(OR('Your debts'!$B$12<>"",N('Your debts'!$C$12)>0))),"",IF('Your debts'!$D$20="Avalanche",'Avalanche workings'!$R$29,'Snowball workings'!$R$29)+IF('Your debts'!$D$20="Avalanche",'Avalanche workings'!$AL$29,'Snowball workings'!$AL$29)) | S27: =IF(OR(22>$Z$1,NOT(OR('Your debts'!$B$12<>"",N('Your debts'!$C$12)>0))),"",IF('Your debts'!$D$20="Avalanche",'Avalanche workings'!$AV$29,'Snowball workings'!$AV$29)) | T27: =IF(OR(22>$Z$1,NOT(OR('Your debts'!$B$13<>"",N('Your debts'!$C$13)>0))),"",IF('Your debts'!$D$20="Avalanche",'Avalanche workings'!$S$29,'Snowball workings'!$S$29)+IF('Your debts'!$D$20="Avalanche",'Avalanche workings'!$AM$29,'Snowball workings'!$AM$29)) | U27: =IF(OR(22>$Z$1,NOT(OR('Your debts'!$B$13<>"",N('Your debts'!$C$13)>0))),"",IF('Your debts'!$D$20="Avalanche",'Avalanche workings'!$AW$29,'Snowball workings'!$AW$29)) | V27: =IF(OR(22>$Z$1,NOT(OR('Your debts'!$B$14<>"",N('Your debts'!$C$14)>0))),"",IF('Your debts'!$D$20="Avalanche",'Avalanche workings'!$T$29,'Snowball workings'!$T$29)+IF('Your debts'!$D$20="Avalanche",'Avalanche workings'!$AN$29,'Snowball workings'!$AN$29)) | W27: =IF(OR(22>$Z$1,NOT(OR('Your debts'!$B$14<>"",N('Your debts'!$C$14)>0))),"",IF('Your debts'!$D$20="Avalanche",'Avalanche workings'!$AX$29,'Snowball workings'!$AX$29)) | X27: =IF(OR(22>$Z$1,NOT(OR('Your debts'!$B$15<>"",N('Your debts'!$C$15)>0))),"",IF('Your debts'!$D$20="Avalanche",'Avalanche workings'!$U$29,'Snowball workings'!$U$29)+IF('Your debts'!$D$20="Avalanche",'Avalanche workings'!$AO$29,'Snowball workings'!$AO$29)) | Y27: =IF(OR(22>$Z$1,NOT(OR('Your debts'!$B$15<>"",N('Your debts'!$C$15)>0))),"",IF('Your debts'!$D$20="Avalanche",'Avalanche workings'!$AY$29,'Snowball workings'!$AY$29))
A28: =IF(23>$Z$1,"",23) | B28: =IF(23>$Z$1,"",EDATE('Your debts'!$D$21,22)) | C28: =IF(23>$Z$1,"",IF('Your debts'!$D$20="Avalanche",'Avalanche workings'!$BC$30,'Snowball workings'!$BC$30)) | D28: =IF(23>$Z$1,"",IF('Your debts'!$D$20="Avalanche",'Avalanche workings'!$BA$30,'Snowball workings'!$BA$30)) | E28: =IF(23>$Z$1,"",IF('Your debts'!$D$20="Avalanche",'Avalanche workings'!$BB$30,'Snowball workings'!$BB$30)) | F28: =IF(OR(23>$Z$1,NOT(OR('Your debts'!$B$6<>"",N('Your debts'!$C$6)>0))),"",IF('Your debts'!$D$20="Avalanche",'Avalanche workings'!$L$30,'Snowball workings'!$L$30)+IF('Your debts'!$D$20="Avalanche",'Avalanche workings'!$AF$30,'Snowball workings'!$AF$30)) | G28: =IF(OR(23>$Z$1,NOT(OR('Your debts'!$B$6<>"",N('Your debts'!$C$6)>0))),"",IF('Your debts'!$D$20="Avalanche",'Avalanche workings'!$AP$30,'Snowball workings'!$AP$30)) | H28: =IF(OR(23>$Z$1,NOT(OR('Your debts'!$B$7<>"",N('Your debts'!$C$7)>0))),"",IF('Your debts'!$D$20="Avalanche",'Avalanche workings'!$M$30,'Snowball workings'!$M$30)+IF('Your debts'!$D$20="Avalanche",'Avalanche workings'!$AG$30,'Snowball workings'!$AG$30)) | I28: =IF(OR(23>$Z$1,NOT(OR('Your debts'!$B$7<>"",N('Your debts'!$C$7)>0))),"",IF('Your debts'!$D$20="Avalanche",'Avalanche workings'!$AQ$30,'Snowball workings'!$AQ$30)) | J28: =IF(OR(23>$Z$1,NOT(OR('Your debts'!$B$8<>"",N('Your debts'!$C$8)>0))),"",IF('Your debts'!$D$20="Avalanche",'Avalanche workings'!$N$30,'Snowball workings'!$N$30)+IF('Your debts'!$D$20="Avalanche",'Avalanche workings'!$AH$30,'Snowball workings'!$AH$30)) | K28: =IF(OR(23>$Z$1,NOT(OR('Your debts'!$B$8<>"",N('Your debts'!$C$8)>0))),"",IF('Your debts'!$D$20="Avalanche",'Avalanche workings'!$AR$30,'Snowball workings'!$AR$30)) | L28: =IF(OR(23>$Z$1,NOT(OR('Your debts'!$B$9<>"",N('Your debts'!$C$9)>0))),"",IF('Your debts'!$D$20="Avalanche",'Avalanche workings'!$O$30,'Snowball workings'!$O$30)+IF('Your debts'!$D$20="Avalanche",'Avalanche workings'!$AI$30,'Snowball workings'!$AI$30)) | M28: =IF(OR(23>$Z$1,NOT(OR('Your debts'!$B$9<>"",N('Your debts'!$C$9)>0))),"",IF('Your debts'!$D$20="Avalanche",'Avalanche workings'!$AS$30,'Snowball workings'!$AS$30)) | N28: =IF(OR(23>$Z$1,NOT(OR('Your debts'!$B$10<>"",N('Your debts'!$C$10)>0))),"",IF('Your debts'!$D$20="Avalanche",'Avalanche workings'!$P$30,'Snowball workings'!$P$30)+IF('Your debts'!$D$20="Avalanche",'Avalanche workings'!$AJ$30,'Snowball workings'!$AJ$30)) | O28: =IF(OR(23>$Z$1,NOT(OR('Your debts'!$B$10<>"",N('Your debts'!$C$10)>0))),"",IF('Your debts'!$D$20="Avalanche",'Avalanche workings'!$AT$30,'Snowball workings'!$AT$30)) | P28: =IF(OR(23>$Z$1,NOT(OR('Your debts'!$B$11<>"",N('Your debts'!$C$11)>0))),"",IF('Your debts'!$D$20="Avalanche",'Avalanche workings'!$Q$30,'Snowball workings'!$Q$30)+IF('Your debts'!$D$20="Avalanche",'Avalanche workings'!$AK$30,'Snowball workings'!$AK$30)) | Q28: =IF(OR(23>$Z$1,NOT(OR('Your debts'!$B$11<>"",N('Your debts'!$C$11)>0))),"",IF('Your debts'!$D$20="Avalanche",'Avalanche workings'!$AU$30,'Snowball workings'!$AU$30)) | R28: =IF(OR(23>$Z$1,NOT(OR('Your debts'!$B$12<>"",N('Your debts'!$C$12)>0))),"",IF('Your debts'!$D$20="Avalanche",'Avalanche workings'!$R$30,'Snowball workings'!$R$30)+IF('Your debts'!$D$20="Avalanche",'Avalanche workings'!$AL$30,'Snowball workings'!$AL$30)) | S28: =IF(OR(23>$Z$1,NOT(OR('Your debts'!$B$12<>"",N('Your debts'!$C$12)>0))),"",IF('Your debts'!$D$20="Avalanche",'Avalanche workings'!$AV$30,'Snowball workings'!$AV$30)) | T28: =IF(OR(23>$Z$1,NOT(OR('Your debts'!$B$13<>"",N('Your debts'!$C$13)>0))),"",IF('Your debts'!$D$20="Avalanche",'Avalanche workings'!$S$30,'Snowball workings'!$S$30)+IF('Your debts'!$D$20="Avalanche",'Avalanche workings'!$AM$30,'Snowball workings'!$AM$30)) | U28: =IF(OR(23>$Z$1,NOT(OR('Your debts'!$B$13<>"",N('Your debts'!$C$13)>0))),"",IF('Your debts'!$D$20="Avalanche",'Avalanche workings'!$AW$30,'Snowball workings'!$AW$30)) | V28: =IF(OR(23>$Z$1,NOT(OR('Your debts'!$B$14<>"",N('Your debts'!$C$14)>0))),"",IF('Your debts'!$D$20="Avalanche",'Avalanche workings'!$T$30,'Snowball workings'!$T$30)+IF('Your debts'!$D$20="Avalanche",'Avalanche workings'!$AN$30,'Snowball workings'!$AN$30)) | W28: =IF(OR(23>$Z$1,NOT(OR('Your debts'!$B$14<>"",N('Your debts'!$C$14)>0))),"",IF('Your debts'!$D$20="Avalanche",'Avalanche workings'!$AX$30,'Snowball workings'!$AX$30)) | X28: =IF(OR(23>$Z$1,NOT(OR('Your debts'!$B$15<>"",N('Your debts'!$C$15)>0))),"",IF('Your debts'!$D$20="Avalanche",'Avalanche workings'!$U$30,'Snowball workings'!$U$30)+IF('Your debts'!$D$20="Avalanche",'Avalanche workings'!$AO$30,'Snowball workings'!$AO$30)) | Y28: =IF(OR(23>$Z$1,NOT(OR('Your debts'!$B$15<>"",N('Your debts'!$C$15)>0))),"",IF('Your debts'!$D$20="Avalanche",'Avalanche workings'!$AY$30,'Snowball workings'!$AY$30))
A29: =IF(24>$Z$1,"",24) | B29: =IF(24>$Z$1,"",EDATE('Your debts'!$D$21,23)) | C29: =IF(24>$Z$1,"",IF('Your debts'!$D$20="Avalanche",'Avalanche workings'!$BC$31,'Snowball workings'!$BC$31)) | D29: =IF(24>$Z$1,"",IF('Your debts'!$D$20="Avalanche",'Avalanche workings'!$BA$31,'Snowball workings'!$BA$31)) | E29: =IF(24>$Z$1,"",IF('Your debts'!$D$20="Avalanche",'Avalanche workings'!$BB$31,'Snowball workings'!$BB$31)) | F29: =IF(OR(24>$Z$1,NOT(OR('Your debts'!$B$6<>"",N('Your debts'!$C$6)>0))),"",IF('Your debts'!$D$20="Avalanche",'Avalanche workings'!$L$31,'Snowball workings'!$L$31)+IF('Your debts'!$D$20="Avalanche",'Avalanche workings'!$AF$31,'Snowball workings'!$AF$31)) | G29: =IF(OR(24>$Z$1,NOT(OR('Your debts'!$B$6<>"",N('Your debts'!$C$6)>0))),"",IF('Your debts'!$D$20="Avalanche",'Avalanche workings'!$AP$31,'Snowball workings'!$AP$31)) | H29: =IF(OR(24>$Z$1,NOT(OR('Your debts'!$B$7<>"",N('Your debts'!$C$7)>0))),"",IF('Your debts'!$D$20="Avalanche",'Avalanche workings'!$M$31,'Snowball workings'!$M$31)+IF('Your debts'!$D$20="Avalanche",'Avalanche workings'!$AG$31,'Snowball workings'!$AG$31)) | I29: =IF(OR(24>$Z$1,NOT(OR('Your debts'!$B$7<>"",N('Your debts'!$C$7)>0))),"",IF('Your debts'!$D$20="Avalanche",'Avalanche workings'!$AQ$31,'Snowball workings'!$AQ$31)) | J29: =IF(OR(24>$Z$1,NOT(OR('Your debts'!$B$8<>"",N('Your debts'!$C$8)>0))),"",IF('Your debts'!$D$20="Avalanche",'Avalanche workings'!$N$31,'Snowball workings'!$N$31)+IF('Your debts'!$D$20="Avalanche",'Avalanche workings'!$AH$31,'Snowball workings'!$AH$31)) | K29: =IF(OR(24>$Z$1,NOT(OR('Your debts'!$B$8<>"",N('Your debts'!$C$8)>0))),"",IF('Your debts'!$D$20="Avalanche",'Avalanche workings'!$AR$31,'Snowball workings'!$AR$31)) | L29: =IF(OR(24>$Z$1,NOT(OR('Your debts'!$B$9<>"",N('Your debts'!$C$9)>0))),"",IF('Your debts'!$D$20="Avalanche",'Avalanche workings'!$O$31,'Snowball workings'!$O$31)+IF('Your debts'!$D$20="Avalanche",'Avalanche workings'!$AI$31,'Snowball workings'!$AI$31)) | M29: =IF(OR(24>$Z$1,NOT(OR('Your debts'!$B$9<>"",N('Your debts'!$C$9)>0))),"",IF('Your debts'!$D$20="Avalanche",'Avalanche workings'!$AS$31,'Snowball workings'!$AS$31)) | N29: =IF(OR(24>$Z$1,NOT(OR('Your debts'!$B$10<>"",N('Your debts'!$C$10)>0))),"",IF('Your debts'!$D$20="Avalanche",'Avalanche workings'!$P$31,'Snowball workings'!$P$31)+IF('Your debts'!$D$20="Avalanche",'Avalanche workings'!$AJ$31,'Snowball workings'!$AJ$31)) | O29: =IF(OR(24>$Z$1,NOT(OR('Your debts'!$B$10<>"",N('Your debts'!$C$10)>0))),"",IF('Your debts'!$D$20="Avalanche",'Avalanche workings'!$AT$31,'Snowball workings'!$AT$31)) | P29: =IF(OR(24>$Z$1,NOT(OR('Your debts'!$B$11<>"",N('Your debts'!$C$11)>0))),"",IF('Your debts'!$D$20="Avalanche",'Avalanche workings'!$Q$31,'Snowball workings'!$Q$31)+IF('Your debts'!$D$20="Avalanche",'Avalanche workings'!$AK$31,'Snowball workings'!$AK$31)) | Q29: =IF(OR(24>$Z$1,NOT(OR('Your debts'!$B$11<>"",N('Your debts'!$C$11)>0))),"",IF('Your debts'!$D$20="Avalanche",'Avalanche workings'!$AU$31,'Snowball workings'!$AU$31)) | R29: =IF(OR(24>$Z$1,NOT(OR('Your debts'!$B$12<>"",N('Your debts'!$C$12)>0))),"",IF('Your debts'!$D$20="Avalanche",'Avalanche workings'!$R$31,'Snowball workings'!$R$31)+IF('Your debts'!$D$20="Avalanche",'Avalanche workings'!$AL$31,'Snowball workings'!$AL$31)) | S29: =IF(OR(24>$Z$1,NOT(OR('Your debts'!$B$12<>"",N('Your debts'!$C$12)>0))),"",IF('Your debts'!$D$20="Avalanche",'Avalanche workings'!$AV$31,'Snowball workings'!$AV$31)) | T29: =IF(OR(24>$Z$1,NOT(OR('Your debts'!$B$13<>"",N('Your debts'!$C$13)>0))),"",IF('Your debts'!$D$20="Avalanche",'Avalanche workings'!$S$31,'Snowball workings'!$S$31)+IF('Your debts'!$D$20="Avalanche",'Avalanche workings'!$AM$31,'Snowball workings'!$AM$31)) | U29: =IF(OR(24>$Z$1,NOT(OR('Your debts'!$B$13<>"",N('Your debts'!$C$13)>0))),"",IF('Your debts'!$D$20="Avalanche",'Avalanche workings'!$AW$31,'Snowball workings'!$AW$31)) | V29: =IF(OR(24>$Z$1,NOT(OR('Your debts'!$B$14<>"",N('Your debts'!$C$14)>0))),"",IF('Your debts'!$D$20="Avalanche",'Avalanche workings'!$T$31,'Snowball workings'!$T$31)+IF('Your debts'!$D$20="Avalanche",'Avalanche workings'!$AN$31,'Snowball workings'!$AN$31)) | W29: =IF(OR(24>$Z$1,NOT(OR('Your debts'!$B$14<>"",N('Your debts'!$C$14)>0))),"",IF('Your debts'!$D$20="Avalanche",'Avalanche workings'!$AX$31,'Snowball workings'!$AX$31)) | X29: =IF(OR(24>$Z$1,NOT(OR('Your debts'!$B$15<>"",N('Your debts'!$C$15)>0))),"",IF('Your debts'!$D$20="Avalanche",'Avalanche workings'!$U$31,'Snowball workings'!$U$31)+IF('Your debts'!$D$20="Avalanche",'Avalanche workings'!$AO$31,'Snowball workings'!$AO$31)) | Y29: =IF(OR(24>$Z$1,NOT(OR('Your debts'!$B$15<>"",N('Your debts'!$C$15)>0))),"",IF('Your debts'!$D$20="Avalanche",'Avalanche workings'!$AY$31,'Snowball workings'!$AY$31))
A30: =IF(25>$Z$1,"",25) | B30: =IF(25>$Z$1,"",EDATE('Your debts'!$D$21,24)) | C30: =IF(25>$Z$1,"",IF('Your debts'!$D$20="Avalanche",'Avalanche workings'!$BC$32,'Snowball workings'!$BC$32)) | D30: =IF(25>$Z$1,"",IF('Your debts'!$D$20="Avalanche",'Avalanche workings'!$BA$32,'Snowball workings'!$BA$32)) | E30: =IF(25>$Z$1,"",IF('Your debts'!$D$20="Avalanche",'Avalanche workings'!$BB$32,'Snowball workings'!$BB$32)) | F30: =IF(OR(25>$Z$1,NOT(OR('Your debts'!$B$6<>"",N('Your debts'!$C$6)>0))),"",IF('Your debts'!$D$20="Avalanche",'Avalanche workings'!$L$32,'Snowball workings'!$L$32)+IF('Your debts'!$D$20="Avalanche",'Avalanche workings'!$AF$32,'Snowball workings'!$AF$32)) | G30: =IF(OR(25>$Z$1,NOT(OR('Your debts'!$B$6<>"",N('Your debts'!$C$6)>0))),"",IF('Your debts'!$D$20="Avalanche",'Avalanche workings'!$AP$32,'Snowball workings'!$AP$32)) | H30: =IF(OR(25>$Z$1,NOT(OR('Your debts'!$B$7<>"",N('Your debts'!$C$7)>0))),"",IF('Your debts'!$D$20="Avalanche",'Avalanche workings'!$M$32,'Snowball workings'!$M$32)+IF('Your debts'!$D$20="Avalanche",'Avalanche workings'!$AG$32,'Snowball workings'!$AG$32)) | I30: =IF(OR(25>$Z$1,NOT(OR('Your debts'!$B$7<>"",N('Your debts'!$C$7)>0))),"",IF('Your debts'!$D$20="Avalanche",'Avalanche workings'!$AQ$32,'Snowball workings'!$AQ$32)) | J30: =IF(OR(25>$Z$1,NOT(OR('Your debts'!$B$8<>"",N('Your debts'!$C$8)>0))),"",IF('Your debts'!$D$20="Avalanche",'Avalanche workings'!$N$32,'Snowball workings'!$N$32)+IF('Your debts'!$D$20="Avalanche",'Avalanche workings'!$AH$32,'Snowball workings'!$AH$32)) | K30: =IF(OR(25>$Z$1,NOT(OR('Your debts'!$B$8<>"",N('Your debts'!$C$8)>0))),"",IF('Your debts'!$D$20="Avalanche",'Avalanche workings'!$AR$32,'Snowball workings'!$AR$32)) | L30: =IF(OR(25>$Z$1,NOT(OR('Your debts'!$B$9<>"",N('Your debts'!$C$9)>0))),"",IF('Your debts'!$D$20="Avalanche",'Avalanche workings'!$O$32,'Snowball workings'!$O$32)+IF('Your debts'!$D$20="Avalanche",'Avalanche workings'!$AI$32,'Snowball workings'!$AI$32)) | M30: =IF(OR(25>$Z$1,NOT(OR('Your debts'!$B$9<>"",N('Your debts'!$C$9)>0))),"",IF('Your debts'!$D$20="Avalanche",'Avalanche workings'!$AS$32,'Snowball workings'!$AS$32)) | N30: =IF(OR(25>$Z$1,NOT(OR('Your debts'!$B$10<>"",N('Your debts'!$C$10)>0))),"",IF('Your debts'!$D$20="Avalanche",'Avalanche workings'!$P$32,'Snowball workings'!$P$32)+IF('Your debts'!$D$20="Avalanche",'Avalanche workings'!$AJ$32,'Snowball workings'!$AJ$32)) | O30: =IF(OR(25>$Z$1,NOT(OR('Your debts'!$B$10<>"",N('Your debts'!$C$10)>0))),"",IF('Your debts'!$D$20="Avalanche",'Avalanche workings'!$AT$32,'Snowball workings'!$AT$32)) | P30: =IF(OR(25>$Z$1,NOT(OR('Your debts'!$B$11<>"",N('Your debts'!$C$11)>0))),"",IF('Your debts'!$D$20="Avalanche",'Avalanche workings'!$Q$32,'Snowball workings'!$Q$32)+IF('Your debts'!$D$20="Avalanche",'Avalanche workings'!$AK$32,'Snowball workings'!$AK$32)) | Q30: =IF(OR(25>$Z$1,NOT(OR('Your debts'!$B$11<>"",N('Your debts'!$C$11)>0))),"",IF('Your debts'!$D$20="Avalanche",'Avalanche workings'!$AU$32,'Snowball workings'!$AU$32)) | R30: =IF(OR(25>$Z$1,NOT(OR('Your debts'!$B$12<>"",N('Your debts'!$C$12)>0))),"",IF('Your debts'!$D$20="Avalanche",'Avalanche workings'!$R$32,'Snowball workings'!$R$32)+IF('Your debts'!$D$20="Avalanche",'Avalanche workings'!$AL$32,'Snowball workings'!$AL$32)) | S30: =IF(OR(25>$Z$1,NOT(OR('Your debts'!$B$12<>"",N('Your debts'!$C$12)>0))),"",IF('Your debts'!$D$20="Avalanche",'Avalanche workings'!$AV$32,'Snowball workings'!$AV$32)) | T30: =IF(OR(25>$Z$1,NOT(OR('Your debts'!$B$13<>"",N('Your debts'!$C$13)>0))),"",IF('Your debts'!$D$20="Avalanche",'Avalanche workings'!$S$32,'Snowball workings'!$S$32)+IF('Your debts'!$D$20="Avalanche",'Avalanche workings'!$AM$32,'Snowball workings'!$AM$32)) | U30: =IF(OR(25>$Z$1,NOT(OR('Your debts'!$B$13<>"",N('Your debts'!$C$13)>0))),"",IF('Your debts'!$D$20="Avalanche",'Avalanche workings'!$AW$32,'Snowball workings'!$AW$32)) | V30: =IF(OR(25>$Z$1,NOT(OR('Your debts'!$B$14<>"",N('Your debts'!$C$14)>0))),"",IF('Your debts'!$D$20="Avalanche",'Avalanche workings'!$T$32,'Snowball workings'!$T$32)+IF('Your debts'!$D$20="Avalanche",'Avalanche workings'!$AN$32,'Snowball workings'!$AN$32)) | W30: =IF(OR(25>$Z$1,NOT(OR('Your debts'!$B$14<>"",N('Your debts'!$C$14)>0))),"",IF('Your debts'!$D$20="Avalanche",'Avalanche workings'!$AX$32,'Snowball workings'!$AX$32)) | X30: =IF(OR(25>$Z$1,NOT(OR('Your debts'!$B$15<>"",N('Your debts'!$C$15)>0))),"",IF('Your debts'!$D$20="Avalanche",'Avalanche workings'!$U$32,'Snowball workings'!$U$32)+IF('Your debts'!$D$20="Avalanche",'Avalanche workings'!$AO$32,'Snowball workings'!$AO$32)) | Y30: =IF(OR(25>$Z$1,NOT(OR('Your debts'!$B$15<>"",N('Your debts'!$C$15)>0))),"",IF('Your debts'!$D$20="Avalanche",'Avalanche workings'!$AY$32,'Snowball workings'!$AY$32))
A31: =IF(26>$Z$1,"",26) | B31: =IF(26>$Z$1,"",EDATE('Your debts'!$D$21,25)) | C31: =IF(26>$Z$1,"",IF('Your debts'!$D$20="Avalanche",'Avalanche workings'!$BC$33,'Snowball workings'!$BC$33)) | D31: =IF(26>$Z$1,"",IF('Your debts'!$D$20="Avalanche",'Avalanche workings'!$BA$33,'Snowball workings'!$BA$33)) | E31: =IF(26>$Z$1,"",IF('Your debts'!$D$20="Avalanche",'Avalanche workings'!$BB$33,'Snowball workings'!$BB$33)) | F31: =IF(OR(26>$Z$1,NOT(OR('Your debts'!$B$6<>"",N('Your debts'!$C$6)>0))),"",IF('Your debts'!$D$20="Avalanche",'Avalanche workings'!$L$33,'Snowball workings'!$L$33)+IF('Your debts'!$D$20="Avalanche",'Avalanche workings'!$AF$33,'Snowball workings'!$AF$33)) | G31: =IF(OR(26>$Z$1,NOT(OR('Your debts'!$B$6<>"",N('Your debts'!$C$6)>0))),"",IF('Your debts'!$D$20="Avalanche",'Avalanche workings'!$AP$33,'Snowball workings'!$AP$33)) | H31: =IF(OR(26>$Z$1,NOT(OR('Your debts'!$B$7<>"",N('Your debts'!$C$7)>0))),"",IF('Your debts'!$D$20="Avalanche",'Avalanche workings'!$M$33,'Snowball workings'!$M$33)+IF('Your debts'!$D$20="Avalanche",'Avalanche workings'!$AG$33,'Snowball workings'!$AG$33)) | I31: =IF(OR(26>$Z$1,NOT(OR('Your debts'!$B$7<>"",N('Your debts'!$C$7)>0))),"",IF('Your debts'!$D$20="Avalanche",'Avalanche workings'!$AQ$33,'Snowball workings'!$AQ$33)) | J31: =IF(OR(26>$Z$1,NOT(OR('Your debts'!$B$8<>"",N('Your debts'!$C$8)>0))),"",IF('Your debts'!$D$20="Avalanche",'Avalanche workings'!$N$33,'Snowball workings'!$N$33)+IF('Your debts'!$D$20="Avalanche",'Avalanche workings'!$AH$33,'Snowball workings'!$AH$33)) | K31: =IF(OR(26>$Z$1,NOT(OR('Your debts'!$B$8<>"",N('Your debts'!$C$8)>0))),"",IF('Your debts'!$D$20="Avalanche",'Avalanche workings'!$AR$33,'Snowball workings'!$AR$33)) | L31: =IF(OR(26>$Z$1,NOT(OR('Your debts'!$B$9<>"",N('Your debts'!$C$9)>0))),"",IF('Your debts'!$D$20="Avalanche",'Avalanche workings'!$O$33,'Snowball workings'!$O$33)+IF('Your debts'!$D$20="Avalanche",'Avalanche workings'!$AI$33,'Snowball workings'!$AI$33)) | M31: =IF(OR(26>$Z$1,NOT(OR('Your debts'!$B$9<>"",N('Your debts'!$C$9)>0))),"",IF('Your debts'!$D$20="Avalanche",'Avalanche workings'!$AS$33,'Snowball workings'!$AS$33)) | N31: =IF(OR(26>$Z$1,NOT(OR('Your debts'!$B$10<>"",N('Your debts'!$C$10)>0))),"",IF('Your debts'!$D$20="Avalanche",'Avalanche workings'!$P$33,'Snowball workings'!$P$33)+IF('Your debts'!$D$20="Avalanche",'Avalanche workings'!$AJ$33,'Snowball workings'!$AJ$33)) | O31: =IF(OR(26>$Z$1,NOT(OR('Your debts'!$B$10<>"",N('Your debts'!$C$10)>0))),"",IF('Your debts'!$D$20="Avalanche",'Avalanche workings'!$AT$33,'Snowball workings'!$AT$33)) | P31: =IF(OR(26>$Z$1,NOT(OR('Your debts'!$B$11<>"",N('Your debts'!$C$11)>0))),"",IF('Your debts'!$D$20="Avalanche",'Avalanche workings'!$Q$33,'Snowball workings'!$Q$33)+IF('Your debts'!$D$20="Avalanche",'Avalanche workings'!$AK$33,'Snowball workings'!$AK$33)) | Q31: =IF(OR(26>$Z$1,NOT(OR('Your debts'!$B$11<>"",N('Your debts'!$C$11)>0))),"",IF('Your debts'!$D$20="Avalanche",'Avalanche workings'!$AU$33,'Snowball workings'!$AU$33)) | R31: =IF(OR(26>$Z$1,NOT(OR('Your debts'!$B$12<>"",N('Your debts'!$C$12)>0))),"",IF('Your debts'!$D$20="Avalanche",'Avalanche workings'!$R$33,'Snowball workings'!$R$33)+IF('Your debts'!$D$20="Avalanche",'Avalanche workings'!$AL$33,'Snowball workings'!$AL$33)) | S31: =IF(OR(26>$Z$1,NOT(OR('Your debts'!$B$12<>"",N('Your debts'!$C$12)>0))),"",IF('Your debts'!$D$20="Avalanche",'Avalanche workings'!$AV$33,'Snowball workings'!$AV$33)) | T31: =IF(OR(26>$Z$1,NOT(OR('Your debts'!$B$13<>"",N('Your debts'!$C$13)>0))),"",IF('Your debts'!$D$20="Avalanche",'Avalanche workings'!$S$33,'Snowball workings'!$S$33)+IF('Your debts'!$D$20="Avalanche",'Avalanche workings'!$AM$33,'Snowball workings'!$AM$33)) | U31: =IF(OR(26>$Z$1,NOT(OR('Your debts'!$B$13<>"",N('Your debts'!$C$13)>0))),"",IF('Your debts'!$D$20="Avalanche",'Avalanche workings'!$AW$33,'Snowball workings'!$AW$33)) | V31: =IF(OR(26>$Z$1,NOT(OR('Your debts'!$B$14<>"",N('Your debts'!$C$14)>0))),"",IF('Your debts'!$D$20="Avalanche",'Avalanche workings'!$T$33,'Snowball workings'!$T$33)+IF('Your debts'!$D$20="Avalanche",'Avalanche workings'!$AN$33,'Snowball workings'!$AN$33)) | W31: =IF(OR(26>$Z$1,NOT(OR('Your debts'!$B$14<>"",N('Your debts'!$C$14)>0))),"",IF('Your debts'!$D$20="Avalanche",'Avalanche workings'!$AX$33,'Snowball workings'!$AX$33)) | X31: =IF(OR(26>$Z$1,NOT(OR('Your debts'!$B$15<>"",N('Your debts'!$C$15)>0))),"",IF('Your debts'!$D$20="Avalanche",'Avalanche workings'!$U$33,'Snowball workings'!$U$33)+IF('Your debts'!$D$20="Avalanche",'Avalanche workings'!$AO$33,'Snowball workings'!$AO$33)) | Y31: =IF(OR(26>$Z$1,NOT(OR('Your debts'!$B$15<>"",N('Your debts'!$C$15)>0))),"",IF('Your debts'!$D$20="Avalanche",'Avalanche workings'!$AY$33,'Snowball workings'!$AY$33))
A32: =IF(27>$Z$1,"",27) | B32: =IF(27>$Z$1,"",EDATE('Your debts'!$D$21,26)) | C32: =IF(27>$Z$1,"",IF('Your debts'!$D$20="Avalanche",'Avalanche workings'!$BC$34,'Snowball workings'!$BC$34)) | D32: =IF(27>$Z$1,"",IF('Your debts'!$D$20="Avalanche",'Avalanche workings'!$BA$34,'Snowball workings'!$BA$34)) | E32: =IF(27>$Z$1,"",IF('Your debts'!$D$20="Avalanche",'Avalanche workings'!$BB$34,'Snowball workings'!$BB$34)) | F32: =IF(OR(27>$Z$1,NOT(OR('Your debts'!$B$6<>"",N('Your debts'!$C$6)>0))),"",IF('Your debts'!$D$20="Avalanche",'Avalanche workings'!$L$34,'Snowball workings'!$L$34)+IF('Your debts'!$D$20="Avalanche",'Avalanche workings'!$AF$34,'Snowball workings'!$AF$34)) | G32: =IF(OR(27>$Z$1,NOT(OR('Your debts'!$B$6<>"",N('Your debts'!$C$6)>0))),"",IF('Your debts'!$D$20="Avalanche",'Avalanche workings'!$AP$34,'Snowball workings'!$AP$34)) | H32: =IF(OR(27>$Z$1,NOT(OR('Your debts'!$B$7<>"",N('Your debts'!$C$7)>0))),"",IF('Your debts'!$D$20="Avalanche",'Avalanche workings'!$M$34,'Snowball workings'!$M$34)+IF('Your debts'!$D$20="Avalanche",'Avalanche workings'!$AG$34,'Snowball workings'!$AG$34)) | I32: =IF(OR(27>$Z$1,NOT(OR('Your debts'!$B$7<>"",N('Your debts'!$C$7)>0))),"",IF('Your debts'!$D$20="Avalanche",'Avalanche workings'!$AQ$34,'Snowball workings'!$AQ$34)) | J32: =IF(OR(27>$Z$1,NOT(OR('Your debts'!$B$8<>"",N('Your debts'!$C$8)>0))),"",IF('Your debts'!$D$20="Avalanche",'Avalanche workings'!$N$34,'Snowball workings'!$N$34)+IF('Your debts'!$D$20="Avalanche",'Avalanche workings'!$AH$34,'Snowball workings'!$AH$34)) | K32: =IF(OR(27>$Z$1,NOT(OR('Your debts'!$B$8<>"",N('Your debts'!$C$8)>0))),"",IF('Your debts'!$D$20="Avalanche",'Avalanche workings'!$AR$34,'Snowball workings'!$AR$34)) | L32: =IF(OR(27>$Z$1,NOT(OR('Your debts'!$B$9<>"",N('Your debts'!$C$9)>0))),"",IF('Your debts'!$D$20="Avalanche",'Avalanche workings'!$O$34,'Snowball workings'!$O$34)+IF('Your debts'!$D$20="Avalanche",'Avalanche workings'!$AI$34,'Snowball workings'!$AI$34)) | M32: =IF(OR(27>$Z$1,NOT(OR('Your debts'!$B$9<>"",N('Your debts'!$C$9)>0))),"",IF('Your debts'!$D$20="Avalanche",'Avalanche workings'!$AS$34,'Snowball workings'!$AS$34)) | N32: =IF(OR(27>$Z$1,NOT(OR('Your debts'!$B$10<>"",N('Your debts'!$C$10)>0))),"",IF('Your debts'!$D$20="Avalanche",'Avalanche workings'!$P$34,'Snowball workings'!$P$34)+IF('Your debts'!$D$20="Avalanche",'Avalanche workings'!$AJ$34,'Snowball workings'!$AJ$34)) | O32: =IF(OR(27>$Z$1,NOT(OR('Your debts'!$B$10<>"",N('Your debts'!$C$10)>0))),"",IF('Your debts'!$D$20="Avalanche",'Avalanche workings'!$AT$34,'Snowball workings'!$AT$34)) | P32: =IF(OR(27>$Z$1,NOT(OR('Your debts'!$B$11<>"",N('Your debts'!$C$11)>0))),"",IF('Your debts'!$D$20="Avalanche",'Avalanche workings'!$Q$34,'Snowball workings'!$Q$34)+IF('Your debts'!$D$20="Avalanche",'Avalanche workings'!$AK$34,'Snowball workings'!$AK$34)) | Q32: =IF(OR(27>$Z$1,NOT(OR('Your debts'!$B$11<>"",N('Your debts'!$C$11)>0))),"",IF('Your debts'!$D$20="Avalanche",'Avalanche workings'!$AU$34,'Snowball workings'!$AU$34)) | R32: =IF(OR(27>$Z$1,NOT(OR('Your debts'!$B$12<>"",N('Your debts'!$C$12)>0))),"",IF('Your debts'!$D$20="Avalanche",'Avalanche workings'!$R$34,'Snowball workings'!$R$34)+IF('Your debts'!$D$20="Avalanche",'Avalanche workings'!$AL$34,'Snowball workings'!$AL$34)) | S32: =IF(OR(27>$Z$1,NOT(OR('Your debts'!$B$12<>"",N('Your debts'!$C$12)>0))),"",IF('Your debts'!$D$20="Avalanche",'Avalanche workings'!$AV$34,'Snowball workings'!$AV$34)) | T32: =IF(OR(27>$Z$1,NOT(OR('Your debts'!$B$13<>"",N('Your debts'!$C$13)>0))),"",IF('Your debts'!$D$20="Avalanche",'Avalanche workings'!$S$34,'Snowball workings'!$S$34)+IF('Your debts'!$D$20="Avalanche",'Avalanche workings'!$AM$34,'Snowball workings'!$AM$34)) | U32: =IF(OR(27>$Z$1,NOT(OR('Your debts'!$B$13<>"",N('Your debts'!$C$13)>0))),"",IF('Your debts'!$D$20="Avalanche",'Avalanche workings'!$AW$34,'Snowball workings'!$AW$34)) | V32: =IF(OR(27>$Z$1,NOT(OR('Your debts'!$B$14<>"",N('Your debts'!$C$14)>0))),"",IF('Your debts'!$D$20="Avalanche",'Avalanche workings'!$T$34,'Snowball workings'!$T$34)+IF('Your debts'!$D$20="Avalanche",'Avalanche workings'!$AN$34,'Snowball workings'!$AN$34)) | W32: =IF(OR(27>$Z$1,NOT(OR('Your debts'!$B$14<>"",N('Your debts'!$C$14)>0))),"",IF('Your debts'!$D$20="Avalanche",'Avalanche workings'!$AX$34,'Snowball workings'!$AX$34)) | X32: =IF(OR(27>$Z$1,NOT(OR('Your debts'!$B$15<>"",N('Your debts'!$C$15)>0))),"",IF('Your debts'!$D$20="Avalanche",'Avalanche workings'!$U$34,'Snowball workings'!$U$34)+IF('Your debts'!$D$20="Avalanche",'Avalanche workings'!$AO$34,'Snowball workings'!$AO$34)) | Y32: =IF(OR(27>$Z$1,NOT(OR('Your debts'!$B$15<>"",N('Your debts'!$C$15)>0))),"",IF('Your debts'!$D$20="Avalanche",'Avalanche workings'!$AY$34,'Snowball workings'!$AY$34))
A33: =IF(28>$Z$1,"",28) | B33: =IF(28>$Z$1,"",EDATE('Your debts'!$D$21,27)) | C33: =IF(28>$Z$1,"",IF('Your debts'!$D$20="Avalanche",'Avalanche workings'!$BC$35,'Snowball workings'!$BC$35)) | D33: =IF(28>$Z$1,"",IF('Your debts'!$D$20="Avalanche",'Avalanche workings'!$BA$35,'Snowball workings'!$BA$35)) | E33: =IF(28>$Z$1,"",IF('Your debts'!$D$20="Avalanche",'Avalanche workings'!$BB$35,'Snowball workings'!$BB$35)) | F33: =IF(OR(28>$Z$1,NOT(OR('Your debts'!$B$6<>"",N('Your debts'!$C$6)>0))),"",IF('Your debts'!$D$20="Avalanche",'Avalanche workings'!$L$35,'Snowball workings'!$L$35)+IF('Your debts'!$D$20="Avalanche",'Avalanche workings'!$AF$35,'Snowball workings'!$AF$35)) | G33: =IF(OR(28>$Z$1,NOT(OR('Your debts'!$B$6<>"",N('Your debts'!$C$6)>0))),"",IF('Your debts'!$D$20="Avalanche",'Avalanche workings'!$AP$35,'Snowball workings'!$AP$35)) | H33: =IF(OR(28>$Z$1,NOT(OR('Your debts'!$B$7<>"",N('Your debts'!$C$7)>0))),"",IF('Your debts'!$D$20="Avalanche",'Avalanche workings'!$M$35,'Snowball workings'!$M$35)+IF('Your debts'!$D$20="Avalanche",'Avalanche workings'!$AG$35,'Snowball workings'!$AG$35)) | I33: =IF(OR(28>$Z$1,NOT(OR('Your debts'!$B$7<>"",N('Your debts'!$C$7)>0))),"",IF('Your debts'!$D$20="Avalanche",'Avalanche workings'!$AQ$35,'Snowball workings'!$AQ$35)) | J33: =IF(OR(28>$Z$1,NOT(OR('Your debts'!$B$8<>"",N('Your debts'!$C$8)>0))),"",IF('Your debts'!$D$20="Avalanche",'Avalanche workings'!$N$35,'Snowball workings'!$N$35)+IF('Your debts'!$D$20="Avalanche",'Avalanche workings'!$AH$35,'Snowball workings'!$AH$35)) | K33: =IF(OR(28>$Z$1,NOT(OR('Your debts'!$B$8<>"",N('Your debts'!$C$8)>0))),"",IF('Your debts'!$D$20="Avalanche",'Avalanche workings'!$AR$35,'Snowball workings'!$AR$35)) | L33: =IF(OR(28>$Z$1,NOT(OR('Your debts'!$B$9<>"",N('Your debts'!$C$9)>0))),"",IF('Your debts'!$D$20="Avalanche",'Avalanche workings'!$O$35,'Snowball workings'!$O$35)+IF('Your debts'!$D$20="Avalanche",'Avalanche workings'!$AI$35,'Snowball workings'!$AI$35)) | M33: =IF(OR(28>$Z$1,NOT(OR('Your debts'!$B$9<>"",N('Your debts'!$C$9)>0))),"",IF('Your debts'!$D$20="Avalanche",'Avalanche workings'!$AS$35,'Snowball workings'!$AS$35)) | N33: =IF(OR(28>$Z$1,NOT(OR('Your debts'!$B$10<>"",N('Your debts'!$C$10)>0))),"",IF('Your debts'!$D$20="Avalanche",'Avalanche workings'!$P$35,'Snowball workings'!$P$35)+IF('Your debts'!$D$20="Avalanche",'Avalanche workings'!$AJ$35,'Snowball workings'!$AJ$35)) | O33: =IF(OR(28>$Z$1,NOT(OR('Your debts'!$B$10<>"",N('Your debts'!$C$10)>0))),"",IF('Your debts'!$D$20="Avalanche",'Avalanche workings'!$AT$35,'Snowball workings'!$AT$35)) | P33: =IF(OR(28>$Z$1,NOT(OR('Your debts'!$B$11<>"",N('Your debts'!$C$11)>0))),"",IF('Your debts'!$D$20="Avalanche",'Avalanche workings'!$Q$35,'Snowball workings'!$Q$35)+IF('Your debts'!$D$20="Avalanche",'Avalanche workings'!$AK$35,'Snowball workings'!$AK$35)) | Q33: =IF(OR(28>$Z$1,NOT(OR('Your debts'!$B$11<>"",N('Your debts'!$C$11)>0))),"",IF('Your debts'!$D$20="Avalanche",'Avalanche workings'!$AU$35,'Snowball workings'!$AU$35)) | R33: =IF(OR(28>$Z$1,NOT(OR('Your debts'!$B$12<>"",N('Your debts'!$C$12)>0))),"",IF('Your debts'!$D$20="Avalanche",'Avalanche workings'!$R$35,'Snowball workings'!$R$35)+IF('Your debts'!$D$20="Avalanche",'Avalanche workings'!$AL$35,'Snowball workings'!$AL$35)) | S33: =IF(OR(28>$Z$1,NOT(OR('Your debts'!$B$12<>"",N('Your debts'!$C$12)>0))),"",IF('Your debts'!$D$20="Avalanche",'Avalanche workings'!$AV$35,'Snowball workings'!$AV$35)) | T33: =IF(OR(28>$Z$1,NOT(OR('Your debts'!$B$13<>"",N('Your debts'!$C$13)>0))),"",IF('Your debts'!$D$20="Avalanche",'Avalanche workings'!$S$35,'Snowball workings'!$S$35)+IF('Your debts'!$D$20="Avalanche",'Avalanche workings'!$AM$35,'Snowball workings'!$AM$35)) | U33: =IF(OR(28>$Z$1,NOT(OR('Your debts'!$B$13<>"",N('Your debts'!$C$13)>0))),"",IF('Your debts'!$D$20="Avalanche",'Avalanche workings'!$AW$35,'Snowball workings'!$AW$35)) | V33: =IF(OR(28>$Z$1,NOT(OR('Your debts'!$B$14<>"",N('Your debts'!$C$14)>0))),"",IF('Your debts'!$D$20="Avalanche",'Avalanche workings'!$T$35,'Snowball workings'!$T$35)+IF('Your debts'!$D$20="Avalanche",'Avalanche workings'!$AN$35,'Snowball workings'!$AN$35)) | W33: =IF(OR(28>$Z$1,NOT(OR('Your debts'!$B$14<>"",N('Your debts'!$C$14)>0))),"",IF('Your debts'!$D$20="Avalanche",'Avalanche workings'!$AX$35,'Snowball workings'!$AX$35)) | X33: =IF(OR(28>$Z$1,NOT(OR('Your debts'!$B$15<>"",N('Your debts'!$C$15)>0))),"",IF('Your debts'!$D$20="Avalanche",'Avalanche workings'!$U$35,'Snowball workings'!$U$35)+IF('Your debts'!$D$20="Avalanche",'Avalanche workings'!$AO$35,'Snowball workings'!$AO$35)) | Y33: =IF(OR(28>$Z$1,NOT(OR('Your debts'!$B$15<>"",N('Your debts'!$C$15)>0))),"",IF('Your debts'!$D$20="Avalanche",'Avalanche workings'!$AY$35,'Snowball workings'!$AY$35))
A34: =IF(29>$Z$1,"",29) | B34: =IF(29>$Z$1,"",EDATE('Your debts'!$D$21,28)) | C34: =IF(29>$Z$1,"",IF('Your debts'!$D$20="Avalanche",'Avalanche workings'!$BC$36,'Snowball workings'!$BC$36)) | D34: =IF(29>$Z$1,"",IF('Your debts'!$D$20="Avalanche",'Avalanche workings'!$BA$36,'Snowball workings'!$BA$36)) | E34: =IF(29>$Z$1,"",IF('Your debts'!$D$20="Avalanche",'Avalanche workings'!$BB$36,'Snowball workings'!$BB$36)) | F34: =IF(OR(29>$Z$1,NOT(OR('Your debts'!$B$6<>"",N('Your debts'!$C$6)>0))),"",IF('Your debts'!$D$20="Avalanche",'Avalanche workings'!$L$36,'Snowball workings'!$L$36)+IF('Your debts'!$D$20="Avalanche",'Avalanche workings'!$AF$36,'Snowball workings'!$AF$36)) | G34: =IF(OR(29>$Z$1,NOT(OR('Your debts'!$B$6<>"",N('Your debts'!$C$6)>0))),"",IF('Your debts'!$D$20="Avalanche",'Avalanche workings'!$AP$36,'Snowball workings'!$AP$36)) | H34: =IF(OR(29>$Z$1,NOT(OR('Your debts'!$B$7<>"",N('Your debts'!$C$7)>0))),"",IF('Your debts'!$D$20="Avalanche",'Avalanche workings'!$M$36,'Snowball workings'!$M$36)+IF('Your debts'!$D$20="Avalanche",'Avalanche workings'!$AG$36,'Snowball workings'!$AG$36)) | I34: =IF(OR(29>$Z$1,NOT(OR('Your debts'!$B$7<>"",N('Your debts'!$C$7)>0))),"",IF('Your debts'!$D$20="Avalanche",'Avalanche workings'!$AQ$36,'Snowball workings'!$AQ$36)) | J34: =IF(OR(29>$Z$1,NOT(OR('Your debts'!$B$8<>"",N('Your debts'!$C$8)>0))),"",IF('Your debts'!$D$20="Avalanche",'Avalanche workings'!$N$36,'Snowball workings'!$N$36)+IF('Your debts'!$D$20="Avalanche",'Avalanche workings'!$AH$36,'Snowball workings'!$AH$36)) | K34: =IF(OR(29>$Z$1,NOT(OR('Your debts'!$B$8<>"",N('Your debts'!$C$8)>0))),"",IF('Your debts'!$D$20="Avalanche",'Avalanche workings'!$AR$36,'Snowball workings'!$AR$36)) | L34: =IF(OR(29>$Z$1,NOT(OR('Your debts'!$B$9<>"",N('Your debts'!$C$9)>0))),"",IF('Your debts'!$D$20="Avalanche",'Avalanche workings'!$O$36,'Snowball workings'!$O$36)+IF('Your debts'!$D$20="Avalanche",'Avalanche workings'!$AI$36,'Snowball workings'!$AI$36)) | M34: =IF(OR(29>$Z$1,NOT(OR('Your debts'!$B$9<>"",N('Your debts'!$C$9)>0))),"",IF('Your debts'!$D$20="Avalanche",'Avalanche workings'!$AS$36,'Snowball workings'!$AS$36)) | N34: =IF(OR(29>$Z$1,NOT(OR('Your debts'!$B$10<>"",N('Your debts'!$C$10)>0))),"",IF('Your debts'!$D$20="Avalanche",'Avalanche workings'!$P$36,'Snowball workings'!$P$36)+IF('Your debts'!$D$20="Avalanche",'Avalanche workings'!$AJ$36,'Snowball workings'!$AJ$36)) | O34: =IF(OR(29>$Z$1,NOT(OR('Your debts'!$B$10<>"",N('Your debts'!$C$10)>0))),"",IF('Your debts'!$D$20="Avalanche",'Avalanche workings'!$AT$36,'Snowball workings'!$AT$36)) | P34: =IF(OR(29>$Z$1,NOT(OR('Your debts'!$B$11<>"",N('Your debts'!$C$11)>0))),"",IF('Your debts'!$D$20="Avalanche",'Avalanche workings'!$Q$36,'Snowball workings'!$Q$36)+IF('Your debts'!$D$20="Avalanche",'Avalanche workings'!$AK$36,'Snowball workings'!$AK$36)) | Q34: =IF(OR(29>$Z$1,NOT(OR('Your debts'!$B$11<>"",N('Your debts'!$C$11)>0))),"",IF('Your debts'!$D$20="Avalanche",'Avalanche workings'!$AU$36,'Snowball workings'!$AU$36)) | R34: =IF(OR(29>$Z$1,NOT(OR('Your debts'!$B$12<>"",N('Your debts'!$C$12)>0))),"",IF('Your debts'!$D$20="Avalanche",'Avalanche workings'!$R$36,'Snowball workings'!$R$36)+IF('Your debts'!$D$20="Avalanche",'Avalanche workings'!$AL$36,'Snowball workings'!$AL$36)) | S34: =IF(OR(29>$Z$1,NOT(OR('Your debts'!$B$12<>"",N('Your debts'!$C$12)>0))),"",IF('Your debts'!$D$20="Avalanche",'Avalanche workings'!$AV$36,'Snowball workings'!$AV$36)) | T34: =IF(OR(29>$Z$1,NOT(OR('Your debts'!$B$13<>"",N('Your debts'!$C$13)>0))),"",IF('Your debts'!$D$20="Avalanche",'Avalanche workings'!$S$36,'Snowball workings'!$S$36)+IF('Your debts'!$D$20="Avalanche",'Avalanche workings'!$AM$36,'Snowball workings'!$AM$36)) | U34: =IF(OR(29>$Z$1,NOT(OR('Your debts'!$B$13<>"",N('Your debts'!$C$13)>0))),"",IF('Your debts'!$D$20="Avalanche",'Avalanche workings'!$AW$36,'Snowball workings'!$AW$36)) | V34: =IF(OR(29>$Z$1,NOT(OR('Your debts'!$B$14<>"",N('Your debts'!$C$14)>0))),"",IF('Your debts'!$D$20="Avalanche",'Avalanche workings'!$T$36,'Snowball workings'!$T$36)+IF('Your debts'!$D$20="Avalanche",'Avalanche workings'!$AN$36,'Snowball workings'!$AN$36)) | W34: =IF(OR(29>$Z$1,NOT(OR('Your debts'!$B$14<>"",N('Your debts'!$C$14)>0))),"",IF('Your debts'!$D$20="Avalanche",'Avalanche workings'!$AX$36,'Snowball workings'!$AX$36)) | X34: =IF(OR(29>$Z$1,NOT(OR('Your debts'!$B$15<>"",N('Your debts'!$C$15)>0))),"",IF('Your debts'!$D$20="Avalanche",'Avalanche workings'!$U$36,'Snowball workings'!$U$36)+IF('Your debts'!$D$20="Avalanche",'Avalanche workings'!$AO$36,'Snowball workings'!$AO$36)) | Y34: =IF(OR(29>$Z$1,NOT(OR('Your debts'!$B$15<>"",N('Your debts'!$C$15)>0))),"",IF('Your debts'!$D$20="Avalanche",'Avalanche workings'!$AY$36,'Snowball workings'!$AY$36))
A35: =IF(30>$Z$1,"",30) | B35: =IF(30>$Z$1,"",EDATE('Your debts'!$D$21,29)) | C35: =IF(30>$Z$1,"",IF('Your debts'!$D$20="Avalanche",'Avalanche workings'!$BC$37,'Snowball workings'!$BC$37)) | D35: =IF(30>$Z$1,"",IF('Your debts'!$D$20="Avalanche",'Avalanche workings'!$BA$37,'Snowball workings'!$BA$37)) | E35: =IF(30>$Z$1,"",IF('Your debts'!$D$20="Avalanche",'Avalanche workings'!$BB$37,'Snowball workings'!$BB$37)) | F35: =IF(OR(30>$Z$1,NOT(OR('Your debts'!$B$6<>"",N('Your debts'!$C$6)>0))),"",IF('Your debts'!$D$20="Avalanche",'Avalanche workings'!$L$37,'Snowball workings'!$L$37)+IF('Your debts'!$D$20="Avalanche",'Avalanche workings'!$AF$37,'Snowball workings'!$AF$37)) | G35: =IF(OR(30>$Z$1,NOT(OR('Your debts'!$B$6<>"",N('Your debts'!$C$6)>0))),"",IF('Your debts'!$D$20="Avalanche",'Avalanche workings'!$AP$37,'Snowball workings'!$AP$37)) | H35: =IF(OR(30>$Z$1,NOT(OR('Your debts'!$B$7<>"",N('Your debts'!$C$7)>0))),"",IF('Your debts'!$D$20="Avalanche",'Avalanche workings'!$M$37,'Snowball workings'!$M$37)+IF('Your debts'!$D$20="Avalanche",'Avalanche workings'!$AG$37,'Snowball workings'!$AG$37)) | I35: =IF(OR(30>$Z$1,NOT(OR('Your debts'!$B$7<>"",N('Your debts'!$C$7)>0))),"",IF('Your debts'!$D$20="Avalanche",'Avalanche workings'!$AQ$37,'Snowball workings'!$AQ$37)) | J35: =IF(OR(30>$Z$1,NOT(OR('Your debts'!$B$8<>"",N('Your debts'!$C$8)>0))),"",IF('Your debts'!$D$20="Avalanche",'Avalanche workings'!$N$37,'Snowball workings'!$N$37)+IF('Your debts'!$D$20="Avalanche",'Avalanche workings'!$AH$37,'Snowball workings'!$AH$37)) | K35: =IF(OR(30>$Z$1,NOT(OR('Your debts'!$B$8<>"",N('Your debts'!$C$8)>0))),"",IF('Your debts'!$D$20="Avalanche",'Avalanche workings'!$AR$37,'Snowball workings'!$AR$37)) | L35: =IF(OR(30>$Z$1,NOT(OR('Your debts'!$B$9<>"",N('Your debts'!$C$9)>0))),"",IF('Your debts'!$D$20="Avalanche",'Avalanche workings'!$O$37,'Snowball workings'!$O$37)+IF('Your debts'!$D$20="Avalanche",'Avalanche workings'!$AI$37,'Snowball workings'!$AI$37)) | M35: =IF(OR(30>$Z$1,NOT(OR('Your debts'!$B$9<>"",N('Your debts'!$C$9)>0))),"",IF('Your debts'!$D$20="Avalanche",'Avalanche workings'!$AS$37,'Snowball workings'!$AS$37)) | N35: =IF(OR(30>$Z$1,NOT(OR('Your debts'!$B$10<>"",N('Your debts'!$C$10)>0))),"",IF('Your debts'!$D$20="Avalanche",'Avalanche workings'!$P$37,'Snowball workings'!$P$37)+IF('Your debts'!$D$20="Avalanche",'Avalanche workings'!$AJ$37,'Snowball workings'!$AJ$37)) | O35: =IF(OR(30>$Z$1,NOT(OR('Your debts'!$B$10<>"",N('Your debts'!$C$10)>0))),"",IF('Your debts'!$D$20="Avalanche",'Avalanche workings'!$AT$37,'Snowball workings'!$AT$37)) | P35: =IF(OR(30>$Z$1,NOT(OR('Your debts'!$B$11<>"",N('Your debts'!$C$11)>0))),"",IF('Your debts'!$D$20="Avalanche",'Avalanche workings'!$Q$37,'Snowball workings'!$Q$37)+IF('Your debts'!$D$20="Avalanche",'Avalanche workings'!$AK$37,'Snowball workings'!$AK$37)) | Q35: =IF(OR(30>$Z$1,NOT(OR('Your debts'!$B$11<>"",N('Your debts'!$C$11)>0))),"",IF('Your debts'!$D$20="Avalanche",'Avalanche workings'!$AU$37,'Snowball workings'!$AU$37)) | R35: =IF(OR(30>$Z$1,NOT(OR('Your debts'!$B$12<>"",N('Your debts'!$C$12)>0))),"",IF('Your debts'!$D$20="Avalanche",'Avalanche workings'!$R$37,'Snowball workings'!$R$37)+IF('Your debts'!$D$20="Avalanche",'Avalanche workings'!$AL$37,'Snowball workings'!$AL$37)) | S35: =IF(OR(30>$Z$1,NOT(OR('Your debts'!$B$12<>"",N('Your debts'!$C$12)>0))),"",IF('Your debts'!$D$20="Avalanche",'Avalanche workings'!$AV$37,'Snowball workings'!$AV$37)) | T35: =IF(OR(30>$Z$1,NOT(OR('Your debts'!$B$13<>"",N('Your debts'!$C$13)>0))),"",IF('Your debts'!$D$20="Avalanche",'Avalanche workings'!$S$37,'Snowball workings'!$S$37)+IF('Your debts'!$D$20="Avalanche",'Avalanche workings'!$AM$37,'Snowball workings'!$AM$37)) | U35: =IF(OR(30>$Z$1,NOT(OR('Your debts'!$B$13<>"",N('Your debts'!$C$13)>0))),"",IF('Your debts'!$D$20="Avalanche",'Avalanche workings'!$AW$37,'Snowball workings'!$AW$37)) | V35: =IF(OR(30>$Z$1,NOT(OR('Your debts'!$B$14<>"",N('Your debts'!$C$14)>0))),"",IF('Your debts'!$D$20="Avalanche",'Avalanche workings'!$T$37,'Snowball workings'!$T$37)+IF('Your debts'!$D$20="Avalanche",'Avalanche workings'!$AN$37,'Snowball workings'!$AN$37)) | W35: =IF(OR(30>$Z$1,NOT(OR('Your debts'!$B$14<>"",N('Your debts'!$C$14)>0))),"",IF('Your debts'!$D$20="Avalanche",'Avalanche workings'!$AX$37,'Snowball workings'!$AX$37)) | X35: =IF(OR(30>$Z$1,NOT(OR('Your debts'!$B$15<>"",N('Your debts'!$C$15)>0))),"",IF('Your debts'!$D$20="Avalanche",'Avalanche workings'!$U$37,'Snowball workings'!$U$37)+IF('Your debts'!$D$20="Avalanche",'Avalanche workings'!$AO$37,'Snowball workings'!$AO$37)) | Y35: =IF(OR(30>$Z$1,NOT(OR('Your debts'!$B$15<>"",N('Your debts'!$C$15)>0))),"",IF('Your debts'!$D$20="Avalanche",'Avalanche workings'!$AY$37,'Snowball workings'!$AY$37))
A36: =IF(31>$Z$1,"",31) | B36: =IF(31>$Z$1,"",EDATE('Your debts'!$D$21,30)) | C36: =IF(31>$Z$1,"",IF('Your debts'!$D$20="Avalanche",'Avalanche workings'!$BC$38,'Snowball workings'!$BC$38)) | D36: =IF(31>$Z$1,"",IF('Your debts'!$D$20="Avalanche",'Avalanche workings'!$BA$38,'Snowball workings'!$BA$38)) | E36: =IF(31>$Z$1,"",IF('Your debts'!$D$20="Avalanche",'Avalanche workings'!$BB$38,'Snowball workings'!$BB$38)) | F36: =IF(OR(31>$Z$1,NOT(OR('Your debts'!$B$6<>"",N('Your debts'!$C$6)>0))),"",IF('Your debts'!$D$20="Avalanche",'Avalanche workings'!$L$38,'Snowball workings'!$L$38)+IF('Your debts'!$D$20="Avalanche",'Avalanche workings'!$AF$38,'Snowball workings'!$AF$38)) | G36: =IF(OR(31>$Z$1,NOT(OR('Your debts'!$B$6<>"",N('Your debts'!$C$6)>0))),"",IF('Your debts'!$D$20="Avalanche",'Avalanche workings'!$AP$38,'Snowball workings'!$AP$38)) | H36: =IF(OR(31>$Z$1,NOT(OR('Your debts'!$B$7<>"",N('Your debts'!$C$7)>0))),"",IF('Your debts'!$D$20="Avalanche",'Avalanche workings'!$M$38,'Snowball workings'!$M$38)+IF('Your debts'!$D$20="Avalanche",'Avalanche workings'!$AG$38,'Snowball workings'!$AG$38)) | I36: =IF(OR(31>$Z$1,NOT(OR('Your debts'!$B$7<>"",N('Your debts'!$C$7)>0))),"",IF('Your debts'!$D$20="Avalanche",'Avalanche workings'!$AQ$38,'Snowball workings'!$AQ$38)) | J36: =IF(OR(31>$Z$1,NOT(OR('Your debts'!$B$8<>"",N('Your debts'!$C$8)>0))),"",IF('Your debts'!$D$20="Avalanche",'Avalanche workings'!$N$38,'Snowball workings'!$N$38)+IF('Your debts'!$D$20="Avalanche",'Avalanche workings'!$AH$38,'Snowball workings'!$AH$38)) | K36: =IF(OR(31>$Z$1,NOT(OR('Your debts'!$B$8<>"",N('Your debts'!$C$8)>0))),"",IF('Your debts'!$D$20="Avalanche",'Avalanche workings'!$AR$38,'Snowball workings'!$AR$38)) | L36: =IF(OR(31>$Z$1,NOT(OR('Your debts'!$B$9<>"",N('Your debts'!$C$9)>0))),"",IF('Your debts'!$D$20="Avalanche",'Avalanche workings'!$O$38,'Snowball workings'!$O$38)+IF('Your debts'!$D$20="Avalanche",'Avalanche workings'!$AI$38,'Snowball workings'!$AI$38)) | M36: =IF(OR(31>$Z$1,NOT(OR('Your debts'!$B$9<>"",N('Your debts'!$C$9)>0))),"",IF('Your debts'!$D$20="Avalanche",'Avalanche workings'!$AS$38,'Snowball workings'!$AS$38)) | N36: =IF(OR(31>$Z$1,NOT(OR('Your debts'!$B$10<>"",N('Your debts'!$C$10)>0))),"",IF('Your debts'!$D$20="Avalanche",'Avalanche workings'!$P$38,'Snowball workings'!$P$38)+IF('Your debts'!$D$20="Avalanche",'Avalanche workings'!$AJ$38,'Snowball workings'!$AJ$38)) | O36: =IF(OR(31>$Z$1,NOT(OR('Your debts'!$B$10<>"",N('Your debts'!$C$10)>0))),"",IF('Your debts'!$D$20="Avalanche",'Avalanche workings'!$AT$38,'Snowball workings'!$AT$38)) | P36: =IF(OR(31>$Z$1,NOT(OR('Your debts'!$B$11<>"",N('Your debts'!$C$11)>0))),"",IF('Your debts'!$D$20="Avalanche",'Avalanche workings'!$Q$38,'Snowball workings'!$Q$38)+IF('Your debts'!$D$20="Avalanche",'Avalanche workings'!$AK$38,'Snowball workings'!$AK$38)) | Q36: =IF(OR(31>$Z$1,NOT(OR('Your debts'!$B$11<>"",N('Your debts'!$C$11)>0))),"",IF('Your debts'!$D$20="Avalanche",'Avalanche workings'!$AU$38,'Snowball workings'!$AU$38)) | R36: =IF(OR(31>$Z$1,NOT(OR('Your debts'!$B$12<>"",N('Your debts'!$C$12)>0))),"",IF('Your debts'!$D$20="Avalanche",'Avalanche workings'!$R$38,'Snowball workings'!$R$38)+IF('Your debts'!$D$20="Avalanche",'Avalanche workings'!$AL$38,'Snowball workings'!$AL$38)) | S36: =IF(OR(31>$Z$1,NOT(OR('Your debts'!$B$12<>"",N('Your debts'!$C$12)>0))),"",IF('Your debts'!$D$20="Avalanche",'Avalanche workings'!$AV$38,'Snowball workings'!$AV$38)) | T36: =IF(OR(31>$Z$1,NOT(OR('Your debts'!$B$13<>"",N('Your debts'!$C$13)>0))),"",IF('Your debts'!$D$20="Avalanche",'Avalanche workings'!$S$38,'Snowball workings'!$S$38)+IF('Your debts'!$D$20="Avalanche",'Avalanche workings'!$AM$38,'Snowball workings'!$AM$38)) | U36: =IF(OR(31>$Z$1,NOT(OR('Your debts'!$B$13<>"",N('Your debts'!$C$13)>0))),"",IF('Your debts'!$D$20="Avalanche",'Avalanche workings'!$AW$38,'Snowball workings'!$AW$38)) | V36: =IF(OR(31>$Z$1,NOT(OR('Your debts'!$B$14<>"",N('Your debts'!$C$14)>0))),"",IF('Your debts'!$D$20="Avalanche",'Avalanche workings'!$T$38,'Snowball workings'!$T$38)+IF('Your debts'!$D$20="Avalanche",'Avalanche workings'!$AN$38,'Snowball workings'!$AN$38)) | W36: =IF(OR(31>$Z$1,NOT(OR('Your debts'!$B$14<>"",N('Your debts'!$C$14)>0))),"",IF('Your debts'!$D$20="Avalanche",'Avalanche workings'!$AX$38,'Snowball workings'!$AX$38)) | X36: =IF(OR(31>$Z$1,NOT(OR('Your debts'!$B$15<>"",N('Your debts'!$C$15)>0))),"",IF('Your debts'!$D$20="Avalanche",'Avalanche workings'!$U$38,'Snowball workings'!$U$38)+IF('Your debts'!$D$20="Avalanche",'Avalanche workings'!$AO$38,'Snowball workings'!$AO$38)) | Y36: =IF(OR(31>$Z$1,NOT(OR('Your debts'!$B$15<>"",N('Your debts'!$C$15)>0))),"",IF('Your debts'!$D$20="Avalanche",'Avalanche workings'!$AY$38,'Snowball workings'!$AY$38))
A37: =IF(32>$Z$1,"",32) | B37: =IF(32>$Z$1,"",EDATE('Your debts'!$D$21,31)) | C37: =IF(32>$Z$1,"",IF('Your debts'!$D$20="Avalanche",'Avalanche workings'!$BC$39,'Snowball workings'!$BC$39)) | D37: =IF(32>$Z$1,"",IF('Your debts'!$D$20="Avalanche",'Avalanche workings'!$BA$39,'Snowball workings'!$BA$39)) | E37: =IF(32>$Z$1,"",IF('Your debts'!$D$20="Avalanche",'Avalanche workings'!$BB$39,'Snowball workings'!$BB$39)) | F37: =IF(OR(32>$Z$1,NOT(OR('Your debts'!$B$6<>"",N('Your debts'!$C$6)>0))),"",IF('Your debts'!$D$20="Avalanche",'Avalanche workings'!$L$39,'Snowball workings'!$L$39)+IF('Your debts'!$D$20="Avalanche",'Avalanche workings'!$AF$39,'Snowball workings'!$AF$39)) | G37: =IF(OR(32>$Z$1,NOT(OR('Your debts'!$B$6<>"",N('Your debts'!$C$6)>0))),"",IF('Your debts'!$D$20="Avalanche",'Avalanche workings'!$AP$39,'Snowball workings'!$AP$39)) | H37: =IF(OR(32>$Z$1,NOT(OR('Your debts'!$B$7<>"",N('Your debts'!$C$7)>0))),"",IF('Your debts'!$D$20="Avalanche",'Avalanche workings'!$M$39,'Snowball workings'!$M$39)+IF('Your debts'!$D$20="Avalanche",'Avalanche workings'!$AG$39,'Snowball workings'!$AG$39)) | I37: =IF(OR(32>$Z$1,NOT(OR('Your debts'!$B$7<>"",N('Your debts'!$C$7)>0))),"",IF('Your debts'!$D$20="Avalanche",'Avalanche workings'!$AQ$39,'Snowball workings'!$AQ$39)) | J37: =IF(OR(32>$Z$1,NOT(OR('Your debts'!$B$8<>"",N('Your debts'!$C$8)>0))),"",IF('Your debts'!$D$20="Avalanche",'Avalanche workings'!$N$39,'Snowball workings'!$N$39)+IF('Your debts'!$D$20="Avalanche",'Avalanche workings'!$AH$39,'Snowball workings'!$AH$39)) | K37: =IF(OR(32>$Z$1,NOT(OR('Your debts'!$B$8<>"",N('Your debts'!$C$8)>0))),"",IF('Your debts'!$D$20="Avalanche",'Avalanche workings'!$AR$39,'Snowball workings'!$AR$39)) | L37: =IF(OR(32>$Z$1,NOT(OR('Your debts'!$B$9<>"",N('Your debts'!$C$9)>0))),"",IF('Your debts'!$D$20="Avalanche",'Avalanche workings'!$O$39,'Snowball workings'!$O$39)+IF('Your debts'!$D$20="Avalanche",'Avalanche workings'!$AI$39,'Snowball workings'!$AI$39)) | M37: =IF(OR(32>$Z$1,NOT(OR('Your debts'!$B$9<>"",N('Your debts'!$C$9)>0))),"",IF('Your debts'!$D$20="Avalanche",'Avalanche workings'!$AS$39,'Snowball workings'!$AS$39)) | N37: =IF(OR(32>$Z$1,NOT(OR('Your debts'!$B$10<>"",N('Your debts'!$C$10)>0))),"",IF('Your debts'!$D$20="Avalanche",'Avalanche workings'!$P$39,'Snowball workings'!$P$39)+IF('Your debts'!$D$20="Avalanche",'Avalanche workings'!$AJ$39,'Snowball workings'!$AJ$39)) | O37: =IF(OR(32>$Z$1,NOT(OR('Your debts'!$B$10<>"",N('Your debts'!$C$10)>0))),"",IF('Your debts'!$D$20="Avalanche",'Avalanche workings'!$AT$39,'Snowball workings'!$AT$39)) | P37: =IF(OR(32>$Z$1,NOT(OR('Your debts'!$B$11<>"",N('Your debts'!$C$11)>0))),"",IF('Your debts'!$D$20="Avalanche",'Avalanche workings'!$Q$39,'Snowball workings'!$Q$39)+IF('Your debts'!$D$20="Avalanche",'Avalanche workings'!$AK$39,'Snowball workings'!$AK$39)) | Q37: =IF(OR(32>$Z$1,NOT(OR('Your debts'!$B$11<>"",N('Your debts'!$C$11)>0))),"",IF('Your debts'!$D$20="Avalanche",'Avalanche workings'!$AU$39,'Snowball workings'!$AU$39)) | R37: =IF(OR(32>$Z$1,NOT(OR('Your debts'!$B$12<>"",N('Your debts'!$C$12)>0))),"",IF('Your debts'!$D$20="Avalanche",'Avalanche workings'!$R$39,'Snowball workings'!$R$39)+IF('Your debts'!$D$20="Avalanche",'Avalanche workings'!$AL$39,'Snowball workings'!$AL$39)) | S37: =IF(OR(32>$Z$1,NOT(OR('Your debts'!$B$12<>"",N('Your debts'!$C$12)>0))),"",IF('Your debts'!$D$20="Avalanche",'Avalanche workings'!$AV$39,'Snowball workings'!$AV$39)) | T37: =IF(OR(32>$Z$1,NOT(OR('Your debts'!$B$13<>"",N('Your debts'!$C$13)>0))),"",IF('Your debts'!$D$20="Avalanche",'Avalanche workings'!$S$39,'Snowball workings'!$S$39)+IF('Your debts'!$D$20="Avalanche",'Avalanche workings'!$AM$39,'Snowball workings'!$AM$39)) | U37: =IF(OR(32>$Z$1,NOT(OR('Your debts'!$B$13<>"",N('Your debts'!$C$13)>0))),"",IF('Your debts'!$D$20="Avalanche",'Avalanche workings'!$AW$39,'Snowball workings'!$AW$39)) | V37: =IF(OR(32>$Z$1,NOT(OR('Your debts'!$B$14<>"",N('Your debts'!$C$14)>0))),"",IF('Your debts'!$D$20="Avalanche",'Avalanche workings'!$T$39,'Snowball workings'!$T$39)+IF('Your debts'!$D$20="Avalanche",'Avalanche workings'!$AN$39,'Snowball workings'!$AN$39)) | W37: =IF(OR(32>$Z$1,NOT(OR('Your debts'!$B$14<>"",N('Your debts'!$C$14)>0))),"",IF('Your debts'!$D$20="Avalanche",'Avalanche workings'!$AX$39,'Snowball workings'!$AX$39)) | X37: =IF(OR(32>$Z$1,NOT(OR('Your debts'!$B$15<>"",N('Your debts'!$C$15)>0))),"",IF('Your debts'!$D$20="Avalanche",'Avalanche workings'!$U$39,'Snowball workings'!$U$39)+IF('Your debts'!$D$20="Avalanche",'Avalanche workings'!$AO$39,'Snowball workings'!$AO$39)) | Y37: =IF(OR(32>$Z$1,NOT(OR('Your debts'!$B$15<>"",N('Your debts'!$C$15)>0))),"",IF('Your debts'!$D$20="Avalanche",'Avalanche workings'!$AY$39,'Snowball workings'!$AY$39))
A38: =IF(33>$Z$1,"",33) | B38: =IF(33>$Z$1,"",EDATE('Your debts'!$D$21,32)) | C38: =IF(33>$Z$1,"",IF('Your debts'!$D$20="Avalanche",'Avalanche workings'!$BC$40,'Snowball workings'!$BC$40)) | D38: =IF(33>$Z$1,"",IF('Your debts'!$D$20="Avalanche",'Avalanche workings'!$BA$40,'Snowball workings'!$BA$40)) | E38: =IF(33>$Z$1,"",IF('Your debts'!$D$20="Avalanche",'Avalanche workings'!$BB$40,'Snowball workings'!$BB$40)) | F38: =IF(OR(33>$Z$1,NOT(OR('Your debts'!$B$6<>"",N('Your debts'!$C$6)>0))),"",IF('Your debts'!$D$20="Avalanche",'Avalanche workings'!$L$40,'Snowball workings'!$L$40)+IF('Your debts'!$D$20="Avalanche",'Avalanche workings'!$AF$40,'Snowball workings'!$AF$40)) | G38: =IF(OR(33>$Z$1,NOT(OR('Your debts'!$B$6<>"",N('Your debts'!$C$6)>0))),"",IF('Your debts'!$D$20="Avalanche",'Avalanche workings'!$AP$40,'Snowball workings'!$AP$40)) | H38: =IF(OR(33>$Z$1,NOT(OR('Your debts'!$B$7<>"",N('Your debts'!$C$7)>0))),"",IF('Your debts'!$D$20="Avalanche",'Avalanche workings'!$M$40,'Snowball workings'!$M$40)+IF('Your debts'!$D$20="Avalanche",'Avalanche workings'!$AG$40,'Snowball workings'!$AG$40)) | I38: =IF(OR(33>$Z$1,NOT(OR('Your debts'!$B$7<>"",N('Your debts'!$C$7)>0))),"",IF('Your debts'!$D$20="Avalanche",'Avalanche workings'!$AQ$40,'Snowball workings'!$AQ$40)) | J38: =IF(OR(33>$Z$1,NOT(OR('Your debts'!$B$8<>"",N('Your debts'!$C$8)>0))),"",IF('Your debts'!$D$20="Avalanche",'Avalanche workings'!$N$40,'Snowball workings'!$N$40)+IF('Your debts'!$D$20="Avalanche",'Avalanche workings'!$AH$40,'Snowball workings'!$AH$40)) | K38: =IF(OR(33>$Z$1,NOT(OR('Your debts'!$B$8<>"",N('Your debts'!$C$8)>0))),"",IF('Your debts'!$D$20="Avalanche",'Avalanche workings'!$AR$40,'Snowball workings'!$AR$40)) | L38: =IF(OR(33>$Z$1,NOT(OR('Your debts'!$B$9<>"",N('Your debts'!$C$9)>0))),"",IF('Your debts'!$D$20="Avalanche",'Avalanche workings'!$O$40,'Snowball workings'!$O$40)+IF('Your debts'!$D$20="Avalanche",'Avalanche workings'!$AI$40,'Snowball workings'!$AI$40)) | M38: =IF(OR(33>$Z$1,NOT(OR('Your debts'!$B$9<>"",N('Your debts'!$C$9)>0))),"",IF('Your debts'!$D$20="Avalanche",'Avalanche workings'!$AS$40,'Snowball workings'!$AS$40)) | N38: =IF(OR(33>$Z$1,NOT(OR('Your debts'!$B$10<>"",N('Your debts'!$C$10)>0))),"",IF('Your debts'!$D$20="Avalanche",'Avalanche workings'!$P$40,'Snowball workings'!$P$40)+IF('Your debts'!$D$20="Avalanche",'Avalanche workings'!$AJ$40,'Snowball workings'!$AJ$40)) | O38: =IF(OR(33>$Z$1,NOT(OR('Your debts'!$B$10<>"",N('Your debts'!$C$10)>0))),"",IF('Your debts'!$D$20="Avalanche",'Avalanche workings'!$AT$40,'Snowball workings'!$AT$40)) | P38: =IF(OR(33>$Z$1,NOT(OR('Your debts'!$B$11<>"",N('Your debts'!$C$11)>0))),"",IF('Your debts'!$D$20="Avalanche",'Avalanche workings'!$Q$40,'Snowball workings'!$Q$40)+IF('Your debts'!$D$20="Avalanche",'Avalanche workings'!$AK$40,'Snowball workings'!$AK$40)) | Q38: =IF(OR(33>$Z$1,NOT(OR('Your debts'!$B$11<>"",N('Your debts'!$C$11)>0))),"",IF('Your debts'!$D$20="Avalanche",'Avalanche workings'!$AU$40,'Snowball workings'!$AU$40)) | R38: =IF(OR(33>$Z$1,NOT(OR('Your debts'!$B$12<>"",N('Your debts'!$C$12)>0))),"",IF('Your debts'!$D$20="Avalanche",'Avalanche workings'!$R$40,'Snowball workings'!$R$40)+IF('Your debts'!$D$20="Avalanche",'Avalanche workings'!$AL$40,'Snowball workings'!$AL$40)) | S38: =IF(OR(33>$Z$1,NOT(OR('Your debts'!$B$12<>"",N('Your debts'!$C$12)>0))),"",IF('Your debts'!$D$20="Avalanche",'Avalanche workings'!$AV$40,'Snowball workings'!$AV$40)) | T38: =IF(OR(33>$Z$1,NOT(OR('Your debts'!$B$13<>"",N('Your debts'!$C$13)>0))),"",IF('Your debts'!$D$20="Avalanche",'Avalanche workings'!$S$40,'Snowball workings'!$S$40)+IF('Your debts'!$D$20="Avalanche",'Avalanche workings'!$AM$40,'Snowball workings'!$AM$40)) | U38: =IF(OR(33>$Z$1,NOT(OR('Your debts'!$B$13<>"",N('Your debts'!$C$13)>0))),"",IF('Your debts'!$D$20="Avalanche",'Avalanche workings'!$AW$40,'Snowball workings'!$AW$40)) | V38: =IF(OR(33>$Z$1,NOT(OR('Your debts'!$B$14<>"",N('Your debts'!$C$14)>0))),"",IF('Your debts'!$D$20="Avalanche",'Avalanche workings'!$T$40,'Snowball workings'!$T$40)+IF('Your debts'!$D$20="Avalanche",'Avalanche workings'!$AN$40,'Snowball workings'!$AN$40)) | W38: =IF(OR(33>$Z$1,NOT(OR('Your debts'!$B$14<>"",N('Your debts'!$C$14)>0))),"",IF('Your debts'!$D$20="Avalanche",'Avalanche workings'!$AX$40,'Snowball workings'!$AX$40)) | X38: =IF(OR(33>$Z$1,NOT(OR('Your debts'!$B$15<>"",N('Your debts'!$C$15)>0))),"",IF('Your debts'!$D$20="Avalanche",'Avalanche workings'!$U$40,'Snowball workings'!$U$40)+IF('Your debts'!$D$20="Avalanche",'Avalanche workings'!$AO$40,'Snowball workings'!$AO$40)) | Y38: =IF(OR(33>$Z$1,NOT(OR('Your debts'!$B$15<>"",N('Your debts'!$C$15)>0))),"",IF('Your debts'!$D$20="Avalanche",'Avalanche workings'!$AY$40,'Snowball workings'!$AY$40))
A39: =IF(34>$Z$1,"",34) | B39: =IF(34>$Z$1,"",EDATE('Your debts'!$D$21,33)) | C39: =IF(34>$Z$1,"",IF('Your debts'!$D$20="Avalanche",'Avalanche workings'!$BC$41,'Snowball workings'!$BC$41)) | D39: =IF(34>$Z$1,"",IF('Your debts'!$D$20="Avalanche",'Avalanche workings'!$BA$41,'Snowball workings'!$BA$41)) | E39: =IF(34>$Z$1,"",IF('Your debts'!$D$20="Avalanche",'Avalanche workings'!$BB$41,'Snowball workings'!$BB$41)) | F39: =IF(OR(34>$Z$1,NOT(OR('Your debts'!$B$6<>"",N('Your debts'!$C$6)>0))),"",IF('Your debts'!$D$20="Avalanche",'Avalanche workings'!$L$41,'Snowball workings'!$L$41)+IF('Your debts'!$D$20="Avalanche",'Avalanche workings'!$AF$41,'Snowball workings'!$AF$41)) | G39: =IF(OR(34>$Z$1,NOT(OR('Your debts'!$B$6<>"",N('Your debts'!$C$6)>0))),"",IF('Your debts'!$D$20="Avalanche",'Avalanche workings'!$AP$41,'Snowball workings'!$AP$41)) | H39: =IF(OR(34>$Z$1,NOT(OR('Your debts'!$B$7<>"",N('Your debts'!$C$7)>0))),"",IF('Your debts'!$D$20="Avalanche",'Avalanche workings'!$M$41,'Snowball workings'!$M$41)+IF('Your debts'!$D$20="Avalanche",'Avalanche workings'!$AG$41,'Snowball workings'!$AG$41)) | I39: =IF(OR(34>$Z$1,NOT(OR('Your debts'!$B$7<>"",N('Your debts'!$C$7)>0))),"",IF('Your debts'!$D$20="Avalanche",'Avalanche workings'!$AQ$41,'Snowball workings'!$AQ$41)) | J39: =IF(OR(34>$Z$1,NOT(OR('Your debts'!$B$8<>"",N('Your debts'!$C$8)>0))),"",IF('Your debts'!$D$20="Avalanche",'Avalanche workings'!$N$41,'Snowball workings'!$N$41)+IF('Your debts'!$D$20="Avalanche",'Avalanche workings'!$AH$41,'Snowball workings'!$AH$41)) | K39: =IF(OR(34>$Z$1,NOT(OR('Your debts'!$B$8<>"",N('Your debts'!$C$8)>0))),"",IF('Your debts'!$D$20="Avalanche",'Avalanche workings'!$AR$41,'Snowball workings'!$AR$41)) | L39: =IF(OR(34>$Z$1,NOT(OR('Your debts'!$B$9<>"",N('Your debts'!$C$9)>0))),"",IF('Your debts'!$D$20="Avalanche",'Avalanche workings'!$O$41,'Snowball workings'!$O$41)+IF('Your debts'!$D$20="Avalanche",'Avalanche workings'!$AI$41,'Snowball workings'!$AI$41)) | M39: =IF(OR(34>$Z$1,NOT(OR('Your debts'!$B$9<>"",N('Your debts'!$C$9)>0))),"",IF('Your debts'!$D$20="Avalanche",'Avalanche workings'!$AS$41,'Snowball workings'!$AS$41)) | N39: =IF(OR(34>$Z$1,NOT(OR('Your debts'!$B$10<>"",N('Your debts'!$C$10)>0))),"",IF('Your debts'!$D$20="Avalanche",'Avalanche workings'!$P$41,'Snowball workings'!$P$41)+IF('Your debts'!$D$20="Avalanche",'Avalanche workings'!$AJ$41,'Snowball workings'!$AJ$41)) | O39: =IF(OR(34>$Z$1,NOT(OR('Your debts'!$B$10<>"",N('Your debts'!$C$10)>0))),"",IF('Your debts'!$D$20="Avalanche",'Avalanche workings'!$AT$41,'Snowball workings'!$AT$41)) | P39: =IF(OR(34>$Z$1,NOT(OR('Your debts'!$B$11<>"",N('Your debts'!$C$11)>0))),"",IF('Your debts'!$D$20="Avalanche",'Avalanche workings'!$Q$41,'Snowball workings'!$Q$41)+IF('Your debts'!$D$20="Avalanche",'Avalanche workings'!$AK$41,'Snowball workings'!$AK$41)) | Q39: =IF(OR(34>$Z$1,NOT(OR('Your debts'!$B$11<>"",N('Your debts'!$C$11)>0))),"",IF('Your debts'!$D$20="Avalanche",'Avalanche workings'!$AU$41,'Snowball workings'!$AU$41)) | R39: =IF(OR(34>$Z$1,NOT(OR('Your debts'!$B$12<>"",N('Your debts'!$C$12)>0))),"",IF('Your debts'!$D$20="Avalanche",'Avalanche workings'!$R$41,'Snowball workings'!$R$41)+IF('Your debts'!$D$20="Avalanche",'Avalanche workings'!$AL$41,'Snowball workings'!$AL$41)) | S39: =IF(OR(34>$Z$1,NOT(OR('Your debts'!$B$12<>"",N('Your debts'!$C$12)>0))),"",IF('Your debts'!$D$20="Avalanche",'Avalanche workings'!$AV$41,'Snowball workings'!$AV$41)) | T39: =IF(OR(34>$Z$1,NOT(OR('Your debts'!$B$13<>"",N('Your debts'!$C$13)>0))),"",IF('Your debts'!$D$20="Avalanche",'Avalanche workings'!$S$41,'Snowball workings'!$S$41)+IF('Your debts'!$D$20="Avalanche",'Avalanche workings'!$AM$41,'Snowball workings'!$AM$41)) | U39: =IF(OR(34>$Z$1,NOT(OR('Your debts'!$B$13<>"",N('Your debts'!$C$13)>0))),"",IF('Your debts'!$D$20="Avalanche",'Avalanche workings'!$AW$41,'Snowball workings'!$AW$41)) | V39: =IF(OR(34>$Z$1,NOT(OR('Your debts'!$B$14<>"",N('Your debts'!$C$14)>0))),"",IF('Your debts'!$D$20="Avalanche",'Avalanche workings'!$T$41,'Snowball workings'!$T$41)+IF('Your debts'!$D$20="Avalanche",'Avalanche workings'!$AN$41,'Snowball workings'!$AN$41)) | W39: =IF(OR(34>$Z$1,NOT(OR('Your debts'!$B$14<>"",N('Your debts'!$C$14)>0))),"",IF('Your debts'!$D$20="Avalanche",'Avalanche workings'!$AX$41,'Snowball workings'!$AX$41)) | X39: =IF(OR(34>$Z$1,NOT(OR('Your debts'!$B$15<>"",N('Your debts'!$C$15)>0))),"",IF('Your debts'!$D$20="Avalanche",'Avalanche workings'!$U$41,'Snowball workings'!$U$41)+IF('Your debts'!$D$20="Avalanche",'Avalanche workings'!$AO$41,'Snowball workings'!$AO$41)) | Y39: =IF(OR(34>$Z$1,NOT(OR('Your debts'!$B$15<>"",N('Your debts'!$C$15)>0))),"",IF('Your debts'!$D$20="Avalanche",'Avalanche workings'!$AY$41,'Snowball workings'!$AY$41))
A40: =IF(35>$Z$1,"",35) | B40: =IF(35>$Z$1,"",EDATE('Your debts'!$D$21,34)) | C40: =IF(35>$Z$1,"",IF('Your debts'!$D$20="Avalanche",'Avalanche workings'!$BC$42,'Snowball workings'!$BC$42)) | D40: =IF(35>$Z$1,"",IF('Your debts'!$D$20="Avalanche",'Avalanche workings'!$BA$42,'Snowball workings'!$BA$42)) | E40: =IF(35>$Z$1,"",IF('Your debts'!$D$20="Avalanche",'Avalanche workings'!$BB$42,'Snowball workings'!$BB$42)) | F40: =IF(OR(35>$Z$1,NOT(OR('Your debts'!$B$6<>"",N('Your debts'!$C$6)>0))),"",IF('Your debts'!$D$20="Avalanche",'Avalanche workings'!$L$42,'Snowball workings'!$L$42)+IF('Your debts'!$D$20="Avalanche",'Avalanche workings'!$AF$42,'Snowball workings'!$AF$42)) | G40: =IF(OR(35>$Z$1,NOT(OR('Your debts'!$B$6<>"",N('Your debts'!$C$6)>0))),"",IF('Your debts'!$D$20="Avalanche",'Avalanche workings'!$AP$42,'Snowball workings'!$AP$42)) | H40: =IF(OR(35>$Z$1,NOT(OR('Your debts'!$B$7<>"",N('Your debts'!$C$7)>0))),"",IF('Your debts'!$D$20="Avalanche",'Avalanche workings'!$M$42,'Snowball workings'!$M$42)+IF('Your debts'!$D$20="Avalanche",'Avalanche workings'!$AG$42,'Snowball workings'!$AG$42)) | I40: =IF(OR(35>$Z$1,NOT(OR('Your debts'!$B$7<>"",N('Your debts'!$C$7)>0))),"",IF('Your debts'!$D$20="Avalanche",'Avalanche workings'!$AQ$42,'Snowball workings'!$AQ$42)) | J40: =IF(OR(35>$Z$1,NOT(OR('Your debts'!$B$8<>"",N('Your debts'!$C$8)>0))),"",IF('Your debts'!$D$20="Avalanche",'Avalanche workings'!$N$42,'Snowball workings'!$N$42)+IF('Your debts'!$D$20="Avalanche",'Avalanche workings'!$AH$42,'Snowball workings'!$AH$42)) | K40: =IF(OR(35>$Z$1,NOT(OR('Your debts'!$B$8<>"",N('Your debts'!$C$8)>0))),"",IF('Your debts'!$D$20="Avalanche",'Avalanche workings'!$AR$42,'Snowball workings'!$AR$42)) | L40: =IF(OR(35>$Z$1,NOT(OR('Your debts'!$B$9<>"",N('Your debts'!$C$9)>0))),"",IF('Your debts'!$D$20="Avalanche",'Avalanche workings'!$O$42,'Snowball workings'!$O$42)+IF('Your debts'!$D$20="Avalanche",'Avalanche workings'!$AI$42,'Snowball workings'!$AI$42)) | M40: =IF(OR(35>$Z$1,NOT(OR('Your debts'!$B$9<>"",N('Your debts'!$C$9)>0))),"",IF('Your debts'!$D$20="Avalanche",'Avalanche workings'!$AS$42,'Snowball workings'!$AS$42)) | N40: =IF(OR(35>$Z$1,NOT(OR('Your debts'!$B$10<>"",N('Your debts'!$C$10)>0))),"",IF('Your debts'!$D$20="Avalanche",'Avalanche workings'!$P$42,'Snowball workings'!$P$42)+IF('Your debts'!$D$20="Avalanche",'Avalanche workings'!$AJ$42,'Snowball workings'!$AJ$42)) | O40: =IF(OR(35>$Z$1,NOT(OR('Your debts'!$B$10<>"",N('Your debts'!$C$10)>0))),"",IF('Your debts'!$D$20="Avalanche",'Avalanche workings'!$AT$42,'Snowball workings'!$AT$42)) | P40: =IF(OR(35>$Z$1,NOT(OR('Your debts'!$B$11<>"",N('Your debts'!$C$11)>0))),"",IF('Your debts'!$D$20="Avalanche",'Avalanche workings'!$Q$42,'Snowball workings'!$Q$42)+IF('Your debts'!$D$20="Avalanche",'Avalanche workings'!$AK$42,'Snowball workings'!$AK$42)) | Q40: =IF(OR(35>$Z$1,NOT(OR('Your debts'!$B$11<>"",N('Your debts'!$C$11)>0))),"",IF('Your debts'!$D$20="Avalanche",'Avalanche workings'!$AU$42,'Snowball workings'!$AU$42)) | R40: =IF(OR(35>$Z$1,NOT(OR('Your debts'!$B$12<>"",N('Your debts'!$C$12)>0))),"",IF('Your debts'!$D$20="Avalanche",'Avalanche workings'!$R$42,'Snowball workings'!$R$42)+IF('Your debts'!$D$20="Avalanche",'Avalanche workings'!$AL$42,'Snowball workings'!$AL$42)) | S40: =IF(OR(35>$Z$1,NOT(OR('Your debts'!$B$12<>"",N('Your debts'!$C$12)>0))),"",IF('Your debts'!$D$20="Avalanche",'Avalanche workings'!$AV$42,'Snowball workings'!$AV$42)) | T40: =IF(OR(35>$Z$1,NOT(OR('Your debts'!$B$13<>"",N('Your debts'!$C$13)>0))),"",IF('Your debts'!$D$20="Avalanche",'Avalanche workings'!$S$42,'Snowball workings'!$S$42)+IF('Your debts'!$D$20="Avalanche",'Avalanche workings'!$AM$42,'Snowball workings'!$AM$42)) | U40: =IF(OR(35>$Z$1,NOT(OR('Your debts'!$B$13<>"",N('Your debts'!$C$13)>0))),"",IF('Your debts'!$D$20="Avalanche",'Avalanche workings'!$AW$42,'Snowball workings'!$AW$42)) | V40: =IF(OR(35>$Z$1,NOT(OR('Your debts'!$B$14<>"",N('Your debts'!$C$14)>0))),"",IF('Your debts'!$D$20="Avalanche",'Avalanche workings'!$T$42,'Snowball workings'!$T$42)+IF('Your debts'!$D$20="Avalanche",'Avalanche workings'!$AN$42,'Snowball workings'!$AN$42)) | W40: =IF(OR(35>$Z$1,NOT(OR('Your debts'!$B$14<>"",N('Your debts'!$C$14)>0))),"",IF('Your debts'!$D$20="Avalanche",'Avalanche workings'!$AX$42,'Snowball workings'!$AX$42)) | X40: =IF(OR(35>$Z$1,NOT(OR('Your debts'!$B$15<>"",N('Your debts'!$C$15)>0))),"",IF('Your debts'!$D$20="Avalanche",'Avalanche workings'!$U$42,'Snowball workings'!$U$42)+IF('Your debts'!$D$20="Avalanche",'Avalanche workings'!$AO$42,'Snowball workings'!$AO$42)) | Y40: =IF(OR(35>$Z$1,NOT(OR('Your debts'!$B$15<>"",N('Your debts'!$C$15)>0))),"",IF('Your debts'!$D$20="Avalanche",'Avalanche workings'!$AY$42,'Snowball workings'!$AY$42))
A41: =IF(36>$Z$1,"",36) | B41: =IF(36>$Z$1,"",EDATE('Your debts'!$D$21,35)) | C41: =IF(36>$Z$1,"",IF('Your debts'!$D$20="Avalanche",'Avalanche workings'!$BC$43,'Snowball workings'!$BC$43)) | D41: =IF(36>$Z$1,"",IF('Your debts'!$D$20="Avalanche",'Avalanche workings'!$BA$43,'Snowball workings'!$BA$43)) | E41: =IF(36>$Z$1,"",IF('Your debts'!$D$20="Avalanche",'Avalanche workings'!$BB$43,'Snowball workings'!$BB$43)) | F41: =IF(OR(36>$Z$1,NOT(OR('Your debts'!$B$6<>"",N('Your debts'!$C$6)>0))),"",IF('Your debts'!$D$20="Avalanche",'Avalanche workings'!$L$43,'Snowball workings'!$L$43)+IF('Your debts'!$D$20="Avalanche",'Avalanche workings'!$AF$43,'Snowball workings'!$AF$43)) | G41: =IF(OR(36>$Z$1,NOT(OR('Your debts'!$B$6<>"",N('Your debts'!$C$6)>0))),"",IF('Your debts'!$D$20="Avalanche",'Avalanche workings'!$AP$43,'Snowball workings'!$AP$43)) | H41: =IF(OR(36>$Z$1,NOT(OR('Your debts'!$B$7<>"",N('Your debts'!$C$7)>0))),"",IF('Your debts'!$D$20="Avalanche",'Avalanche workings'!$M$43,'Snowball workings'!$M$43)+IF('Your debts'!$D$20="Avalanche",'Avalanche workings'!$AG$43,'Snowball workings'!$AG$43)) | I41: =IF(OR(36>$Z$1,NOT(OR('Your debts'!$B$7<>"",N('Your debts'!$C$7)>0))),"",IF('Your debts'!$D$20="Avalanche",'Avalanche workings'!$AQ$43,'Snowball workings'!$AQ$43)) | J41: =IF(OR(36>$Z$1,NOT(OR('Your debts'!$B$8<>"",N('Your debts'!$C$8)>0))),"",IF('Your debts'!$D$20="Avalanche",'Avalanche workings'!$N$43,'Snowball workings'!$N$43)+IF('Your debts'!$D$20="Avalanche",'Avalanche workings'!$AH$43,'Snowball workings'!$AH$43)) | K41: =IF(OR(36>$Z$1,NOT(OR('Your debts'!$B$8<>"",N('Your debts'!$C$8)>0))),"",IF('Your debts'!$D$20="Avalanche",'Avalanche workings'!$AR$43,'Snowball workings'!$AR$43)) | L41: =IF(OR(36>$Z$1,NOT(OR('Your debts'!$B$9<>"",N('Your debts'!$C$9)>0))),"",IF('Your debts'!$D$20="Avalanche",'Avalanche workings'!$O$43,'Snowball workings'!$O$43)+IF('Your debts'!$D$20="Avalanche",'Avalanche workings'!$AI$43,'Snowball workings'!$AI$43)) | M41: =IF(OR(36>$Z$1,NOT(OR('Your debts'!$B$9<>"",N('Your debts'!$C$9)>0))),"",IF('Your debts'!$D$20="Avalanche",'Avalanche workings'!$AS$43,'Snowball workings'!$AS$43)) | N41: =IF(OR(36>$Z$1,NOT(OR('Your debts'!$B$10<>"",N('Your debts'!$C$10)>0))),"",IF('Your debts'!$D$20="Avalanche",'Avalanche workings'!$P$43,'Snowball workings'!$P$43)+IF('Your debts'!$D$20="Avalanche",'Avalanche workings'!$AJ$43,'Snowball workings'!$AJ$43)) | O41: =IF(OR(36>$Z$1,NOT(OR('Your debts'!$B$10<>"",N('Your debts'!$C$10)>0))),"",IF('Your debts'!$D$20="Avalanche",'Avalanche workings'!$AT$43,'Snowball workings'!$AT$43)) | P41: =IF(OR(36>$Z$1,NOT(OR('Your debts'!$B$11<>"",N('Your debts'!$C$11)>0))),"",IF('Your debts'!$D$20="Avalanche",'Avalanche workings'!$Q$43,'Snowball workings'!$Q$43)+IF('Your debts'!$D$20="Avalanche",'Avalanche workings'!$AK$43,'Snowball workings'!$AK$43)) | Q41: =IF(OR(36>$Z$1,NOT(OR('Your debts'!$B$11<>"",N('Your debts'!$C$11)>0))),"",IF('Your debts'!$D$20="Avalanche",'Avalanche workings'!$AU$43,'Snowball workings'!$AU$43)) | R41: =IF(OR(36>$Z$1,NOT(OR('Your debts'!$B$12<>"",N('Your debts'!$C$12)>0))),"",IF('Your debts'!$D$20="Avalanche",'Avalanche workings'!$R$43,'Snowball workings'!$R$43)+IF('Your debts'!$D$20="Avalanche",'Avalanche workings'!$AL$43,'Snowball workings'!$AL$43)) | S41: =IF(OR(36>$Z$1,NOT(OR('Your debts'!$B$12<>"",N('Your debts'!$C$12)>0))),"",IF('Your debts'!$D$20="Avalanche",'Avalanche workings'!$AV$43,'Snowball workings'!$AV$43)) | T41: =IF(OR(36>$Z$1,NOT(OR('Your debts'!$B$13<>"",N('Your debts'!$C$13)>0))),"",IF('Your debts'!$D$20="Avalanche",'Avalanche workings'!$S$43,'Snowball workings'!$S$43)+IF('Your debts'!$D$20="Avalanche",'Avalanche workings'!$AM$43,'Snowball workings'!$AM$43)) | U41: =IF(OR(36>$Z$1,NOT(OR('Your debts'!$B$13<>"",N('Your debts'!$C$13)>0))),"",IF('Your debts'!$D$20="Avalanche",'Avalanche workings'!$AW$43,'Snowball workings'!$AW$43)) | V41: =IF(OR(36>$Z$1,NOT(OR('Your debts'!$B$14<>"",N('Your debts'!$C$14)>0))),"",IF('Your debts'!$D$20="Avalanche",'Avalanche workings'!$T$43,'Snowball workings'!$T$43)+IF('Your debts'!$D$20="Avalanche",'Avalanche workings'!$AN$43,'Snowball workings'!$AN$43)) | W41: =IF(OR(36>$Z$1,NOT(OR('Your debts'!$B$14<>"",N('Your debts'!$C$14)>0))),"",IF('Your debts'!$D$20="Avalanche",'Avalanche workings'!$AX$43,'Snowball workings'!$AX$43)) | X41: =IF(OR(36>$Z$1,NOT(OR('Your debts'!$B$15<>"",N('Your debts'!$C$15)>0))),"",IF('Your debts'!$D$20="Avalanche",'Avalanche workings'!$U$43,'Snowball workings'!$U$43)+IF('Your debts'!$D$20="Avalanche",'Avalanche workings'!$AO$43,'Snowball workings'!$AO$43)) | Y41: =IF(OR(36>$Z$1,NOT(OR('Your debts'!$B$15<>"",N('Your debts'!$C$15)>0))),"",IF('Your debts'!$D$20="Avalanche",'Avalanche workings'!$AY$43,'Snowball workings'!$AY$43))
A42: =IF(37>$Z$1,"",37) | B42: =IF(37>$Z$1,"",EDATE('Your debts'!$D$21,36)) | C42: =IF(37>$Z$1,"",IF('Your debts'!$D$20="Avalanche",'Avalanche workings'!$BC$44,'Snowball workings'!$BC$44)) | D42: =IF(37>$Z$1,"",IF('Your debts'!$D$20="Avalanche",'Avalanche workings'!$BA$44,'Snowball workings'!$BA$44)) | E42: =IF(37>$Z$1,"",IF('Your debts'!$D$20="Avalanche",'Avalanche workings'!$BB$44,'Snowball workings'!$BB$44)) | F42: =IF(OR(37>$Z$1,NOT(OR('Your debts'!$B$6<>"",N('Your debts'!$C$6)>0))),"",IF('Your debts'!$D$20="Avalanche",'Avalanche workings'!$L$44,'Snowball workings'!$L$44)+IF('Your debts'!$D$20="Avalanche",'Avalanche workings'!$AF$44,'Snowball workings'!$AF$44)) | G42: =IF(OR(37>$Z$1,NOT(OR('Your debts'!$B$6<>"",N('Your debts'!$C$6)>0))),"",IF('Your debts'!$D$20="Avalanche",'Avalanche workings'!$AP$44,'Snowball workings'!$AP$44)) | H42: =IF(OR(37>$Z$1,NOT(OR('Your debts'!$B$7<>"",N('Your debts'!$C$7)>0))),"",IF('Your debts'!$D$20="Avalanche",'Avalanche workings'!$M$44,'Snowball workings'!$M$44)+IF('Your debts'!$D$20="Avalanche",'Avalanche workings'!$AG$44,'Snowball workings'!$AG$44)) | I42: =IF(OR(37>$Z$1,NOT(OR('Your debts'!$B$7<>"",N('Your debts'!$C$7)>0))),"",IF('Your debts'!$D$20="Avalanche",'Avalanche workings'!$AQ$44,'Snowball workings'!$AQ$44)) | J42: =IF(OR(37>$Z$1,NOT(OR('Your debts'!$B$8<>"",N('Your debts'!$C$8)>0))),"",IF('Your debts'!$D$20="Avalanche",'Avalanche workings'!$N$44,'Snowball workings'!$N$44)+IF('Your debts'!$D$20="Avalanche",'Avalanche workings'!$AH$44,'Snowball workings'!$AH$44)) | K42: =IF(OR(37>$Z$1,NOT(OR('Your debts'!$B$8<>"",N('Your debts'!$C$8)>0))),"",IF('Your debts'!$D$20="Avalanche",'Avalanche workings'!$AR$44,'Snowball workings'!$AR$44)) | L42: =IF(OR(37>$Z$1,NOT(OR('Your debts'!$B$9<>"",N('Your debts'!$C$9)>0))),"",IF('Your debts'!$D$20="Avalanche",'Avalanche workings'!$O$44,'Snowball workings'!$O$44)+IF('Your debts'!$D$20="Avalanche",'Avalanche workings'!$AI$44,'Snowball workings'!$AI$44)) | M42: =IF(OR(37>$Z$1,NOT(OR('Your debts'!$B$9<>"",N('Your debts'!$C$9)>0))),"",IF('Your debts'!$D$20="Avalanche",'Avalanche workings'!$AS$44,'Snowball workings'!$AS$44)) | N42: =IF(OR(37>$Z$1,NOT(OR('Your debts'!$B$10<>"",N('Your debts'!$C$10)>0))),"",IF('Your debts'!$D$20="Avalanche",'Avalanche workings'!$P$44,'Snowball workings'!$P$44)+IF('Your debts'!$D$20="Avalanche",'Avalanche workings'!$AJ$44,'Snowball workings'!$AJ$44)) | O42: =IF(OR(37>$Z$1,NOT(OR('Your debts'!$B$10<>"",N('Your debts'!$C$10)>0))),"",IF('Your debts'!$D$20="Avalanche",'Avalanche workings'!$AT$44,'Snowball workings'!$AT$44)) | P42: =IF(OR(37>$Z$1,NOT(OR('Your debts'!$B$11<>"",N('Your debts'!$C$11)>0))),"",IF('Your debts'!$D$20="Avalanche",'Avalanche workings'!$Q$44,'Snowball workings'!$Q$44)+IF('Your debts'!$D$20="Avalanche",'Avalanche workings'!$AK$44,'Snowball workings'!$AK$44)) | Q42: =IF(OR(37>$Z$1,NOT(OR('Your debts'!$B$11<>"",N('Your debts'!$C$11)>0))),"",IF('Your debts'!$D$20="Avalanche",'Avalanche workings'!$AU$44,'Snowball workings'!$AU$44)) | R42: =IF(OR(37>$Z$1,NOT(OR('Your debts'!$B$12<>"",N('Your debts'!$C$12)>0))),"",IF('Your debts'!$D$20="Avalanche",'Avalanche workings'!$R$44,'Snowball workings'!$R$44)+IF('Your debts'!$D$20="Avalanche",'Avalanche workings'!$AL$44,'Snowball workings'!$AL$44)) | S42: =IF(OR(37>$Z$1,NOT(OR('Your debts'!$B$12<>"",N('Your debts'!$C$12)>0))),"",IF('Your debts'!$D$20="Avalanche",'Avalanche workings'!$AV$44,'Snowball workings'!$AV$44)) | T42: =IF(OR(37>$Z$1,NOT(OR('Your debts'!$B$13<>"",N('Your debts'!$C$13)>0))),"",IF('Your debts'!$D$20="Avalanche",'Avalanche workings'!$S$44,'Snowball workings'!$S$44)+IF('Your debts'!$D$20="Avalanche",'Avalanche workings'!$AM$44,'Snowball workings'!$AM$44)) | U42: =IF(OR(37>$Z$1,NOT(OR('Your debts'!$B$13<>"",N('Your debts'!$C$13)>0))),"",IF('Your debts'!$D$20="Avalanche",'Avalanche workings'!$AW$44,'Snowball workings'!$AW$44)) | V42: =IF(OR(37>$Z$1,NOT(OR('Your debts'!$B$14<>"",N('Your debts'!$C$14)>0))),"",IF('Your debts'!$D$20="Avalanche",'Avalanche workings'!$T$44,'Snowball workings'!$T$44)+IF('Your debts'!$D$20="Avalanche",'Avalanche workings'!$AN$44,'Snowball workings'!$AN$44)) | W42: =IF(OR(37>$Z$1,NOT(OR('Your debts'!$B$14<>"",N('Your debts'!$C$14)>0))),"",IF('Your debts'!$D$20="Avalanche",'Avalanche workings'!$AX$44,'Snowball workings'!$AX$44)) | X42: =IF(OR(37>$Z$1,NOT(OR('Your debts'!$B$15<>"",N('Your debts'!$C$15)>0))),"",IF('Your debts'!$D$20="Avalanche",'Avalanche workings'!$U$44,'Snowball workings'!$U$44)+IF('Your debts'!$D$20="Avalanche",'Avalanche workings'!$AO$44,'Snowball workings'!$AO$44)) | Y42: =IF(OR(37>$Z$1,NOT(OR('Your debts'!$B$15<>"",N('Your debts'!$C$15)>0))),"",IF('Your debts'!$D$20="Avalanche",'Avalanche workings'!$AY$44,'Snowball workings'!$AY$44))
A43: =IF(38>$Z$1,"",38) | B43: =IF(38>$Z$1,"",EDATE('Your debts'!$D$21,37)) | C43: =IF(38>$Z$1,"",IF('Your debts'!$D$20="Avalanche",'Avalanche workings'!$BC$45,'Snowball workings'!$BC$45)) | D43: =IF(38>$Z$1,"",IF('Your debts'!$D$20="Avalanche",'Avalanche workings'!$BA$45,'Snowball workings'!$BA$45)) | E43: =IF(38>$Z$1,"",IF('Your debts'!$D$20="Avalanche",'Avalanche workings'!$BB$45,'Snowball workings'!$BB$45)) | F43: =IF(OR(38>$Z$1,NOT(OR('Your debts'!$B$6<>"",N('Your debts'!$C$6)>0))),"",IF('Your debts'!$D$20="Avalanche",'Avalanche workings'!$L$45,'Snowball workings'!$L$45)+IF('Your debts'!$D$20="Avalanche",'Avalanche workings'!$AF$45,'Snowball workings'!$AF$45)) | G43: =IF(OR(38>$Z$1,NOT(OR('Your debts'!$B$6<>"",N('Your debts'!$C$6)>0))),"",IF('Your debts'!$D$20="Avalanche",'Avalanche workings'!$AP$45,'Snowball workings'!$AP$45)) | H43: =IF(OR(38>$Z$1,NOT(OR('Your debts'!$B$7<>"",N('Your debts'!$C$7)>0))),"",IF('Your debts'!$D$20="Avalanche",'Avalanche workings'!$M$45,'Snowball workings'!$M$45)+IF('Your debts'!$D$20="Avalanche",'Avalanche workings'!$AG$45,'Snowball workings'!$AG$45)) | I43: =IF(OR(38>$Z$1,NOT(OR('Your debts'!$B$7<>"",N('Your debts'!$C$7)>0))),"",IF('Your debts'!$D$20="Avalanche",'Avalanche workings'!$AQ$45,'Snowball workings'!$AQ$45)) | J43: =IF(OR(38>$Z$1,NOT(OR('Your debts'!$B$8<>"",N('Your debts'!$C$8)>0))),"",IF('Your debts'!$D$20="Avalanche",'Avalanche workings'!$N$45,'Snowball workings'!$N$45)+IF('Your debts'!$D$20="Avalanche",'Avalanche workings'!$AH$45,'Snowball workings'!$AH$45)) | K43: =IF(OR(38>$Z$1,NOT(OR('Your debts'!$B$8<>"",N('Your debts'!$C$8)>0))),"",IF('Your debts'!$D$20="Avalanche",'Avalanche workings'!$AR$45,'Snowball workings'!$AR$45)) | L43: =IF(OR(38>$Z$1,NOT(OR('Your debts'!$B$9<>"",N('Your debts'!$C$9)>0))),"",IF('Your debts'!$D$20="Avalanche",'Avalanche workings'!$O$45,'Snowball workings'!$O$45)+IF('Your debts'!$D$20="Avalanche",'Avalanche workings'!$AI$45,'Snowball workings'!$AI$45)) | M43: =IF(OR(38>$Z$1,NOT(OR('Your debts'!$B$9<>"",N('Your debts'!$C$9)>0))),"",IF('Your debts'!$D$20="Avalanche",'Avalanche workings'!$AS$45,'Snowball workings'!$AS$45)) | N43: =IF(OR(38>$Z$1,NOT(OR('Your debts'!$B$10<>"",N('Your debts'!$C$10)>0))),"",IF('Your debts'!$D$20="Avalanche",'Avalanche workings'!$P$45,'Snowball workings'!$P$45)+IF('Your debts'!$D$20="Avalanche",'Avalanche workings'!$AJ$45,'Snowball workings'!$AJ$45)) | O43: =IF(OR(38>$Z$1,NOT(OR('Your debts'!$B$10<>"",N('Your debts'!$C$10)>0))),"",IF('Your debts'!$D$20="Avalanche",'Avalanche workings'!$AT$45,'Snowball workings'!$AT$45)) | P43: =IF(OR(38>$Z$1,NOT(OR('Your debts'!$B$11<>"",N('Your debts'!$C$11)>0))),"",IF('Your debts'!$D$20="Avalanche",'Avalanche workings'!$Q$45,'Snowball workings'!$Q$45)+IF('Your debts'!$D$20="Avalanche",'Avalanche workings'!$AK$45,'Snowball workings'!$AK$45)) | Q43: =IF(OR(38>$Z$1,NOT(OR('Your debts'!$B$11<>"",N('Your debts'!$C$11)>0))),"",IF('Your debts'!$D$20="Avalanche",'Avalanche workings'!$AU$45,'Snowball workings'!$AU$45)) | R43: =IF(OR(38>$Z$1,NOT(OR('Your debts'!$B$12<>"",N('Your debts'!$C$12)>0))),"",IF('Your debts'!$D$20="Avalanche",'Avalanche workings'!$R$45,'Snowball workings'!$R$45)+IF('Your debts'!$D$20="Avalanche",'Avalanche workings'!$AL$45,'Snowball workings'!$AL$45)) | S43: =IF(OR(38>$Z$1,NOT(OR('Your debts'!$B$12<>"",N('Your debts'!$C$12)>0))),"",IF('Your debts'!$D$20="Avalanche",'Avalanche workings'!$AV$45,'Snowball workings'!$AV$45)) | T43: =IF(OR(38>$Z$1,NOT(OR('Your debts'!$B$13<>"",N('Your debts'!$C$13)>0))),"",IF('Your debts'!$D$20="Avalanche",'Avalanche workings'!$S$45,'Snowball workings'!$S$45)+IF('Your debts'!$D$20="Avalanche",'Avalanche workings'!$AM$45,'Snowball workings'!$AM$45)) | U43: =IF(OR(38>$Z$1,NOT(OR('Your debts'!$B$13<>"",N('Your debts'!$C$13)>0))),"",IF('Your debts'!$D$20="Avalanche",'Avalanche workings'!$AW$45,'Snowball workings'!$AW$45)) | V43: =IF(OR(38>$Z$1,NOT(OR('Your debts'!$B$14<>"",N('Your debts'!$C$14)>0))),"",IF('Your debts'!$D$20="Avalanche",'Avalanche workings'!$T$45,'Snowball workings'!$T$45)+IF('Your debts'!$D$20="Avalanche",'Avalanche workings'!$AN$45,'Snowball workings'!$AN$45)) | W43: =IF(OR(38>$Z$1,NOT(OR('Your debts'!$B$14<>"",N('Your debts'!$C$14)>0))),"",IF('Your debts'!$D$20="Avalanche",'Avalanche workings'!$AX$45,'Snowball workings'!$AX$45)) | X43: =IF(OR(38>$Z$1,NOT(OR('Your debts'!$B$15<>"",N('Your debts'!$C$15)>0))),"",IF('Your debts'!$D$20="Avalanche",'Avalanche workings'!$U$45,'Snowball workings'!$U$45)+IF('Your debts'!$D$20="Avalanche",'Avalanche workings'!$AO$45,'Snowball workings'!$AO$45)) | Y43: =IF(OR(38>$Z$1,NOT(OR('Your debts'!$B$15<>"",N('Your debts'!$C$15)>0))),"",IF('Your debts'!$D$20="Avalanche",'Avalanche workings'!$AY$45,'Snowball workings'!$AY$45))
